Workbook

Sheet INGRESSOS
B1: PRESSUPOST D'INGRESSOS | G1: 2023
A2: OFICINA ORIGINAL | B2: OFICINA | C2: Econ. | D2: Econ SICALWIN | E2: EC | F2: Descripció | G2: PRESS 2023
A3: Tresoreria | B3: =A3 -> Tresoreria | C3: 1120001 | D3: 11200 | E3: =MID(C3,1,1) -> 1 | F3: IBI Rústica | G3: 250000
A4: Tresoreria | B4: =A4 -> Tresoreria | C4: 1130001 | D4: 11300 | E4: =MID(C4,1,1) -> 1 | F4: IBI Urbana | G4: 5400000
A5: Tresoreria | B5: =A5 -> Tresoreria | C5: 1140001 | D5: 11400 | E5: =MID(C5,1,1) -> 1 | F5: IBI BICES | G5: 2500
A6: Tresoreria | B6: =A6 -> Tresoreria | C6: 1150001 | D6: 11500 | E6: =MID(C6,1,1) -> 1 | F6: Impost sobre vehicles de tracció mecànica | G6: 1230000
A7: Tresoreria | B7: =A7 -> Tresoreria | C7: 1160001 | D7: 11600 | E7: =MID(C7,1,1) -> 1 | F7: Impost increment terrenys naturalesa urbana | G7: =230000+14900 -> 244900
A8: Tresoreria | B8: =A8 -> Tresoreria | C8: 1300001 | D8: 13000 | E8: =MID(C8,1,1) -> 1 | F8: Impost activitats econòmiques | G8: 485000
A9: Tresoreria | B9: =A9 -> Tresoreria | C9: 1300002 | D9: 13001 | E9: =MID(C9,1,1) -> 1 | F9: I.A.E. Hisenda | G9: 100000
A10: Urbanisme | B10: =A10 -> Urbanisme | C10: 2900001 | D10: 29000 | E10: =MID(C10,1,1) -> 2 | F10: Impost construccions instal·lacions i obres | G10: 450000
A11: Tresoreria | B11: =A11 -> Tresoreria | C11: 3020001 | D11: 30200 | E11: =MID(C11,1,1) -> 3 | F11: Taxa recollida d'escombraries | G11: 1313000
A12: Tresoreria | B12: =A12 -> Tresoreria | C12: 3090001 | D12: 30900 | E12: =MID(C12,1,1) -> 3 | F12: Taxa serveis fúnebres | G12: 25000
A13: E_Música | B13: =A13 -> E_Música | C13: 3120001 | D13: 31201 | E13: =MID(C13,1,1) -> 3 | F13: Matrícules escola de música | G13: 23000
A14: E_Música | B14: =A14 -> E_Música | C14: 3120002 | D14: 31202 | E14: =MID(C14,1,1) -> 3 | F14: Quotes escola de música | G14: 195000
A15: Esports | B15: =A15 -> Esports | C15: 3130001 | D15: 31301 | E15: =MID(C15,1,1) -> 3 | F15: Taxa poliesportius | G15: 1500
A16: Complex piscines | B16: =A16 -> Complex piscines | C16: 3130002 | D16: 31302 | E16: =MID(C16,1,1) -> 3 | F16: Taxa piscina Altet i Claravalls | G16: 16000
A17: Promoció Econòmica | B17: =A17 -> Promoció Econòmica | C17: 3190001 | D17: 31901 | E17: =MID(C17,1,1) -> 3 | F17: Targetes bus urbà | G17: 1000
A18: Tresoreria | B18: =A18 -> Tresoreria | C18: 3190002 | D18: 31902 | E18: =MID(C18,1,1) -> 3 | F18: Taxa nínxols cementiri | G18: 30000
A19: Administració General Secretaria | B19: =A19 -> Administració General Secretaria | C19: 3190003 | D19: 31903 | E19: =MID(C19,1,1) -> 3 | F19: Taxa casaments i celebracions | G19: 2500
A20: Tresoreria | B20: =A20 -> Tresoreria | C20: 3190004 | D20: 31904 | E20: =MID(C20,1,1) -> 3 | F20: Taxa conservació elements comuns cementiri | G20: 48000
A21: Urbanisme | B21: =A21 -> Urbanisme | C21: 3210001 | D21: 32100 | E21: =MID(C21,1,1) -> 3 | F21: Taxa llicències urbanístiques | G21: 40000
A22: Urbanisme | B22: =A22 -> Urbanisme | C22: 3220001 | D22: 32200 | E22: =MID(C22,1,1) -> 3 | F22: Taxa llicències habitabilitat i primera ocupació | G22: 200
A23: Tresoreria | B23: =A23 -> Tresoreria | C23: 3250001 | D23: 32500 | E23: =MID(C23,1,1) -> 3 | F23: Taxa expedició documents | G23: 12500
A24: Governació | B24: Governació | C24: 3260001 | D24: 32600 | E24: =MID(C24,1,1) -> 3 | F24: Taxa retirada vehicles via pública | G24: 4500
A25: Administració General Secretaria | B25: =A25 -> Administració General Secretaria | C25: 3290002 | D25: 32902 | E25: =MID(C25,1,1) -> 3 | F25: Taxa llicència taxi | G25: 100
A26: Urbanisme | B26: =A26 -> Urbanisme | C26: 3290003 | D26: 32903 | E26: =MID(C26,1,1) -> 3 | F26: Taxa obertura establiment | G26: 25000
A27: Promoció Econòmica | B27: =A27 -> Promoció Econòmica | C27: 3300001 | D27: 33000 | E27: =MID(C27,1,1) -> 3 | F27: Cànon estació d'autobusos | G27: 7500
A28: Tresoreria | B28: =A28 -> Tresoreria | C28: 3310001 | D28: 33100 | E28: =MID(C28,1,1) -> 3 | F28: Taxa reserva aparcament entrada vehicles | G28: 81000
A29: Tresoreria | B29: =A29 -> Tresoreria | C29: 3320001 | D29: 33201 | E29: =MID(C29,1,1) -> 3 | F29: OVP Companyies elèctriques | G29: 170000
A30: Tresoreria | B30: =A30 -> Tresoreria | C30: 3320002 | D30: 33202 | E30: =MID(C30,1,1) -> 3 | F30: OVP Companyies gas | G30: 52000
A31: Tresoreria | B31: =A31 -> Tresoreria | C31: 3330001 | D31: 33301 | E31: =MID(C31,1,1) -> 3 | F31: OVP Antenes centre entitats | G31: 7000
A32: Tresoreria | B32: =A32 -> Tresoreria | C32: 3330002 | D32: 33302 | E32: =MID(C32,1,1) -> 3 | F32: OVP Antenes farinera Balcells | G32: 7000
A33: Tresoreria | B33: =A33 -> Tresoreria | C33: 3330003 | D33: 33303 | E33: =MID(C33,1,1) -> 3 | F33: Taxa per utilització privativa o aprofitament especial antenes Sant Eloi | G33: 7000
A34: Urbanisme | B34: =A34 -> Urbanisme | C34: 3340001 | D34: 33400 | E34: =MID(C34,1,1) -> 3 | F34: Taxa obertura via pública per obres | G34: 500
A35: Tresoreria | B35: =A35 -> Tresoreria | C35: 3350001 | D35: 33501 | E35: =MID(C35,1,1) -> 3 | F35: OVP Terrasses | G35: 36000
A36: Tresoreria | B36: =A36 -> Tresoreria | C36: 3350002 | D36: 33502 | E36: =MID(C36,1,1) -> 3 | F36: OVP Bar Festes | G36: 5000
A37: Tresoreria | B37: =A37 -> Tresoreria | C37: 3380001 | D37: 33800 | E37: =MID(C37,1,1) -> 3 | F37: Compensació companyia Telefónica España SA | G37: 60000
A38: Esports | B38: =A38 -> Esports | C38: 3390003 | D38: 33903 | E38: =MID(C38,1,1) -> 3 | F38: Taxa ocupació zona de lleure Felip Robinat | G38: 1000
A39: Igualtat, salut i joventut | B39: =A39 -> Igualtat, salut i joventut | C39: 3390001 | D39: 33901 | E39: =MID(C39,1,1) -> 3 | F39: Taxa utilització Oficina Jove | G39: 1800
A40: Cultura | B40: =A40 -> Cultura | C40: 3390002 | D40: 33902 | E40: =MID(C40,1,1) -> 3 | F40: Taxa utilització sala biblioteca | G40: 250
A41: Cultura | B41: =A41 -> Cultura | C41: 3390004 | D41: 33904 | E41: =MID(C41,1,1) -> 3 | F41: Taxa utilització bugs d'assaig | G41: 500
A42: Tresoreria | B42: =A42 -> Tresoreria | C42: 3390005 | D42: 33905 | E42: =MID(C42,1,1) -> 3 | F42: OVP Mercaderies | G42: 3500
A43: Promoció Econòmica | B43: =A43 -> Promoció Econòmica | C43: 3390006 | D43: 33906 | E43: =MID(C43,1,1) -> 3 | F43: OVP Venda no Sedentària (Mercat) | G43: 62000
A44: Tresoreria | B44: =A44 -> Tresoreria | C44: 3390007 | D44: 33907 | E44: =MID(C44,1,1) -> 3 | F44: OVP Activitats de Lleure | G44: 5000
A45: Urbanisme | B45: =A45 -> Urbanisme | C45: 3390008 | D45: 33908 | E45: =MID(C45,1,1) -> 3 | F45: OVP Tanques i Bastides | G45: 15000
A46: Tresoreria | B46: =A46 -> Tresoreria | C46: 3390009 | D46: 33909 | E46: =MID(C46,1,1) -> 3 | F46: OVP Fira del Teatre | G46: 45000
A47: Cultura | B47: =A47 -> Cultura | C47: 3390010 | D47: 33910 | E47: =MID(C47,1,1) -> 3 | F47: Utilització Sala de Cultura | G47: 10
A48: Cultura | B48: =A48 -> Cultura | C48: 3390011 | D48: 33911 | E48: =MID(C48,1,1) -> 3 | F48: Taxa utilització Ateneu | G48: 1000
A49: Cultura | B49: =A49 -> Cultura | C49: 3390012 | D49: 33912 | E49: =MID(C49,1,1) -> 3 | F49: Taxa utilització mercat | G49: 2000
A50: Tresoreria | B50: =A50 -> Tresoreria | C50: 3390013 | D50: 33913 | E50: =MID(C50,1,1) -> 3 | F50: Altres taxes OVP del domini públic | G50: 2000
... A52: Tresoreria | B52: =A52 -> Tresoreria | C52: 3390015 | D52: 33915 | E52: =MID(C52,1,1) -> 3 | F52: Altres taxes per utilització privativa del domini públic | G52: 1000
A53: Igualtat, salut i joventut | B53: Acció Social | C53: 3410001 | D53: 34100 | E53: =MID(C53,1,1) -> 3 | F53: Serveis assistencials - Quotes horts urbans | G53: 750
A54: Igualtat, salut i joventut | B54: =A54 -> Igualtat, salut i joventut | C54: 3410002 | D54: 34102 | E54: =MID(C54,1,1) -> 3 | F54: Serveis assistencials activitats Hàbits saludables | G54: 4500
A55: Centre la Solana | B55: =A55 -> Centre la Solana | C55: 3420001 | D55: 34201 | E55: =MID(C55,1,1) -> 3 | F55: Cursos La Solana | G55: 4500
A56: Llar_Infants_La_Pau | B56: =A56 -> Llar_Infants_La_Pau | C56: 3420002 | D56: 34202 | E56: =MID(C56,1,1) -> 3 | F56: Assegurança Llar la Pau | G56: 610
A57: Llar_Infants_La_Pau | B57: =A57 -> Llar_Infants_La_Pau | C57: 3420003 | D57: 34203 | E57: =MID(C57,1,1) -> 3 | F57: Material escolar Llar La Pau | G57: 2000
A58: Llar_Infants_La_Pau | B58: =A58 -> Llar_Infants_La_Pau | C58: 3420004 | D58: 34204 | E58: =MID(C58,1,1) -> 3 | F58: Servei menjador Llar La Pau | G58: 27300
A59: Llar_Infants_El_Niu | B59: =A59 -> Llar_Infants_El_Niu | C59: 3420005 | D59: 34205 | E59: =MID(C59,1,1) -> 3 | F59: Matrícula i quotes Llar El Niu | G59: 43100
A60: Llar_Infants_El_Niu | B60: =A60 -> Llar_Infants_El_Niu | C60: 3420006 | D60: 34206 | E60: =MID(C60,1,1) -> 3 | F60: Assegurança Llar El Niu | G60: 877
A61: Llar_Infants_El_Niu | B61: =A61 -> Llar_Infants_El_Niu | C61: 3420007 | D61: 34207 | E61: =MID(C61,1,1) -> 3 | F61: Material escolar llar El Niu | G61: 3200
A62: Llar_Infants_El_Niu | B62: =A62 -> Llar_Infants_El_Niu | C62: 3420008 | D62: 34208 | E62: =MID(C62,1,1) -> 3 | F62: Servei menjador Llar El Niu | G62: 35000
A63: Llar_Infants_La_Pau | B63: =A63 -> Llar_Infants_La_Pau | C63: 3420009 | D63: 34209 | E63: =MID(C63,1,1) -> 3 | F63: Matrícula i quotes Llar La Pau | G63: 26300
A64: Esports | B64: =A64 -> Esports | C64: 3430001 | D64: 34301 | E64: =MID(C64,1,1) -> 3 | F64: Serveis esportius | G64: 1000
A65: Complex piscines | B65: =A65 -> Complex piscines | C65: 3130003 | D65: 31303 | E65: =MID(C65,1,1) -> 3 | F65: Taxa piscines Tàrrega | G65: 95000
A66: Complex piscines | B66: =A66 -> Complex piscines | C66: 3430003 | D66: 34303 | E66: =MID(C66,1,1) -> 3 | F66: Preus públics piscina coberta | G66: 25000
A67: Museu_Trepat | B67: =A67 -> Museu_Trepat | C67: 3440001 | D67: 34401 | E67: =MID(C67,1,1) -> 3 | F67: Entrades museus, exposicions, espectacles Trepat | G67: 500
A68: Museu_Tàrrega | B68: =A68 -> Museu_Tàrrega | C68: 3440002 | D68: 34402 | E68: =MID(C68,1,1) -> 3 | F68: Entrades museus, exposicions, espectacles M.Comarcal | G68: 150
A69: Promoció Econòmica | B69: =A69 -> Promoció Econòmica | C69: 3490001 | D69: 34901 | E69: =MID(C69,1,1) -> 3 | F69: Pàrquing Av. Catalunya | G69: 80000
A70: Cultura | B70: =A70 -> Cultura | C70: 3490003 | D70: 34903 | E70: =MID(C70,1,1) -> 3 | F70: Entrades Teatre | G70: 32000
A71: Cultura | B71: =A71 -> Cultura | C71: 3490004 | D71: 34904 | E71: =MID(C71,1,1) -> 3 | F71: Musica i concerts | G71: 15000
A72: Cultura | B72: =A72 -> Cultura | C72: 3490006 | D72: 34906 | E72: =MID(C72,1,1) -> 3 | F72: Parc de Nadal | G72: 15000
A73: Serveis Municipals | B73: =A73 -> Serveis Municipals | C73: 3490010 | D73: 34910 | E73: =MID(C73,1,1) -> 3 | F73: Utilització Tarimes | G73: 800
A74: Promoció Econòmica | B74: =A74 -> Promoció Econòmica | C74: 3490011 | D74: 34911 | E74: =MID(C74,1,1) -> 3 | F74: Fira CóC | G74: 7000
A75: Promoció Econòmica | B75: =A75 -> Promoció Econòmica | C75: 3490012 | D75: 34912 | E75: =MID(C75,1,1) -> 3 | F75: Fira Artistes i Artesans | G75: 10000
A76: Promoció Econòmica | B76: =A76 -> Promoció Econòmica | C76: 3490013 | D76: 34913 | E76: =MID(C76,1,1) -> 3 | F76: Fira Medi Ambient | G76: 4000
A77: Promoció Econòmica | B77: =A77 -> Promoció Econòmica | C77: 3490014 | D77: 34914 | E77: =MID(C77,1,1) -> 3 | F77: Altres Fires | G77: 100
A78: Radio | B78: =A78 -> Radio | C78: 3490015 | D78: 34915 | E78: =MID(C78,1,1) -> 3 | F78: Publicitat Radio TV | G78: 20000
A79: Cultura | B79: =A79 -> Cultura | C79: 3490016 | D79: 34916 | E79: =MID(C79,1,1) -> 3 | F79: Publicitat Festa Major | G79: 500
A80: Cultura | B80: =A80 -> Cultura | C80: 3490017 | D80: 34917 | E80: =MID(C80,1,1) -> 3 | F80: Publicitat Actes culturals | G80: 500
A81: Promoció Econòmica | B81: =A81 -> Promoció Econòmica | C81: 3490018 | D81: 34918 | E81: =MID(C81,1,1) -> 3 | F81: Mercats populars | G81: 200
A82: Igualtat, salut i joventut | B82: =A82 -> Igualtat, salut i joventut | C82: 3490019 | D82: 34919 | E82: =MID(C82,1,1) -> 3 | F82: Activitats de Joventut | G82: 1000
A83: Urbanisme | B83: =A83 -> Urbanisme | C83: 3490024 | D83: 34924 | E83: =MID(C83,1,1) -> 3 | F83: ACA, gestió depuradora | G83: 500000
A84: Museu_Trepat | B84: =A84 -> Museu_Trepat | C84: 3490025 | D84: 34925 | E84: =MID(C84,1,1) -> 3 | F84: Altres preus publics CEEI Cal Trepat | G84: 50
A85: Cultura | B85: =A85 -> Cultura | C85: 3490026 | D85: 34926 | E85: =MID(C85,1,1) -> 3 | F85: Venda figures goma bestiari local | G85: 8000
... A94: Tresoreria | B94: =A94 -> Tresoreria | C94: 3600004 | D94: 36004 | E94: =MID(C94,1,1) -> 3 | F94: Altres vendes objectes | G94: 10
A95: Urbanisme | B95: =A95 -> Urbanisme | C95: 3910001 | D95: 39100 | E95: =MID(C95,1,1) -> 3 | F95: Multes Infraccions Urbanístiques | G95: 1000
A96: Governació | B96: =A96 -> Governació | C96: 3912001 | D96: 39120 | E96: =MID(C96,1,1) -> 3 | F96: Multes trànsit | G96: 185000
A97: Governació | B97: =A97 -> Governació | C97: 3919001 | D97: 39190 | E97: =MID(C97,1,1) -> 3 | F97: Multes civisme | G97: 13000
A98: Administració General Secretaria | B98: =A98 -> Administració General Secretaria | C98: 3919002 | D98: 39191 | E98: =MID(C98,1,1) -> 3 | F98: Sancions llei 13/2014 Accessibilitat | G98: 2000
A99: Tresoreria | B99: =A99 -> Tresoreria | C99: 3921101 | D99: 39211 | E99: =MID(C99,1,1) -> 3 | F99: Recàrrecs apremi | G99: 140000
A100: Tresoreria | B100: =A100 -> Tresoreria | C100: 3930001 | D100: 39300 | E100: =MID(C100,1,1) -> 3 | F100: Interessos demora | G100: 60000
A101: Serveis Municipals | B101: =A101 -> Serveis Municipals | C101: 3980001 | D101: 39800 | E101: =MID(C101,1,1) -> 3 | F101: Indemnitzacio assegurança | G101: 3000
A102: Tresoreria | B102: =A102 -> Tresoreria | C102: 3990000 | D102: 39900 | E102: =MID(C102,1,1) -> 3 | F102: Altres ingressos diversos | G102: 4500
A103: Tresoreria | B103: =A103 -> Tresoreria | C103: 3990001 | D103: 39901 | E103: =MID(C103,1,1) -> 3 | F103: Recursos eventuals | G103: 25000
A104: Complex piscines | B104: Complex piscines | C104: 3990002 | D104: 39902 | E104: =MID(C104,1,1) -> 3 | F104: Subministraments piscina coberta | G104: 80000
A105: Tresoreria | B105: =A105 -> Tresoreria | C105: 3990004 | D105: 39904 | E105: =MID(C105,1,1) -> 3 | F105: Costes | G105: 100
A106: Tresoreria | B106: =A106 -> Tresoreria | C106: 3990006 | D106: 39906 | E106: =MID(C106,1,1) -> 3 | F106: Energia antenes Renfe i Sant Eloi | G106: 4500
A107: Tresoreria | B107: =A107 -> Tresoreria | C107: 3990008 | D107: 39908 | E107: =MID(C107,1,1) -> 3 | F107: Execucions Subsidiàries | G107: 100
A108: Museu_Trepat | B108: =A108 -> Museu_Trepat | C108: 3990014 | D108: 39914 | E108: =MID(C108,1,1) -> 3 | F108: Altres ingressos diversos Trepat | G108: 50
A109: Museu_Tàrrega | B109: =A109 -> Museu_Tàrrega | C109: 3990015 | D109: 39915 | E109: =MID(C109,1,1) -> 3 | F109: Altres ingressos diversos Museu comarcal | G109: 50
...

Sheet DESPESES
B1: PRESSUPOST DE DESPESES | K1: 2023
A2: OFICINA ORIGINAL | B2: OFICINA | C2: Orgànica | D2: Orgànica descrip | E2: Prog. | F2: Progr | G2: Econ. | H2: concatenar | I2: cap | J2: Descripció | K2: PRESS 2023 | L2: AD 031122
A3: Tresoreria | B3: Tresoreria | C3: 03 | D3: FINANCES I TRANSPARÈNCIA | E3: 01100 | F3: Interessos | G3: 3100001 | H3: =_xlfn.CONCAT(E3,G3) -> 011003100001 | I3: =MID(G3,1,1) -> 3 | J3: Interessos préstec refinançament Caixabank 2019 | K3: 37616.12 | L3: =INDEX('A I D FUTURES'!$B:$B,MATCH(H3,'A I D FUTURES'!$A:$A,0)) -> #N/A
A4: Tresoreria | B4: Tresoreria | C4: 03 | D4: FINANCES I TRANSPARÈNCIA | E4: 01100 | F4: Interessos | G4: 3100002 | H4: =_xlfn.CONCAT(E4,G4) -> 011003100002 | I4: =MID(G4,1,1) -> 3 | J4: Interessos préstec 50.000 elements de transport Caixabank 2019 | K4: 409.5 | L4: =INDEX('A I D FUTURES'!$B:$B,MATCH(H4,'A I D FUTURES'!$A:$A,0)) -> #N/A
A5: Tresoreria | B5: Tresoreria | C5: 03 | D5: FINANCES I TRANSPARÈNCIA | E5: 01100 | F5: Interessos | G5: 3100004 | H5: =_xlfn.CONCAT(E5,G5) -> 011003100004 | I5: =MID(G5,1,1) -> 3 | J5: Interessos préstec 272.000 piscina coberta Caixabank 2020 | K5: 5761.98 | L5: =INDEX('A I D FUTURES'!$B:$B,MATCH(H5,'A I D FUTURES'!$A:$A,0)) -> #N/A
A6: Tresoreria | B6: Tresoreria | C6: 03 | D6: FINANCES I TRANSPARÈNCIA | E6: 01100 | F6: Interessos | G6: 3100009 | H6: =_xlfn.CONCAT(E6,G6) -> 011003100009 | I6: =MID(G6,1,1) -> 3 | J6: Interessos prèstec RESIDENCIA TREPAT Caixabank 2021 | K6: 10041.54 | L6: =INDEX('A I D FUTURES'!$B:$B,MATCH(H6,'A I D FUTURES'!$A:$A,0)) -> #N/A
A7: Tresoreria | B7: Tresoreria | C7: 03 | D7: FINANCES I TRANSPARÈNCIA | E7: 01100 | F7: Interessos | G7: 3100010 | H7: =_xlfn.CONCAT(E7,G7) -> 011003100010 | I7: =MID(G7,1,1) -> 3 | J7: Interessos prèstec 109.000 caldera/escombradora BSAB 2021 | K7: 2406.72 | L7: =INDEX('A I D FUTURES'!$B:$B,MATCH(H7,'A I D FUTURES'!$A:$A,0)) -> #N/A
A8: Tresoreria | B8: Tresoreria | C8: 03 | D8: FINANCES I TRANSPARÈNCIA | E8: 01100 | F8: Interessos | G8: 3100012 | H8: =_xlfn.CONCAT(E8,G8) -> 011003100012 | I8: =MID(G8,1,1) -> 3 | J8: Interessos prèstec 214.000 Caixabank inversions 2022 | K8: 5236.31 | L8: =INDEX('A I D FUTURES'!$B:$B,MATCH(H8,'A I D FUTURES'!$A:$A,0)) -> #N/A
A9: Tresoreria | B9: Tresoreria | C9: 03 | D9: FINANCES I TRANSPARÈNCIA | E9: 01100 | F9: Interessos | G9: 3100013 | H9: =_xlfn.CONCAT(E9,G9) -> 011003100013 | I9: =MID(G9,1,1) -> 3 | J9: Interessos prèstec inversions 2023 | K9: 13539.77 | L9: =INDEX('A I D FUTURES'!$B:$B,MATCH(H9,'A I D FUTURES'!$A:$A,0)) -> #N/A
A10: Tresoreria | B10: Tresoreria | C10: 03 | D10: FINANCES I TRANSPARÈNCIA | E10: 01100 | F10: Interessos | G10: 3103701 | H10: =_xlfn.CONCAT(E10,G10) -> 011003103701 | I10: =MID(G10,1,1) -> 3 | J10: Interessos pòlissa de crèdit | K10: 500 | L10: =INDEX('A I D FUTURES'!$B:$B,MATCH(H10,'A I D FUTURES'!$A:$A,0)) -> #N/A
A11: Tresoreria | B11: Tresoreria | C11: 03 | D11: FINANCES I TRANSPARÈNCIA | E11: 01100 | F11: Interessos | G11: 3105101 | H11: =_xlfn.CONCAT(E11,G11) -> 011003105101 | I11: =MID(G11,1,1) -> 3 | J11: BBVA Refinançament | K11: 20945.35 | L11: =INDEX('A I D FUTURES'!$B:$B,MATCH(H11,'A I D FUTURES'!$A:$A,0)) -> #N/A
A12: Tresoreria | B12: Tresoreria | C12: 03 | D12: FINANCES I TRANSPARÈNCIA | E12: 01100 | F12: Interessos | G12: 3105901 | H12: =_xlfn.CONCAT(E12,G12) -> 011003105901 | I12: =MID(G12,1,1) -> 3 | J12: Caja Madrid 2008 | K12: 775.63 | L12: =INDEX('A I D FUTURES'!$B:$B,MATCH(H12,'A I D FUTURES'!$A:$A,0)) -> #N/A
A13: Tresoreria | B13: Tresoreria | C13: 03 | D13: FINANCES I TRANSPARÈNCIA | E13: 01100 | F13: Interessos | G13: 3106201 | H13: =_xlfn.CONCAT(E13,G13) -> 011003106201 | I13: =MID(G13,1,1) -> 3 | J13: Caja Madrid 2009 | K13: 9378.98 | L13: =INDEX('A I D FUTURES'!$B:$B,MATCH(H13,'A I D FUTURES'!$A:$A,0)) -> #N/A
A14: Tresoreria | B14: Tresoreria | C14: 03 | D14: FINANCES I TRANSPARÈNCIA | E14: 01100 | F14: Interessos | G14: 3110001 | H14: =_xlfn.CONCAT(E14,G14) -> 011003110001 | I14: =MID(G14,1,1) -> 3 | J14: Despeses Formalització | K14: 1000 | L14: =INDEX('A I D FUTURES'!$B:$B,MATCH(H14,'A I D FUTURES'!$A:$A,0)) -> #N/A | N14: =SUBTOTAL(9,K3:K14) -> 107611.9
A15: Tresoreria | B15: Tresoreria | C15: 03 | D15: FINANCES I TRANSPARÈNCIA | E15: 01102 | F15: Interessos | G15: 9130009 | H15: =_xlfn.CONCAT(E15,G15) -> 011029130009 | I15: =MID(G15,1,1) -> 9 | J15: Amortització prèstec RESIDENCIA TREPAT Caixabank 2021 | K15: 12250 | L15: =INDEX('A I D FUTURES'!$B:$B,MATCH(H15,'A I D FUTURES'!$A:$A,0)) -> #N/A
A16: Tresoreria | B16: Tresoreria | C16: 03 | D16: FINANCES I TRANSPARÈNCIA | E16: 01102 | F16: Interessos | G16: 9130012 | H16: =_xlfn.CONCAT(E16,G16) -> 011029130012 | I16: =MID(G16,1,1) -> 9 | J16: Amortització prèstec 214.000 Caixabank inversions 2022 | K16: 21400 | L16: =INDEX('A I D FUTURES'!$B:$B,MATCH(H16,'A I D FUTURES'!$A:$A,0)) -> #N/A
A17: Tresoreria | B17: Tresoreria | C17: 03 | D17: FINANCES I TRANSPARÈNCIA | E17: 01102 | F17: Interessos | G17: 9130013 | H17: =_xlfn.CONCAT(E17,G17) -> 011029130013 | I17: =MID(G17,1,1) -> 9 | J17: Amortització prèstec inversions 2023 | K17: 58000 | L17: =INDEX('A I D FUTURES'!$B:$B,MATCH(H17,'A I D FUTURES'!$A:$A,0)) -> #N/A
A18: Tresoreria | B18: Tresoreria | C18: 03 | D18: FINANCES I TRANSPARÈNCIA | E18: 01102 | F18: Amortitzacions | G18: 9130001 | H18: =_xlfn.CONCAT(E18,G18) -> 011029130001 | I18: =MID(G18,1,1) -> 9 | J18: Amortització prestec refinançament Caixa Banc 2019 | K18: 222662.9 | L18: =INDEX('A I D FUTURES'!$B:$B,MATCH(H18,'A I D FUTURES'!$A:$A,0)) -> #N/A
A19: Tresoreria | B19: Tresoreria | C19: 03 | D19: FINANCES I TRANSPARÈNCIA | E19: 01102 | F19: Amortitzacions | G19: 9130002 | H19: =_xlfn.CONCAT(E19,G19) -> 011029130002 | I19: =MID(G19,1,1) -> 9 | J19: Amortització préstec 50.000 elements de transport Caixabank 2019 | K19: 10000 | L19: =INDEX('A I D FUTURES'!$B:$B,MATCH(H19,'A I D FUTURES'!$A:$A,0)) -> #N/A
A20: Tresoreria | B20: Tresoreria | C20: 03 | D20: FINANCES I TRANSPARÈNCIA | E20: 01102 | F20: Amortitzacions | G20: 9130004 | H20: =_xlfn.CONCAT(E20,G20) -> 011029130004 | I20: =MID(G20,1,1) -> 9 | J20: Amortització préstec 272.000 piscina coberta Caixabank 2020 | K20: 27200 | L20: =INDEX('A I D FUTURES'!$B:$B,MATCH(H20,'A I D FUTURES'!$A:$A,0)) -> #N/A
A21: Tresoreria | B21: Tresoreria | C21: 03 | D21: FINANCES I TRANSPARÈNCIA | E21: 01102 | F21: Amortitzacions | G21: 9130010 | H21: =_xlfn.CONCAT(E21,G21) -> 011029130010 | I21: =MID(G21,1,1) -> 9 | J21: Amortització prèstec 109.000 caldera/escombradora BSAB 2021 | K21: 9887.88 | L21: =INDEX('A I D FUTURES'!$B:$B,MATCH(H21,'A I D FUTURES'!$A:$A,0)) -> #N/A
A22: Tresoreria | B22: Tresoreria | C22: 03 | D22: FINANCES I TRANSPARÈNCIA | E22: 01102 | F22: Amortitzacions | G22: 9130011 | H22: =_xlfn.CONCAT(E22,G22) -> 011029130011 | I22: =MID(G22,1,1) -> 9 | J22: Amortització prèstec DA 108 1498033,79 BSAB 2021 | K22: 748016.89 | L22: =INDEX('A I D FUTURES'!$B:$B,MATCH(H22,'A I D FUTURES'!$A:$A,0)) -> #N/A
A23: Tresoreria | B23: Tresoreria | C23: 03 | D23: FINANCES I TRANSPARÈNCIA | E23: 01102 | F23: Amortitzacions | G23: 9136101 | H23: =_xlfn.CONCAT(E23,G23) -> 011029136101 | I23: =MID(G23,1,1) -> 9 | J23: Caja Madrid 2008 | K23: 84827.36 | L23: =INDEX('A I D FUTURES'!$B:$B,MATCH(H23,'A I D FUTURES'!$A:$A,0)) -> #N/A | M23: =+K23-L23 -> #N/A
A24: Tresoreria | B24: Tresoreria | C24: 03 | D24: FINANCES I TRANSPARÈNCIA | E24: 01102 | F24: Amortitzacions | G24: 9136401 | H24: =_xlfn.CONCAT(E24,G24) -> 011029136401 | I24: =MID(G24,1,1) -> 9 | J24: Caja Madrid 2009 | K24: 77922.74 | L24: =INDEX('A I D FUTURES'!$B:$B,MATCH(H24,'A I D FUTURES'!$A:$A,0)) -> #N/A | M24: =+K24-L24 -> #N/A
A25: Tresoreria | B25: Tresoreria | C25: 03 | D25: FINANCES I TRANSPARÈNCIA | E25: 01102 | F25: Amortitzacions | G25: 9136801 | H25: =_xlfn.CONCAT(E25,G25) -> 011029136801 | I25: =MID(G25,1,1) -> 9 | J25: Amortització BBVA refin 2010 | K25: 333934.8 | L25: =INDEX('A I D FUTURES'!$B:$B,MATCH(H25,'A I D FUTURES'!$A:$A,0)) -> #N/A
A26: Recursos Humans | B26: Recursos Humans | C26: 01 | D26: ALCALDIA | E26: 13200 | F26: Guàrdia Urbana | G26: 1200301 | H26: =_xlfn.CONCAT(E26,G26) -> 132001200301 | I26: =MID(G26,1,1) -> 1 | J26: Sous Grup C1 | K26: 11422.79 | L26: =INDEX('A I D FUTURES'!$B:$B,MATCH(H26,'A I D FUTURES'!$A:$A,0)) -> #N/A
A27: Recursos Humans | B27: Recursos Humans | C27: 01 | D27: ALCALDIA | E27: 13200 | F27: Guàrdia Urbana | G27: 1200401 | H27: =_xlfn.CONCAT(E27,G27) -> 132001200401 | I27: =MID(G27,1,1) -> 1 | J27: Sous Grup C2 | K27: 203524.92 | L27: =INDEX('A I D FUTURES'!$B:$B,MATCH(H27,'A I D FUTURES'!$A:$A,0)) -> #N/A
A28: Recursos Humans | B28: Recursos Humans | C28: 01 | D28: ALCALDIA | E28: 13200 | F28: Guàrdia Urbana | G28: 1200601 | H28: =_xlfn.CONCAT(E28,G28) -> 132001200601 | I28: =MID(G28,1,1) -> 1 | J28: Triennis Funcionaris | K28: 22174.92 | L28: =INDEX('A I D FUTURES'!$B:$B,MATCH(H28,'A I D FUTURES'!$A:$A,0)) -> #N/A
A29: Recursos Humans | B29: Recursos Humans | C29: 01 | D29: ALCALDIA | E29: 13200 | F29: Guàrdia Urbana | G29: 1210001 | H29: =_xlfn.CONCAT(E29,G29) -> 132001210001 | I29: =MID(G29,1,1) -> 1 | J29: Complement Destí Personal Funcionari | K29: 116146.86 | L29: =INDEX('A I D FUTURES'!$B:$B,MATCH(H29,'A I D FUTURES'!$A:$A,0)) -> #N/A
A30: Recursos Humans | B30: Recursos Humans | C30: 01 | D30: ALCALDIA | E30: 13200 | F30: Guàrdia Urbana | G30: 1210101 | H30: =_xlfn.CONCAT(E30,G30) -> 132001210101 | I30: =MID(G30,1,1) -> 1 | J30: Complement Específic Personal Funcionari | K30: 329103.58 | L30: =INDEX('A I D FUTURES'!$B:$B,MATCH(H30,'A I D FUTURES'!$A:$A,0)) -> #N/A
A31: Recursos Humans | B31: Recursos Humans | C31: 01 | D31: ALCALDIA | E31: 13200 | F31: Guàrdia Urbana | G31: 1300001 | H31: =_xlfn.CONCAT(E31,G31) -> 132001300001 | I31: =MID(G31,1,1) -> 1 | J31: Retribucions Bàsiques Personal Laboral Fix | K31: 35375.64 | L31: =INDEX('A I D FUTURES'!$B:$B,MATCH(H31,'A I D FUTURES'!$A:$A,0)) -> #N/A
A32: Recursos Humans | B32: Recursos Humans | C32: 01 | D32: ALCALDIA | E32: 13200 | F32: Guàrdia Urbana | G32: 1300002 | H32: =_xlfn.CONCAT(E32,G32) -> 132001300002 | I32: =MID(G32,1,1) -> 1 | J32: Triennis Personal Laboral Fix | K32: 9018.55 | L32: =INDEX('A I D FUTURES'!$B:$B,MATCH(H32,'A I D FUTURES'!$A:$A,0)) -> #N/A
A33: Recursos Humans | B33: Recursos Humans | C33: 01 | D33: ALCALDIA | E33: 13200 | F33: Guàrdia Urbana | G33: 1300101 | H33: =_xlfn.CONCAT(E33,G33) -> 132001300101 | I33: =MID(G33,1,1) -> 1 | J33: Hores Extres Personal Laboral Fix | K33: 2900 | L33: =INDEX('A I D FUTURES'!$B:$B,MATCH(H33,'A I D FUTURES'!$A:$A,0)) -> #N/A
A34: Recursos Humans | B34: Recursos Humans | C34: 01 | D34: ALCALDIA | E34: 13200 | F34: Guàrdia Urbana | G34: 1300201 | H34: =_xlfn.CONCAT(E34,G34) -> 132001300201 | I34: =MID(G34,1,1) -> 1 | J34: Complement Destí Personal Laboral Fix | K34: 18408.93 | L34: =INDEX('A I D FUTURES'!$B:$B,MATCH(H34,'A I D FUTURES'!$A:$A,0)) -> #N/A | M34: =+K34-L34 -> #N/A
A35: Recursos Humans | B35: Recursos Humans | C35: 01 | D35: ALCALDIA | E35: 13200 | F35: Guàrdia Urbana | G35: 1300202 | H35: =_xlfn.CONCAT(E35,G35) -> 132001300202 | I35: =MID(G35,1,1) -> 1 | J35: Complement Específic Personal Laboral Fix | K35: 21722.25 | L35: =INDEX('A I D FUTURES'!$B:$B,MATCH(H35,'A I D FUTURES'!$A:$A,0)) -> #N/A | M35: =+K35-L35 -> #N/A
A36: Recursos Humans | B36: Recursos Humans | C36: 01 | D36: ALCALDIA | E36: 13200 | F36: Guàrdia Urbana | G36: 1310001 | H36: =_xlfn.CONCAT(E36,G36) -> 132001310001 | I36: =MID(G36,1,1) -> 1 | J36: Retribucions Bàsiques Personal Laboral Temp | K36: 19252.89 | L36: =INDEX('A I D FUTURES'!$B:$B,MATCH(H36,'A I D FUTURES'!$A:$A,0)) -> #N/A | M36: =+K36-L36 -> #N/A
A37: Recursos Humans | B37: Recursos Humans | C37: 01 | D37: ALCALDIA | E37: 13200 | F37: Guàrdia Urbana | G37: 1310002 | H37: =_xlfn.CONCAT(E37,G37) -> 132001310002 | I37: =MID(G37,1,1) -> 1 | J37: Triennis laboral temporal | K37: 5112.15 | L37: =INDEX('A I D FUTURES'!$B:$B,MATCH(H37,'A I D FUTURES'!$A:$A,0)) -> #N/A
A38: Recursos Humans | B38: Recursos Humans | C38: 01 | D38: ALCALDIA | E38: 13200 | F38: Guàrdia Urbana | G38: 1310003 | H38: =_xlfn.CONCAT(E38,G38) -> 132001310003 | I38: =MID(G38,1,1) -> 1 | J38: Complement Destí Personal Laboral Temporal | K38: 11259.42 | L38: =INDEX('A I D FUTURES'!$B:$B,MATCH(H38,'A I D FUTURES'!$A:$A,0)) -> #N/A | M38: =+K38-L38 -> #N/A
A39: Recursos Humans | B39: Recursos Humans | C39: 01 | D39: ALCALDIA | E39: 13200 | F39: Guàrdia Urbana | G39: 1310004 | H39: =_xlfn.CONCAT(E39,G39) -> 132001310004 | I39: =MID(G39,1,1) -> 1 | J39: Complement Específic Personal Laboral Temp | K39: 13050.49 | L39: =INDEX('A I D FUTURES'!$B:$B,MATCH(H39,'A I D FUTURES'!$A:$A,0)) -> #N/A
A40: Recursos Humans | B40: Recursos Humans | C40: 01 | D40: ALCALDIA | E40: 13200 | F40: Guàrdia Urbana | G40: 1500001 | H40: =_xlfn.CONCAT(E40,G40) -> 132001500001 | I40: =MID(G40,1,1) -> 1 | J40: Productivitat Personal Funcionari | K40: 80000 | L40: =INDEX('A I D FUTURES'!$B:$B,MATCH(H40,'A I D FUTURES'!$A:$A,0)) -> #N/A
A41: Recursos Humans | B41: Recursos Humans | C41: 01 | D41: ALCALDIA | E41: 13200 | F41: Guàrdia Urbana | G41: 1500002 | H41: =_xlfn.CONCAT(E41,G41) -> 132001500002 | I41: =MID(G41,1,1) -> 1 | J41: Productivitat Personal Laboral Fix | K41: 1891.44 | L41: =INDEX('A I D FUTURES'!$B:$B,MATCH(H41,'A I D FUTURES'!$A:$A,0)) -> #N/A
A42: Recursos Humans | B42: Recursos Humans | C42: 01 | D42: ALCALDIA | E42: 13200 | F42: Guàrdia Urbana | G42: 1510001 | H42: =_xlfn.CONCAT(E42,G42) -> 132001510001 | I42: =MID(G42,1,1) -> 1 | J42: Gratificació Funcionaris Hores Extra | K42: 30000 | L42: =INDEX('A I D FUTURES'!$B:$B,MATCH(H42,'A I D FUTURES'!$A:$A,0)) -> #N/A
A43: Recursos Humans | B43: Recursos Humans | C43: 01 | D43: ALCALDIA | E43: 13200 | F43: Guàrdia Urbana | G43: 1510002 | H43: =_xlfn.CONCAT(E43,G43) -> 132001510002 | I43: =MID(G43,1,1) -> 1 | J43: Hores Extres Personal Laboral Temporal | K43: 50 | L43: =INDEX('A I D FUTURES'!$B:$B,MATCH(H43,'A I D FUTURES'!$A:$A,0)) -> #N/A
A44: Recursos Humans | B44: Recursos Humans | C44: 01 | D44: ALCALDIA | E44: 13200 | F44: Guàrdia Urbana | G44: 1600001 | H44: =_xlfn.CONCAT(E44,G44) -> 132001600001 | I44: =MID(G44,1,1) -> 1 | J44: Seguretat Social | K44: 283362.9 | L44: =INDEX('A I D FUTURES'!$B:$B,MATCH(H44,'A I D FUTURES'!$A:$A,0)) -> #N/A | M44: =+K44-L44 -> #N/A
A45: Recursos Humans | B45: Governació | C45: 02 | D45: GOVERNACIÓ, PROMOCIÓ ECON I TURISME | E45: 13200 | F45: Guàrdia Urbana | G45: 1620001 | H45: =_xlfn.CONCAT(E45,G45) -> 132001620001 | I45: =MID(G45,1,1) -> 1 | J45: Formació i perfeccionament | K45: 2000 | L45: =INDEX('A I D FUTURES'!$B:$B,MATCH(H45,'A I D FUTURES'!$A:$A,0)) -> #N/A
A46: Governació | B46: Governació | C46: 02 | D46: GOVERNACIÓ, PROMOCIÓ ECON I TURISME | E46: 13200 | F46: Guàrdia Urbana | G46: 2040001 | H46: =_xlfn.CONCAT(E46,G46) -> 132002040001 | I46: =MID(G46,1,1) -> 2 | J46: Arrendament Mitjans de Transport | K46: 32000 | L46: =INDEX('A I D FUTURES'!$B:$B,MATCH(H46,'A I D FUTURES'!$A:$A,0)) -> 22323.73
A47: Administració General Informàtica | B47: Administració General Informàtica | C47: 01 | D47: ALCALDIA | E47: 13200 | F47: Guàrdia Urbana | G47: 2060001 | H47: =_xlfn.CONCAT(E47,G47) -> 132002060001 | I47: =MID(G47,1,1) -> 2 | J47: Arrendament equips informàtic | K47: 882.51 | L47: =INDEX('A I D FUTURES'!$B:$B,MATCH(H47,'A I D FUTURES'!$A:$A,0)) -> 642.51
A48: Governació | B48: Governació | C48: 02 | D48: GOVERNACIÓ, PROMOCIÓ ECON I TURISME | E48: 13200 | F48: Guàrdia Urbana | G48: 2080001 | H48: =_xlfn.CONCAT(E48,G48) -> 132002080001 | I48: =MID(G48,1,1) -> 2 | J48: Arrendament càmeres personals agents | K48: 2200 | L48: =INDEX('A I D FUTURES'!$B:$B,MATCH(H48,'A I D FUTURES'!$A:$A,0)) -> #N/A
A49: Governació | B49: Governació | C49: 02 | D49: GOVERNACIÓ, PROMOCIÓ ECON I TURISME | E49: 13200 | F49: Guàrdia Urbana | G49: 2100001 | H49: =_xlfn.CONCAT(E49,G49) -> 132002100001 | I49: =MID(G49,1,1) -> 2 | J49: Manteniment Carrers, Jardins, Camins | K49: 10000 | L49: =INDEX('A I D FUTURES'!$B:$B,MATCH(H49,'A I D FUTURES'!$A:$A,0)) -> #N/A
A50: Serveis Municipals | B50: Serveis Municipals | C50: 04 | D50: SERVEIS MUNICIPALS, MOBILITAT I MEDI AMBIENT | E50: 13200 | F50: Guàrdia Urbana | G50: 2120000 | H50: =_xlfn.CONCAT(E50,G50) -> 132002120000 | I50: =MID(G50,1,1) -> 2 | J50: Manteniment Edificis i Construccions | K50: 4000 | L50: =INDEX('A I D FUTURES'!$B:$B,MATCH(H50,'A I D FUTURES'!$A:$A,0)) -> #N/A
A51: Governació | B51: Serveis Municipals | C51: 04 | D51: SERVEIS MUNICIPALS, MOBILITAT I MEDI AMBIENT | E51: 13200 | F51: Guàrdia Urbana | G51: 2130001 | H51: =_xlfn.CONCAT(E51,G51) -> 132002130001 | I51: =MID(G51,1,1) -> 2 | J51: Manteniment maquinària, instal i utillatge | K51: 2000 | L51: =INDEX('A I D FUTURES'!$B:$B,MATCH(H51,'A I D FUTURES'!$A:$A,0)) -> #N/A
A52: Governació | B52: Governació | C52: 02 | D52: GOVERNACIÓ, PROMOCIÓ ECON I TURISME | E52: 13200 | F52: Guàrdia Urbana | G52: 2140001 | H52: =_xlfn.CONCAT(E52,G52) -> 132002140001 | I52: =MID(G52,1,1) -> 2 | J52: Manteniment Elements de Transport | K52: 4000 | L52: =INDEX('A I D FUTURES'!$B:$B,MATCH(H52,'A I D FUTURES'!$A:$A,0)) -> #N/A
A53: Governació | B53: Governació | C53: 02 | D53: GOVERNACIÓ, PROMOCIÓ ECON I TURISME | E53: 13200 | F53: Guàrdia Urbana | G53: 2150001 | H53: =_xlfn.CONCAT(E53,G53) -> 132002150001 | I53: =MID(G53,1,1) -> 2 | J53: Manteniment mobiliari | K53: 1000 | L53: =INDEX('A I D FUTURES'!$B:$B,MATCH(H53,'A I D FUTURES'!$A:$A,0)) -> #N/A
A54: Administració General Informàtica | B54: Administració General Informàtica | C54: 01 | D54: ALCALDIA | E54: 13200 | F54: Guàrdia Urbana | G54: 2160001 | H54: =_xlfn.CONCAT(E54,G54) -> 132002160001 | I54: =MID(G54,1,1) -> 2 | J54: Manteniment Equips Informàtics | K54: 250 | L54: =INDEX('A I D FUTURES'!$B:$B,MATCH(H54,'A I D FUTURES'!$A:$A,0)) -> #N/A
A55: Administració General Informàtica | B55: Administració General Informàtica | C55: 01 | D55: ALCALDIA | E55: 13200 | F55: Guàrdia Urbana | G55: 2160002 | H55: =_xlfn.CONCAT(E55,G55) -> 132002160002 | I55: =MID(G55,1,1) -> 2 | J55: Compra de petit material informàtic | K55: 1000 | L55: =INDEX('A I D FUTURES'!$B:$B,MATCH(H55,'A I D FUTURES'!$A:$A,0)) -> #N/A
A56: Governació | B56: Governació | C56: 02 | D56: GOVERNACIÓ, PROMOCIÓ ECON I TURISME | E56: 13200 | F56: Guàrdia Urbana | G56: 2160003 | H56: =_xlfn.CONCAT(E56,G56) -> 132002160003 | I56: =MID(G56,1,1) -> 2 | J56: Manteniment emissores | K56: 1000 | L56: =INDEX('A I D FUTURES'!$B:$B,MATCH(H56,'A I D FUTURES'!$A:$A,0)) -> #N/A
... A69: Governació | B69: Governació | C69: 02 | D69: GOVERNACIÓ, PROMOCIÓ ECON I TURISME | E69: 13200 | F69: Guàrdia Urbana | G69: 2260101 | H69: =_xlfn.CONCAT(E69,G69) -> 132002260101 | I69: =MID(G69,1,1) -> 2 | J69: Atencions protcol·làries i representatives | K69: 1500 | L69: =INDEX('A I D FUTURES'!$B:$B,MATCH(H69,'A I D FUTURES'!$A:$A,0)) -> #N/A
A70: Governació | B70: Governació | C70: 02 | D70: GOVERNACIÓ, PROMOCIÓ ECON I TURISME | E70: 13200 | F70: Guàrdia Urbana | G70: 2270401 | H70: =_xlfn.CONCAT(E70,G70) -> 132002270401 | I70: =MID(G70,1,1) -> 2 | J70: Custòdia i Dipòsits | K70: 3000 | L70: =INDEX('A I D FUTURES'!$B:$B,MATCH(H70,'A I D FUTURES'!$A:$A,0)) -> #N/A | M70: =+K70-L70 -> #N/A
A71: Governació | B71: Governació | C71: 02 | D71: GOVERNACIÓ, PROMOCIÓ ECON I TURISME | E71: 13200 | F71: Guàrdia Urbana | G71: 2279900 | H71: =_xlfn.CONCAT(E71,G71) -> 132002279900 | I71: =MID(G71,1,1) -> 2 | J71: Altres treballs realitzats per altres empreses i professionals | K71: 2000 | L71: =INDEX('A I D FUTURES'!$B:$B,MATCH(H71,'A I D FUTURES'!$A:$A,0)) -> #N/A
A72: Governació | B72: Administració General Informàtica | C72: 01 | D72: ALCALDIA | E72: 13200 | F72: Guàrdia Urbana | G72: 2279922 | H72: =_xlfn.CONCAT(E72,G72) -> 132002279922 | I72: =MID(G72,1,1) -> 2 | J72: Consultoria per les càmeres protecció ciutat | K72: 1600 | L72: =INDEX('A I D FUTURES'!$B:$B,MATCH(H72,'A I D FUTURES'!$A:$A,0)) -> #N/A
A73: Administració General Informàtica | B73: Administració General Informàtica | C73: 01 | D73: ALCALDIA | E73: 13200 | F73: Guàrdia Urbana | G73: 2279940 | H73: =_xlfn.CONCAT(E73,G73) -> 132002279940 | I73: =MID(G73,1,1) -> 2 | J73: Manteniment programari informàtic | K73: 7700 | L73: =INDEX('A I D FUTURES'!$B:$B,MATCH(H73,'A I D FUTURES'!$A:$A,0)) -> #N/A
A74: Governació | B74: Governació | C74: 02 | D74: GOVERNACIÓ, PROMOCIÓ ECON I TURISME | E74: 13200 | F74: Guàrdia Urbana | G74: 2279951 | H74: =_xlfn.CONCAT(E74,G74) -> 132002279951 | I74: =MID(G74,1,1) -> 2 | J74: Recollida d'animals | K74: 500 | L74: =INDEX('A I D FUTURES'!$B:$B,MATCH(H74,'A I D FUTURES'!$A:$A,0)) -> #N/A | M74: =+K74-L74 -> #N/A
A75: Governació | B75: Governació | C75: 02 | D75: GOVERNACIÓ, PROMOCIÓ ECON I TURISME | E75: 13200 | F75: Guàrdia Urbana | G75: 2302000 | H75: =_xlfn.CONCAT(E75,G75) -> 132002302000 | I75: =MID(G75,1,1) -> 2 | J75: Dietes del personal no directiu | K75: 1000 | L75: =INDEX('A I D FUTURES'!$B:$B,MATCH(H75,'A I D FUTURES'!$A:$A,0)) -> #N/A
A76: Governació | B76: Governació | C76: 02 | D76: GOVERNACIÓ, PROMOCIÓ ECON I TURISME | E76: 13200 | F76: Guàrdia Urbana | G76: 2312000 | H76: =_xlfn.CONCAT(E76,G76) -> 132002312000 | I76: =MID(G76,1,1) -> 2 | J76: Locomoció del personal no directiu | K76: 1500 | L76: =INDEX('A I D FUTURES'!$B:$B,MATCH(H76,'A I D FUTURES'!$A:$A,0)) -> #N/A
A77: Governació | B77: Governació | C77: 02 | D77: GOVERNACIÓ, PROMOCIÓ ECON I TURISME | E77: 13200 | F77: Guàrdia Urbana | G77: 6230001 | H77: =_xlfn.CONCAT(E77,G77) -> 132006230001 | I77: =MID(G77,1,1) -> 6 | J77: Compra Armes | K77: 2000 | L77: =INDEX('A I D FUTURES'!$B:$B,MATCH(H77,'A I D FUTURES'!$A:$A,0)) -> #N/A | M77: =+K77-L77 -> #N/A
A78: Governació | B78: Governació | C78: 02 | D78: GOVERNACIÓ, PROMOCIÓ ECON I TURISME | E78: 13200 | F78: Guàrdia Urbana | G78: 6240001 | H78: =_xlfn.CONCAT(E78,G78) -> 132006240001 | I78: =MID(G78,1,1) -> 6 | J78: Compra vehicles (motos) | K78: 16000 | L78: =INDEX('A I D FUTURES'!$B:$B,MATCH(H78,'A I D FUTURES'!$A:$A,0)) -> #N/A
A79: Governació | B79: Administració General Informàtica | C79: 01 | D79: ALCALDIA | E79: 13200 | F79: Guàrdia Urbana | G79: 6350001 | H79: =_xlfn.CONCAT(E79,G79) -> 132006350001 | I79: =MID(G79,1,1) -> 6 | J79: Compromisos intervencions via pública - càmeres ciutadania | K79: 30000 | L79: =INDEX('A I D FUTURES'!$B:$B,MATCH(H79,'A I D FUTURES'!$A:$A,0)) -> #N/A
A80: Administració General Informàtica | B80: Administració General Informàtica | C80: 01 | D80: ALCALDIA | E80: 13200 | F80: Guàrdia Urbana | G80: 6410001 | H80: =_xlfn.CONCAT(E80,G80) -> 132006410001 | I80: =MID(G80,1,1) -> 6 | J80: Programari informàtic | K80: 8833 | L80: =INDEX('A I D FUTURES'!$B:$B,MATCH(H80,'A I D FUTURES'!$A:$A,0)) -> #N/A
A81: Recursos Humans | B81: Recursos Humans | C81: 01 | D81: ALCALDIA | E81: 15100 | F81: Urbanisme | G81: 1200001 | H81: =_xlfn.CONCAT(E81,G81) -> 151001200001 | I81: =MID(G81,1,1) -> 1 | J81: Sous Grup A1 | K81: 16962.26 | L81: =INDEX('A I D FUTURES'!$B:$B,MATCH(H81,'A I D FUTURES'!$A:$A,0)) -> #N/A | M81: =+K81-L81 -> #N/A
A82: Recursos Humans | B82: Recursos Humans | C82: 01 | D82: ALCALDIA | E82: 15100 | F82: Urbanisme | G82: 1200601 | H82: =_xlfn.CONCAT(E82,G82) -> 151001200601 | I82: =MID(G82,1,1) -> 1 | J82: Triennis Funcionaris | K82: 3005.52 | L82: =INDEX('A I D FUTURES'!$B:$B,MATCH(H82,'A I D FUTURES'!$A:$A,0)) -> #N/A
A83: Recursos Humans | B83: Recursos Humans | C83: 01 | D83: ALCALDIA | E83: 15100 | F83: Urbanisme | G83: 1210001 | H83: =_xlfn.CONCAT(E83,G83) -> 151001210001 | I83: =MID(G83,1,1) -> 1 | J83: Complement Destí Personal Funcionari | K83: 11299.68 | L83: =INDEX('A I D FUTURES'!$B:$B,MATCH(H83,'A I D FUTURES'!$A:$A,0)) -> #N/A
A84: Recursos Humans | B84: Recursos Humans | C84: 01 | D84: ALCALDIA | E84: 15100 | F84: Urbanisme | G84: 1210101 | H84: =_xlfn.CONCAT(E84,G84) -> 151001210101 | I84: =MID(G84,1,1) -> 1 | J84: Complement Específic Personal Funcionari | K84: 10727.08 | L84: =INDEX('A I D FUTURES'!$B:$B,MATCH(H84,'A I D FUTURES'!$A:$A,0)) -> #N/A
A85: Recursos Humans | B85: Recursos Humans | C85: 01 | D85: ALCALDIA | E85: 15100 | F85: Urbanisme | G85: 1300001 | H85: =_xlfn.CONCAT(E85,G85) -> 151001300001 | I85: =MID(G85,1,1) -> 1 | J85: Retribucions Bàsiques Personal Laboral Fix | K85: 81060.67 | L85: =INDEX('A I D FUTURES'!$B:$B,MATCH(H85,'A I D FUTURES'!$A:$A,0)) -> #N/A
A86: Recursos Humans | B86: Recursos Humans | C86: 01 | D86: ALCALDIA | E86: 15100 | F86: Urbanisme | G86: 1300002 | H86: =_xlfn.CONCAT(E86,G86) -> 151001300002 | I86: =MID(G86,1,1) -> 1 | J86: Triennis Personal Laboral Fix | K86: 20510.4 | L86: =INDEX('A I D FUTURES'!$B:$B,MATCH(H86,'A I D FUTURES'!$A:$A,0)) -> #N/A
A87: Recursos Humans | B87: Recursos Humans | C87: 01 | D87: ALCALDIA | E87: 15100 | F87: Urbanisme | G87: 1300201 | H87: =_xlfn.CONCAT(E87,G87) -> 151001300201 | I87: =MID(G87,1,1) -> 1 | J87: Complement Destí Personal Laboral Fix | K87: 51056.18 | L87: =INDEX('A I D FUTURES'!$B:$B,MATCH(H87,'A I D FUTURES'!$A:$A,0)) -> #N/A
A88: Recursos Humans | B88: Recursos Humans | C88: 01 | D88: ALCALDIA | E88: 15100 | F88: Urbanisme | G88: 1300202 | H88: =_xlfn.CONCAT(E88,G88) -> 151001300202 | I88: =MID(G88,1,1) -> 1 | J88: Complement Específic Personal Laboral Fix | K88: 59468.4 | L88: =INDEX('A I D FUTURES'!$B:$B,MATCH(H88,'A I D FUTURES'!$A:$A,0)) -> #N/A
A89: Recursos Humans | B89: Recursos Humans | C89: 01 | D89: ALCALDIA | E89: 15100 | F89: Urbanisme | G89: 1500001 | H89: =_xlfn.CONCAT(E89,G89) -> 151001500001 | I89: =MID(G89,1,1) -> 1 | J89: Productivitat Personal Funcionari | K89: 4000 | L89: =INDEX('A I D FUTURES'!$B:$B,MATCH(H89,'A I D FUTURES'!$A:$A,0)) -> #N/A
A90: Recursos Humans | B90: Recursos Humans | C90: 01 | D90: ALCALDIA | E90: 15100 | F90: Urbanisme | G90: 1500002 | H90: =_xlfn.CONCAT(E90,G90) -> 151001500002 | I90: =MID(G90,1,1) -> 1 | J90: Productivitat Personal Laboral Fix | K90: 6263.58 | L90: =INDEX('A I D FUTURES'!$B:$B,MATCH(H90,'A I D FUTURES'!$A:$A,0)) -> #N/A
A91: Recursos Humans | B91: Recursos Humans | C91: 01 | D91: ALCALDIA | E91: 15100 | F91: Urbanisme | G91: 1600001 | H91: =_xlfn.CONCAT(E91,G91) -> 151001600001 | I91: =MID(G91,1,1) -> 1 | J91: Seguretat Social | K91: 80890.87 | L91: =INDEX('A I D FUTURES'!$B:$B,MATCH(H91,'A I D FUTURES'!$A:$A,0)) -> #N/A
A92: Recursos Humans | B92: Recursos Humans | C92: 01 | D92: ALCALDIA | E92: 15100 | F92: Urbanisme | G92: 1620001 | H92: =_xlfn.CONCAT(E92,G92) -> 151001620001 | I92: =MID(G92,1,1) -> 1 | J92: Formació i perfeccionament | K92: 3000 | L92: =INDEX('A I D FUTURES'!$B:$B,MATCH(H92,'A I D FUTURES'!$A:$A,0)) -> #N/A
A93: Administració General Informàtica | B93: Administració General Informàtica | C93: 01 | D93: ALCALDIA | E93: 15100 | F93: Urbanisme | G93: 2060001 | H93: =_xlfn.CONCAT(E93,G93) -> 151002060001 | I93: =MID(G93,1,1) -> 2 | J93: Arrendament equips informàtic | K93: 2646.56 | L93: =INDEX('A I D FUTURES'!$B:$B,MATCH(H93,'A I D FUTURES'!$A:$A,0)) -> 2646.56
... A95: Administració General Informàtica | B95: Administració General Informàtica | C95: 01 | D95: ALCALDIA | E95: 15100 | F95: Urbanisme | G95: 2160002 | H95: =_xlfn.CONCAT(E95,G95) -> 151002160002 | I95: =MID(G95,1,1) -> 2 | J95: Compra de petit material informàtic | K95: 500 | L95: =INDEX('A I D FUTURES'!$B:$B,MATCH(H95,'A I D FUTURES'!$A:$A,0)) -> #N/A
A96: Urbanisme | B96: Urbanisme | C96: 10 | D96: URBANISME | E96: 15100 | F96: Urbanisme | G96: 2200001 | H96: =_xlfn.CONCAT(E96,G96) -> 151002200001 | I96: =MID(G96,1,1) -> 2 | J96: Material d'oficina | K96: 500 | L96: =INDEX('A I D FUTURES'!$B:$B,MATCH(H96,'A I D FUTURES'!$A:$A,0)) -> #N/A
A97: Administració General Informàtica | B97: Administració General Informàtica | C97: 01 | D97: ALCALDIA | E97: 15100 | F97: Urbanisme | G97: 2200010 | H97: =_xlfn.CONCAT(E97,G97) -> 151002200010 | I97: =MID(G97,1,1) -> 2 | J97: Fotocòpies i impressions | K97: 3090.64 | L97: =INDEX('A I D FUTURES'!$B:$B,MATCH(H97,'A I D FUTURES'!$A:$A,0)) -> 3090.64
A98: Urbanisme | B98: Urbanisme | C98: 10 | D98: URBANISME | E98: 15100 | F98: Urbanisme | G98: 2219901 | H98: =_xlfn.CONCAT(E98,G98) -> 151002219901 | I98: =MID(G98,1,1) -> 2 | J98: Material Tècnic | K98: 200 | L98: =INDEX('A I D FUTURES'!$B:$B,MATCH(H98,'A I D FUTURES'!$A:$A,0)) -> #N/A
A99: Urbanisme | B99: Urbanisme | C99: 10 | D99: URBANISME | E99: 15100 | F99: Urbanisme | G99: 2219905 | H99: =_xlfn.CONCAT(E99,G99) -> 151002219905 | I99: =MID(G99,1,1) -> 2 | J99: COVID Subministrament de productes | K99: 300 | L99: =INDEX('A I D FUTURES'!$B:$B,MATCH(H99,'A I D FUTURES'!$A:$A,0)) -> #N/A
A100: Administració General Informàtica | B100: Administració General Informàtica | C100: 01 | D100: ALCALDIA | E100: 15100 | F100: Urbanisme | G100: 2220001 | H100: =_xlfn.CONCAT(E100,G100) -> 151002220001 | I100: =MID(G100,1,1) -> 2 | J100: Serveis de Telecomunicacions | K100: 100 | L100: =INDEX('A I D FUTURES'!$B:$B,MATCH(H100,'A I D FUTURES'!$A:$A,0)) -> 100
A101: Urbanisme | B101: Urbanisme | C101: 10 | D101: URBANISME | E101: 15100 | F101: Urbanisme | G101: 2250000 | H101: =_xlfn.CONCAT(E101,G101) -> 151002250000 | I101: =MID(G101,1,1) -> 2 | J101: Tributs Estatals | K101: 300 | L101: =INDEX('A I D FUTURES'!$B:$B,MATCH(H101,'A I D FUTURES'!$A:$A,0)) -> #N/A
A102: Urbanisme | B102: Urbanisme | C102: 10 | D102: URBANISME | E102: 15100 | F102: Urbanisme | G102: 2260300 | H102: =_xlfn.CONCAT(E102,G102) -> 151002260300 | I102: =MID(G102,1,1) -> 2 | J102: Publicació en diaris oficials | K102: 3000 | L102: =INDEX('A I D FUTURES'!$B:$B,MATCH(H102,'A I D FUTURES'!$A:$A,0)) -> #N/A
A103: Urbanisme | B103: Urbanisme | C103: 10 | D103: URBANISME | E103: 15100 | F103: Urbanisme | G103: 2270200 | H103: =_xlfn.CONCAT(E103,G103) -> 151002270200 | I103: =MID(G103,1,1) -> 2 | J103: Valoracions i Peritatges | K103: 500 | L103: =INDEX('A I D FUTURES'!$B:$B,MATCH(H103,'A I D FUTURES'!$A:$A,0)) -> #N/A
A104: Urbanisme | B104: Urbanisme | C104: 10 | D104: URBANISME | E104: 15100 | F104: Urbanisme | G104: 2270600 | H104: =_xlfn.CONCAT(E104,G104) -> 151002270600 | I104: =MID(G104,1,1) -> 2 | J104: Estudis i treballs tècnics | K104: 23000 | L104: =INDEX('A I D FUTURES'!$B:$B,MATCH(H104,'A I D FUTURES'!$A:$A,0)) -> 22421.3
A105: Urbanisme | B105: Urbanisme | C105: 10 | D105: URBANISME | E105: 15100 | F105: Urbanisme | G105: 2270610 | H105: =_xlfn.CONCAT(E105,G105) -> 151002270610 | I105: =MID(G105,1,1) -> 2 | J105: Estudis i treballs tècnics | K105: 10000 | L105: =INDEX('A I D FUTURES'!$B:$B,MATCH(H105,'A I D FUTURES'!$A:$A,0)) -> #N/A
A106: Urbanisme | B106: Urbanisme | C106: 10 | D106: URBANISME | E106: 15100 | F106: Urbanisme | G106: 2279900 | H106: =_xlfn.CONCAT(E106,G106) -> 151002279900 | I106: =MID(G106,1,1) -> 2 | J106: Altres treballs realitzats per altres empreses i professionals | K106: 3000 | L106: =INDEX('A I D FUTURES'!$B:$B,MATCH(H106,'A I D FUTURES'!$A:$A,0)) -> #N/A
A107: Urbanisme | B107: Urbanisme | C107: 10 | D107: URBANISME | E107: 15100 | F107: Urbanisme | G107: 2279906 | H107: =_xlfn.CONCAT(E107,G107) -> 151002279906 | I107: =MID(G107,1,1) -> 2 | J107: Plaques noms dels carrers | K107: 1000 | L107: =INDEX('A I D FUTURES'!$B:$B,MATCH(H107,'A I D FUTURES'!$A:$A,0)) -> #N/A
A108: Urbanisme | B108: Urbanisme | C108: 10 | D108: URBANISME | E108: 15100 | F108: Urbanisme | G108: 2279924 | H108: =_xlfn.CONCAT(E108,G108) -> 151002279924 | I108: =MID(G108,1,1) -> 2 | J108: Inscripcions registre de la propietat | K108: 1500 | L108: =INDEX('A I D FUTURES'!$B:$B,MATCH(H108,'A I D FUTURES'!$A:$A,0)) -> #N/A
A109: Administració General Informàtica | B109: Administració General Informàtica | C109: 01 | D109: ALCALDIA | E109: 15100 | F109: Urbanisme | G109: 2279940 | H109: =_xlfn.CONCAT(E109,G109) -> 151002279940 | I109: =MID(G109,1,1) -> 2 | J109: Manteniment programari informàtic | K109: 4500 | L109: =INDEX('A I D FUTURES'!$B:$B,MATCH(H109,'A I D FUTURES'!$A:$A,0)) -> #N/A
A110: Urbanisme | B110: Urbanisme | C110: 10 | D110: URBANISME | E110: 15100 | F110: Urbanisme | G110: 2302000 | H110: =_xlfn.CONCAT(E110,G110) -> 151002302000 | I110: =MID(G110,1,1) -> 2 | J110: Dietes del personal no directiu | K110: 50 | L110: =INDEX('A I D FUTURES'!$B:$B,MATCH(H110,'A I D FUTURES'!$A:$A,0)) -> #N/A
A111: Urbanisme | B111: Urbanisme | C111: 10 | D111: URBANISME | E111: 15100 | F111: Urbanisme | G111: 2312000 | H111: =_xlfn.CONCAT(E111,G111) -> 151002312000 | I111: =MID(G111,1,1) -> 2 | J111: Locomoció del personal no directiu | K111: 200 | L111: =INDEX('A I D FUTURES'!$B:$B,MATCH(H111,'A I D FUTURES'!$A:$A,0)) -> #N/A
A112: Urbanisme | B112: Urbanisme | C112: 10 | D112: URBANISME | E112: 15100 | F112: Urbanisme | G112: 6090000 | H112: =_xlfn.CONCAT(E112,G112) -> 151006090000 | I112: =MID(G112,1,1) -> 6 | J112: Arrenjament Avinguda de Cervera | K112: 500000 | L112: =INDEX('A I D FUTURES'!$B:$B,MATCH(H112,'A I D FUTURES'!$A:$A,0)) -> #N/A
A113: Urbanisme | B113: Urbanisme | C113: 10 | D113: URBANISME | E113: 15100 | F113: Urbanisme | G113: 6090002 | H113: =_xlfn.CONCAT(E113,G113) -> 151006090002 | I113: =MID(G113,1,1) -> 6 | J113: Redacció de Projectes | K113: 40000 | L113: =INDEX('A I D FUTURES'!$B:$B,MATCH(H113,'A I D FUTURES'!$A:$A,0)) -> #N/A | M113: =+K113-L113 -> #N/A
...

Sheet ANNEX INVERSIONS
A1: ANNEX D'INVERSIONS
H2: =SUM(H4:H57) -> 2798433 | I2: =SUM(I4:I56) -> 126433 | K2: =SUM(K4:K56) -> 0 | M2: =SUM(M4:M56) -> 120000 | O2: =SUM(O4:O56)+SUM(Q4:Q56)+SUM(S4:S56)+SUM(U4:U56) -> 1209500 | W2: =SUM(W4:W56) -> 1339500
A3: OFICINA DEFINITIVA | B3: Prog. | C3: Progr | D3: Econ. | E3: concatenar | F3: cap | G3: Descripció | H3: Crèdit incial | I3: Recursos propis | J3: % | K3: venda de terreny | L3: % | M3: Aportacions privades | N3: % | O3: Next generation Estat i Gencat | P3: % | Q3: ESTAT | R3: % | S3: GENERALITAT | T3: % | U3: DIPUT LLEDIA | V3: % | W3: Crèdit a ll/t | X3: %
A4: =INDEX(DESPESES!$B:$B,MATCH(E4,DESPESES!$H:$H,0)) -> Governació | B4: =INDEX(DESPESES!$E:$E,MATCH(E4,DESPESES!$H:$H,0)) -> 13200 | C4: =INDEX(DESPESES!$F:$F,MATCH(E4,DESPESES!$H:$H,0)) -> Guàrdia Urbana | D4: =INDEX(DESPESES!$G:$G,MATCH(E4,DESPESES!$H:$H,0)) -> 6230001 | E4: 132006230001 | F4: =INDEX(DESPESES!$I:$I,MATCH(E4,DESPESES!$H:$H,0)) -> 6 | G4: =INDEX(DESPESES!$J:$J,MATCH(E4,DESPESES!$H:$H,0)) -> Compra Armes | H4: =INDEX(DESPESES!$K:$K,MATCH(E4,DESPESES!$H:$H,0)) -> 2000 | I4: =+H4-K4-O4-Q4-S4-U4-W4 -> 2000 | J4: =+I4/H4 -> 1 | L4: =+K4/H4 -> 0 | N4: =+M4/H4 -> 0 | P4: =+O4/H4 -> 0 | R4: =+Q4/H4 -> 0 | T4: =+S4/H4 -> 0 | V4: =+U4/H4 -> 0 | X4: =+W4/H4 -> 0
A5: =INDEX(DESPESES!$B:$B,MATCH(E5,DESPESES!$H:$H,0)) -> Governació | B5: =INDEX(DESPESES!$E:$E,MATCH(E5,DESPESES!$H:$H,0)) -> 13200 | C5: =INDEX(DESPESES!$F:$F,MATCH(E5,DESPESES!$H:$H,0)) -> Guàrdia Urbana | D5: =INDEX(DESPESES!$G:$G,MATCH(E5,DESPESES!$H:$H,0)) -> 6240001 | E5: 132006240001 | F5: =INDEX(DESPESES!$I:$I,MATCH(E5,DESPESES!$H:$H,0)) -> 6 | G5: =INDEX(DESPESES!$J:$J,MATCH(E5,DESPESES!$H:$H,0)) -> Compra vehicles (motos) | H5: =INDEX(DESPESES!$K:$K,MATCH(E5,DESPESES!$H:$H,0)) -> 16000 | I5: =+H5-K5-O5-Q5-S5-U5-W5 -> 0 | J5: =+I5/H5 -> 0 | L5: =+K5/H5 -> 0 | N5: =+M5/H5 -> 0 | P5: =+O5/H5 -> 0 | R5: =+Q5/H5 -> 0 | T5: =+S5/H5 -> 0 | V5: =+U5/H5 -> 0 | W5: 16000 | X5: =+W5/H5 -> 1
A6: =INDEX(DESPESES!$B:$B,MATCH(E6,DESPESES!$H:$H,0)) -> Administració General Informàtica | B6: =INDEX(DESPESES!$E:$E,MATCH(E6,DESPESES!$H:$H,0)) -> 13200 | C6: =INDEX(DESPESES!$F:$F,MATCH(E6,DESPESES!$H:$H,0)) -> Guàrdia Urbana | D6: =INDEX(DESPESES!$G:$G,MATCH(E6,DESPESES!$H:$H,0)) -> 6350001 | E6: 132006350001 | F6: =INDEX(DESPESES!$I:$I,MATCH(E6,DESPESES!$H:$H,0)) -> 6 | G6: =INDEX(DESPESES!$J:$J,MATCH(E6,DESPESES!$H:$H,0)) -> Compromisos intervencions via pública - càmeres ciutadania | H6: =INDEX(DESPESES!$K:$K,MATCH(E6,DESPESES!$H:$H,0)) -> 30000 | I6: =+H6-K6-O6-Q6-S6-U6-W6 -> 0 | J6: =+I6/H6 -> 0 | L6: =+K6/H6 -> 0 | N6: =+M6/H6 -> 0 | P6: =+O6/H6 -> 0 | R6: =+Q6/H6 -> 0 | T6: =+S6/H6 -> 0 | V6: =+U6/H6 -> 0 | W6: 30000 | X6: =+W6/H6 -> 1
A7: =INDEX(DESPESES!$B:$B,MATCH(E7,DESPESES!$H:$H,0)) -> Administració General Informàtica | B7: =INDEX(DESPESES!$E:$E,MATCH(E7,DESPESES!$H:$H,0)) -> 13200 | C7: =INDEX(DESPESES!$F:$F,MATCH(E7,DESPESES!$H:$H,0)) -> Guàrdia Urbana | D7: =INDEX(DESPESES!$G:$G,MATCH(E7,DESPESES!$H:$H,0)) -> 6410001 | E7: 132006410001 | F7: =INDEX(DESPESES!$I:$I,MATCH(E7,DESPESES!$H:$H,0)) -> 6 | G7: =INDEX(DESPESES!$J:$J,MATCH(E7,DESPESES!$H:$H,0)) -> Programari informàtic | H7: =INDEX(DESPESES!$K:$K,MATCH(E7,DESPESES!$H:$H,0)) -> 8833 | I7: =+H7-K7-O7-Q7-S7-U7-W7 -> 8833 | J7: =+I7/H7 -> 1 | L7: =+K7/H7 -> 0 | N7: =+M7/H7 -> 0 | P7: =+O7/H7 -> 0 | R7: =+Q7/H7 -> 0 | T7: =+S7/H7 -> 0 | V7: =+U7/H7 -> 0 | X7: =+W7/H7 -> 0
A8: =INDEX(DESPESES!$B:$B,MATCH(E8,DESPESES!$H:$H,0)) -> Urbanisme | B8: =INDEX(DESPESES!$E:$E,MATCH(E8,DESPESES!$H:$H,0)) -> 15100 | C8: =INDEX(DESPESES!$F:$F,MATCH(E8,DESPESES!$H:$H,0)) -> Urbanisme | D8: =INDEX(DESPESES!$G:$G,MATCH(E8,DESPESES!$H:$H,0)) -> 6090000 | E8: 151006090000 | F8: =INDEX(DESPESES!$I:$I,MATCH(E8,DESPESES!$H:$H,0)) -> 6 | G8: =INDEX(DESPESES!$J:$J,MATCH(E8,DESPESES!$H:$H,0)) -> Arrenjament Avinguda de Cervera | H8: =INDEX(DESPESES!$K:$K,MATCH(E8,DESPESES!$H:$H,0)) -> 500000 | I8: =+H8-K8-O8-Q8-S8-U8-W8 -> 0 | J8: =+I8/H8 -> 0 | L8: =+K8/H8 -> 0 | N8: =+M8/H8 -> 0 | P8: =+O8/H8 -> 0 | R8: =+Q8/H8 -> 0 | T8: =+S8/H8 -> 0 | V8: =+U8/H8 -> 0 | W8: 500000 | X8: =+W8/H8 -> 1
A9: =INDEX(DESPESES!$B:$B,MATCH(E9,DESPESES!$H:$H,0)) -> Urbanisme | B9: =INDEX(DESPESES!$E:$E,MATCH(E9,DESPESES!$H:$H,0)) -> 15100 | C9: =INDEX(DESPESES!$F:$F,MATCH(E9,DESPESES!$H:$H,0)) -> Urbanisme | D9: =INDEX(DESPESES!$G:$G,MATCH(E9,DESPESES!$H:$H,0)) -> 6090002 | E9: 151006090002 | F9: =INDEX(DESPESES!$I:$I,MATCH(E9,DESPESES!$H:$H,0)) -> 6 | G9: =INDEX(DESPESES!$J:$J,MATCH(E9,DESPESES!$H:$H,0)) -> Redacció de Projectes | H9: =INDEX(DESPESES!$K:$K,MATCH(E9,DESPESES!$H:$H,0)) -> 40000 | I9: =+H9-K9-O9-Q9-S9-U9-W9 -> 0 | J9: =+I9/H9 -> 0 | L9: =+K9/H9 -> 0 | N9: =+M9/H9 -> 0 | P9: =+O9/H9 -> 0 | R9: =+Q9/H9 -> 0 | S9: =+INGRESSOS!G165 -> 40000 | T9: =+S9/H9 -> 1 | V9: =+U9/H9 -> 0 | W9: 0 | X9: =+W9/H9 -> 0
A10: =INDEX(DESPESES!$B:$B,MATCH(E10,DESPESES!$H:$H,0)) -> Urbanisme | B10: =INDEX(DESPESES!$E:$E,MATCH(E10,DESPESES!$H:$H,0)) -> 15100 | C10: =INDEX(DESPESES!$F:$F,MATCH(E10,DESPESES!$H:$H,0)) -> Urbanisme | D10: =INDEX(DESPESES!$G:$G,MATCH(E10,DESPESES!$H:$H,0)) -> 6190058 | E10: 151006190058 | F10: =INDEX(DESPESES!$I:$I,MATCH(E10,DESPESES!$H:$H,0)) -> 6 | G10: =INDEX(DESPESES!$J:$J,MATCH(E10,DESPESES!$H:$H,0)) -> Pavimentació i adequació d'elements urbans de diferents punts de Tàrrega | H10: =INDEX(DESPESES!$K:$K,MATCH(E10,DESPESES!$H:$H,0)) -> 100000 | I10: =+H10-K10-O10-Q10-S10-U10-W10 -> 0 | J10: =+I10/H10 -> 0 | L10: =+K10/H10 -> 0 | N10: =+M10/H10 -> 0 | P10: =+O10/H10 -> 0 | R10: =+Q10/H10 -> 0 | T10: =+S10/H10 -> 0 | V10: =+U10/H10 -> 0 | W10: 100000 | X10: =+W10/H10 -> 1
A11: =INDEX(DESPESES!$B:$B,MATCH(E11,DESPESES!$H:$H,0)) -> Urbanisme | B11: =INDEX(DESPESES!$E:$E,MATCH(E11,DESPESES!$H:$H,0)) -> 15100 | C11: =INDEX(DESPESES!$F:$F,MATCH(E11,DESPESES!$H:$H,0)) -> Urbanisme | D11: =INDEX(DESPESES!$G:$G,MATCH(E11,DESPESES!$H:$H,0)) -> 6210000 | E11: 151006210000 | F11: =INDEX(DESPESES!$I:$I,MATCH(E11,DESPESES!$H:$H,0)) -> 6 | G11: =INDEX(DESPESES!$J:$J,MATCH(E11,DESPESES!$H:$H,0)) -> Conveni Endesa Sud-17 | H11: =INDEX(DESPESES!$K:$K,MATCH(E11,DESPESES!$H:$H,0)) -> 120000 | I11: =+H11-K11-O11-Q11-S11-U11-W11-M11 -> 0 | J11: =+I11/H11 -> 0 | L11: =+K11/H11 -> 0 | M11: =+INGRESSOS!G172 -> 120000 | N11: =+M11/H11 -> 1 | P11: =+O11/H11 -> 0 | R11: =+Q11/H11 -> 0 | T11: =+S11/H11 -> 0 | V11: =+U11/H11 -> 0 | X11: =+W11/H11 -> 0
A12: =INDEX(DESPESES!$B:$B,MATCH(E12,DESPESES!$H:$H,0)) -> Urbanisme | B12: =INDEX(DESPESES!$E:$E,MATCH(E12,DESPESES!$H:$H,0)) -> 15100 | C12: =INDEX(DESPESES!$F:$F,MATCH(E12,DESPESES!$H:$H,0)) -> Urbanisme | D12: =INDEX(DESPESES!$G:$G,MATCH(E12,DESPESES!$H:$H,0)) -> 6320013 | E12: 151006320013 | F12: =INDEX(DESPESES!$I:$I,MATCH(E12,DESPESES!$H:$H,0)) -> 6 | G12: =INDEX(DESPESES!$J:$J,MATCH(E12,DESPESES!$H:$H,0)) -> Accessibilitat equipaments municipals (Next Generation) | H12: =INDEX(DESPESES!$K:$K,MATCH(E12,DESPESES!$H:$H,0)) -> 182000 | I12: =+H12-K12-O12-Q12-S12-U12-W12 -> 0 | J12: =+I12/H12 -> 0 | L12: =+K12/H12 -> 0 | N12: =+M12/H12 -> 0 | O12: =+INGRESSOS!G173 -> 107000 | P12: =+O12/H12 -> 0.58791209 | R12: =+Q12/H12 -> 0 | T12: =+S12/H12 -> 0 | V12: =+U12/H12 -> 0 | W12: 75000 | X12: =+W12/H12 -> 0.41208791
A13: =INDEX(DESPESES!$B:$B,MATCH(E13,DESPESES!$H:$H,0)) -> Urbanisme | B13: =INDEX(DESPESES!$E:$E,MATCH(E13,DESPESES!$H:$H,0)) -> 15100 | C13: =INDEX(DESPESES!$F:$F,MATCH(E13,DESPESES!$H:$H,0)) -> Urbanisme | D13: =INDEX(DESPESES!$G:$G,MATCH(E13,DESPESES!$H:$H,0)) -> 6320014 | E13: 151006320014 | F13: =INDEX(DESPESES!$I:$I,MATCH(E13,DESPESES!$H:$H,0)) -> 6 | G13: =INDEX(DESPESES!$J:$J,MATCH(E13,DESPESES!$H:$H,0)) -> Eficiència energètica equipaments municipals (Next Generation) | H13: =INDEX(DESPESES!$K:$K,MATCH(E13,DESPESES!$H:$H,0)) -> 200000 | I13: =+H13-K13-O13-Q13-S13-U13-W13 -> 0 | J13: =+I13/H13 -> 0 | L13: =+K13/H13 -> 0 | N13: =+M13/H13 -> 0 | O13: =+INGRESSOS!G176 -> 100000 | P13: =+O13/H13 -> 0.5 | R13: =+Q13/H13 -> 0 | T13: =+S13/H13 -> 0 | V13: =+U13/H13 -> 0 | W13: 100000 | X13: =+W13/H13 -> 0.5
A14: =INDEX(DESPESES!$B:$B,MATCH(E14,DESPESES!$H:$H,0)) -> Urbanisme | B14: =INDEX(DESPESES!$E:$E,MATCH(E14,DESPESES!$H:$H,0)) -> 15320 | C14: =INDEX(DESPESES!$F:$F,MATCH(E14,DESPESES!$H:$H,0)) -> Vies Públiques | D14: =INDEX(DESPESES!$G:$G,MATCH(E14,DESPESES!$H:$H,0)) -> 6190059 | E14: 153206190059 | F14: =INDEX(DESPESES!$I:$I,MATCH(E14,DESPESES!$H:$H,0)) -> 6 | G14: =INDEX(DESPESES!$J:$J,MATCH(E14,DESPESES!$H:$H,0)) -> Seguretat viària C-14. Reducció accidents | H14: =INDEX(DESPESES!$K:$K,MATCH(E14,DESPESES!$H:$H,0)) -> 170000 | I14: =+H14-K14-O14-Q14-S14-U14-W14 -> 0 | J14: =+I14/H14 -> 0 | L14: =+K14/H14 -> 0 | N14: =+M14/H14 -> 0 | P14: =+O14/H14 -> 0 | R14: =+Q14/H14 -> 0 | S14: =+INGRESSOS!G167 -> 150000 | T14: =+S14/H14 -> 0.88235294 | V14: =+U14/H14 -> 0 | W14: 20000 | X14: =+W14/H14 -> 0.11764706
A15: =INDEX(DESPESES!$B:$B,MATCH(E15,DESPESES!$H:$H,0)) -> Serveis Municipals | B15: =INDEX(DESPESES!$E:$E,MATCH(E15,DESPESES!$H:$H,0)) -> 15320 | C15: =INDEX(DESPESES!$F:$F,MATCH(E15,DESPESES!$H:$H,0)) -> Vies Públiques | D15: =INDEX(DESPESES!$G:$G,MATCH(E15,DESPESES!$H:$H,0)) -> 6190039 | E15: 153206190039 | F15: =INDEX(DESPESES!$I:$I,MATCH(E15,DESPESES!$H:$H,0)) -> 6 | G15: =INDEX(DESPESES!$J:$J,MATCH(E15,DESPESES!$H:$H,0)) -> Accessiblitat | H15: =INDEX(DESPESES!$K:$K,MATCH(E15,DESPESES!$H:$H,0)) -> 5000 | I15: =+H15-K15-O15-Q15-S15-U15-W15 -> 5000 | J15: =+I15/H15 -> 1 | L15: =+K15/H15 -> 0 | N15: =+M15/H15 -> 0 | P15: =+O15/H15 -> 0 | R15: =+Q15/H15 -> 0 | T15: =+S15/H15 -> 0 | V15: =+U15/H15 -> 0 | X15: =+W15/H15 -> 0
A16: =INDEX(DESPESES!$B:$B,MATCH(E16,DESPESES!$H:$H,0)) -> Serveis Municipals | B16: =INDEX(DESPESES!$E:$E,MATCH(E16,DESPESES!$H:$H,0)) -> 15320 | C16: =INDEX(DESPESES!$F:$F,MATCH(E16,DESPESES!$H:$H,0)) -> Vies Públiques | D16: =INDEX(DESPESES!$G:$G,MATCH(E16,DESPESES!$H:$H,0)) -> 6230000 | E16: 153206230000 | F16: =INDEX(DESPESES!$I:$I,MATCH(E16,DESPESES!$H:$H,0)) -> 6 | G16: =INDEX(DESPESES!$J:$J,MATCH(E16,DESPESES!$H:$H,0)) -> Inversió nova de maquinària, instal·lacions tècniques i utillatge | H16: =INDEX(DESPESES!$K:$K,MATCH(E16,DESPESES!$H:$H,0)) -> 5000 | I16: =+H16-K16-O16-Q16-S16-U16-W16 -> 5000 | J16: =+I16/H16 -> 1 | L16: =+K16/H16 -> 0 | N16: =+M16/H16 -> 0 | P16: =+O16/H16 -> 0 | R16: =+Q16/H16 -> 0 | T16: =+S16/H16 -> 0 | V16: =+U16/H16 -> 0 | X16: =+W16/H16 -> 0
A17: =INDEX(DESPESES!$B:$B,MATCH(E17,DESPESES!$H:$H,0)) -> Urbanisme | B17: =INDEX(DESPESES!$E:$E,MATCH(E17,DESPESES!$H:$H,0)) -> 15320 | C17: =INDEX(DESPESES!$F:$F,MATCH(E17,DESPESES!$H:$H,0)) -> Vies Públiques | D17: =INDEX(DESPESES!$G:$G,MATCH(E17,DESPESES!$H:$H,0)) -> 6230002 | E17: 153206230002 | F17: =INDEX(DESPESES!$I:$I,MATCH(E17,DESPESES!$H:$H,0)) -> 6 | G17: =INDEX(DESPESES!$J:$J,MATCH(E17,DESPESES!$H:$H,0)) -> Punts de recàrrega vehicles elèctrics (Next Generation) | H17: =INDEX(DESPESES!$K:$K,MATCH(E17,DESPESES!$H:$H,0)) -> 25000 | I17: =+H17-K17-O17-Q17-S17-U17-W17 -> 0 | J17: =+I17/H17 -> 0 | L17: =+K17/H17 -> 0 | N17: =+M17/H17 -> 0 | O17: =+INGRESSOS!G174 -> 25000 | P17: =+O17/H17 -> 1 | R17: =+Q17/H17 -> 0 | T17: =+S17/H17 -> 0 | V17: =+U17/H17 -> 0 | X17: =+W17/H17 -> 0
A18: =INDEX(DESPESES!$B:$B,MATCH(E18,DESPESES!$H:$H,0)) -> Serveis Municipals | B18: =INDEX(DESPESES!$E:$E,MATCH(E18,DESPESES!$H:$H,0)) -> 15320 | C18: =INDEX(DESPESES!$F:$F,MATCH(E18,DESPESES!$H:$H,0)) -> Vies Públiques | D18: =INDEX(DESPESES!$G:$G,MATCH(E18,DESPESES!$H:$H,0)) -> 6250000 | E18: 153206250000 | F18: =INDEX(DESPESES!$I:$I,MATCH(E18,DESPESES!$H:$H,0)) -> 6 | G18: =INDEX(DESPESES!$J:$J,MATCH(E18,DESPESES!$H:$H,0)) -> Mobiliari | H18: =INDEX(DESPESES!$K:$K,MATCH(E18,DESPESES!$H:$H,0)) -> 5000 | I18: =+H18-K18-O18-Q18-S18-U18-W18 -> 5000 | J18: =+I18/H18 -> 1 | L18: =+K18/H18 -> 0 | N18: =+M18/H18 -> 0 | P18: =+O18/H18 -> 0 | R18: =+Q18/H18 -> 0 | T18: =+S18/H18 -> 0 | V18: =+U18/H18 -> 0 | X18: =+W18/H18 -> 0
A19: =INDEX(DESPESES!$B:$B,MATCH(E19,DESPESES!$H:$H,0)) -> Serveis Municipals | B19: =INDEX(DESPESES!$E:$E,MATCH(E19,DESPESES!$H:$H,0)) -> 15320 | C19: =INDEX(DESPESES!$F:$F,MATCH(E19,DESPESES!$H:$H,0)) -> Vies Públiques | D19: =INDEX(DESPESES!$G:$G,MATCH(E19,DESPESES!$H:$H,0)) -> 6340000 | E19: 153206340000 | F19: =INDEX(DESPESES!$I:$I,MATCH(E19,DESPESES!$H:$H,0)) -> 6 | G19: =INDEX(DESPESES!$J:$J,MATCH(E19,DESPESES!$H:$H,0)) -> Elements de transport | H19: =INDEX(DESPESES!$K:$K,MATCH(E19,DESPESES!$H:$H,0)) -> 30000 | I19: =+H19-K19-O19-Q19-S19-U19-W19 -> 0 | J19: =+I19/H19 -> 0 | L19: =+K19/H19 -> 0 | N19: =+M19/H19 -> 0 | P19: =+O19/H19 -> 0 | R19: =+Q19/H19 -> 0 | T19: =+S19/H19 -> 0 | V19: =+U19/H19 -> 0 | W19: 30000 | X19: =+W19/H19 -> 1
A20: =INDEX(DESPESES!$B:$B,MATCH(E20,DESPESES!$H:$H,0)) -> Urbanisme | B20: =INDEX(DESPESES!$E:$E,MATCH(E20,DESPESES!$H:$H,0)) -> 16000 | C20: =INDEX(DESPESES!$F:$F,MATCH(E20,DESPESES!$H:$H,0)) -> Clavegueram. | D20: =INDEX(DESPESES!$G:$G,MATCH(E20,DESPESES!$H:$H,0)) -> 6500004 | E20: 160006500004 | F20: =INDEX(DESPESES!$I:$I,MATCH(E20,DESPESES!$H:$H,0)) -> 6 | G20: =INDEX(DESPESES!$J:$J,MATCH(E20,DESPESES!$H:$H,0)) -> Reposicions i millores ACA | H20: =INDEX(DESPESES!$K:$K,MATCH(E20,DESPESES!$H:$H,0)) -> 500000 | I20: =+H20-K20-O20-Q20-S20-U20-W20 -> 0 | J20: =+I20/H20 -> 0 | L20: =+K20/H20 -> 0 | N20: =+M20/H20 -> 0 | P20: =+O20/H20 -> 0 | R20: =+Q20/H20 -> 0 | S20: =+INGRESSOS!G169 -> 500000 | T20: =+S20/H20 -> 1 | V20: =+U20/H20 -> 0 | X20: =+W20/H20 -> 0
A21: =INDEX(DESPESES!$B:$B,MATCH(E21,DESPESES!$H:$H,0)) -> Serveis Municipals | B21: =INDEX(DESPESES!$E:$E,MATCH(E21,DESPESES!$H:$H,0)) -> 16300 | C21: =INDEX(DESPESES!$F:$F,MATCH(E21,DESPESES!$H:$H,0)) -> Neteja viària. | D21: =INDEX(DESPESES!$G:$G,MATCH(E21,DESPESES!$H:$H,0)) -> 6230000 | E21: 163006230000 | F21: =INDEX(DESPESES!$I:$I,MATCH(E21,DESPESES!$H:$H,0)) -> 6 | G21: =INDEX(DESPESES!$J:$J,MATCH(E21,DESPESES!$H:$H,0)) -> Inversió nova de maquinària, instal·lacions tècniques i utillatge | H21: =INDEX(DESPESES!$K:$K,MATCH(E21,DESPESES!$H:$H,0)) -> 3000 | I21: =+H21-K21-O21-Q21-S21-U21-W21 -> 3000 | J21: =+I21/H21 -> 1 | L21: =+K21/H21 -> 0 | N21: =+M21/H21 -> 0 | P21: =+O21/H21 -> 0 | R21: =+Q21/H21 -> 0 | T21: =+S21/H21 -> 0 | V21: =+U21/H21 -> 0 | X21: =+W21/H21 -> 0
A22: =INDEX(DESPESES!$B:$B,MATCH(E22,DESPESES!$H:$H,0)) -> Urbanisme | B22: =INDEX(DESPESES!$E:$E,MATCH(E22,DESPESES!$H:$H,0)) -> 16500 | C22: =INDEX(DESPESES!$F:$F,MATCH(E22,DESPESES!$H:$H,0)) -> Enllumenat públic | D22: =INDEX(DESPESES!$G:$G,MATCH(E22,DESPESES!$H:$H,0)) -> 6190057 | E22: 165006190057 | F22: =INDEX(DESPESES!$I:$I,MATCH(E22,DESPESES!$H:$H,0)) -> 6 | G22: =INDEX(DESPESES!$J:$J,MATCH(E22,DESPESES!$H:$H,0)) -> Enllumenat públic leds carrer Sant Pelegrí | H22: =INDEX(DESPESES!$K:$K,MATCH(E22,DESPESES!$H:$H,0)) -> 56000 | I22: =+H22-K22-O22-Q22-S22-U22-W22 -> 0 | J22: =+I22/H22 -> 0 | L22: =+K22/H22 -> 0 | N22: =+M22/H22 -> 0 | P22: =+O22/H22 -> 0 | R22: =+Q22/H22 -> 0 | T22: =+S22/H22 -> 0 | U22: =+INGRESSOS!G170 -> 49000 | V22: =+U22/H22 -> 0.875 | W22: 7000 | X22: =+W22/H22 -> 0.125
A23: =INDEX(DESPESES!$B:$B,MATCH(E23,DESPESES!$H:$H,0)) -> Serveis Municipals | B23: =INDEX(DESPESES!$E:$E,MATCH(E23,DESPESES!$H:$H,0)) -> 16500 | C23: =INDEX(DESPESES!$F:$F,MATCH(E23,DESPESES!$H:$H,0)) -> Enllumenat públic | D23: =INDEX(DESPESES!$G:$G,MATCH(E23,DESPESES!$H:$H,0)) -> 6190053 | E23: 165006190053 | F23: =INDEX(DESPESES!$I:$I,MATCH(E23,DESPESES!$H:$H,0)) -> 6 | G23: =INDEX(DESPESES!$J:$J,MATCH(E23,DESPESES!$H:$H,0)) -> Renovació i modernització enllumenat públic | H23: =INDEX(DESPESES!$K:$K,MATCH(E23,DESPESES!$H:$H,0)) -> 80000 | I23: =+H23-K23-O23-Q23-S23-U23-W23 -> 0 | J23: =+I23/H23 -> 0 | L23: =+K23/H23 -> 0 | N23: =+M23/H23 -> 0 | P23: =+O23/H23 -> 0 | R23: =+Q23/H23 -> 0 | T23: =+S23/H23 -> 0 | V23: =+U23/H23 -> 0 | W23: 80000 | X23: =+W23/H23 -> 1
A24: =INDEX(DESPESES!$B:$B,MATCH(E24,DESPESES!$H:$H,0)) -> Urbanisme | B24: =INDEX(DESPESES!$E:$E,MATCH(E24,DESPESES!$H:$H,0)) -> 17100 | C24: =INDEX(DESPESES!$F:$F,MATCH(E24,DESPESES!$H:$H,0)) -> Parcs i jardins | D24: =INDEX(DESPESES!$G:$G,MATCH(E24,DESPESES!$H:$H,0)) -> 6190060 | E24: 171006190060 | F24: =INDEX(DESPESES!$I:$I,MATCH(E24,DESPESES!$H:$H,0)) -> 6 | G24: =INDEX(DESPESES!$J:$J,MATCH(E24,DESPESES!$H:$H,0)) -> Arrenjaments Parc de Sant Eloi | H24: =INDEX(DESPESES!$K:$K,MATCH(E24,DESPESES!$H:$H,0)) -> 25000 | I24: =+H24-K24-O24-Q24-S24-U24-W24 -> 0 | J24: =+I24/H24 -> 0 | L24: =+K24/H24 -> 0 | N24: =+M24/H24 -> 0 | P24: =+O24/H24 -> 0 | R24: =+Q24/H24 -> 0 | T24: =+S24/H24 -> 0 | V24: =+U24/H24 -> 0 | W24: 25000 | X24: =+W24/H24 -> 1
A25: =INDEX(DESPESES!$B:$B,MATCH(E25,DESPESES!$H:$H,0)) -> Serveis Municipals | B25: =INDEX(DESPESES!$E:$E,MATCH(E25,DESPESES!$H:$H,0)) -> 17100 | C25: =INDEX(DESPESES!$F:$F,MATCH(E25,DESPESES!$H:$H,0)) -> Parcs i jardins | D25: =INDEX(DESPESES!$G:$G,MATCH(E25,DESPESES!$H:$H,0)) -> 6230000 | E25: 171006230000 | F25: =INDEX(DESPESES!$I:$I,MATCH(E25,DESPESES!$H:$H,0)) -> 6 | G25: =INDEX(DESPESES!$J:$J,MATCH(E25,DESPESES!$H:$H,0)) -> Inversió nova de maquinària, instal·lacions tècniques i utillatge | H25: =INDEX(DESPESES!$K:$K,MATCH(E25,DESPESES!$H:$H,0)) -> 3000 | I25: =+H25-K25-O25-Q25-S25-U25-W25 -> 3000 | J25: =+I25/H25 -> 1 | L25: =+K25/H25 -> 0 | N25: =+M25/H25 -> 0 | P25: =+O25/H25 -> 0 | R25: =+Q25/H25 -> 0 | T25: =+S25/H25 -> 0 | V25: =+U25/H25 -> 0 | X25: =+W25/H25 -> 0
A26: =INDEX(DESPESES!$B:$B,MATCH(E26,DESPESES!$H:$H,0)) -> Urbanisme | B26: =INDEX(DESPESES!$E:$E,MATCH(E26,DESPESES!$H:$H,0)) -> 17200 | C26: =INDEX(DESPESES!$F:$F,MATCH(E26,DESPESES!$H:$H,0)) -> Protecció i millora del medi ambient | D26: =INDEX(DESPESES!$G:$G,MATCH(E26,DESPESES!$H:$H,0)) -> 6190038 | E26: 172006190038 | F26: =INDEX(DESPESES!$I:$I,MATCH(E26,DESPESES!$H:$H,0)) -> 6 | G26: =INDEX(DESPESES!$J:$J,MATCH(E26,DESPESES!$H:$H,0)) -> Plantació arbres riu Ondara | H26: =INDEX(DESPESES!$K:$K,MATCH(E26,DESPESES!$H:$H,0)) -> 3000 | I26: =+H26-K26-O26-Q26-S26-U26-W26 -> 3000 | J26: =+I26/H26 -> 1 | L26: =+K26/H26 -> 0 | N26: =+M26/H26 -> 0 | P26: =+O26/H26 -> 0 | R26: =+Q26/H26 -> 0 | T26: =+S26/H26 -> 0 | V26: =+U26/H26 -> 0 | X26: =+W26/H26 -> 0
A27: =INDEX(DESPESES!$B:$B,MATCH(E27,DESPESES!$H:$H,0)) -> Administració General Informàtica | B27: =INDEX(DESPESES!$E:$E,MATCH(E27,DESPESES!$H:$H,0)) -> 24100 | C27: =INDEX(DESPESES!$F:$F,MATCH(E27,DESPESES!$H:$H,0)) -> Centre La Solana | D27: =INDEX(DESPESES!$G:$G,MATCH(E27,DESPESES!$H:$H,0)) -> 6360000 | E27: 241006360000 | F27: =INDEX(DESPESES!$I:$I,MATCH(E27,DESPESES!$H:$H,0)) -> 6 | G27: =INDEX(DESPESES!$J:$J,MATCH(E27,DESPESES!$H:$H,0)) -> Adquisició equips informàtic | H27: =INDEX(DESPESES!$K:$K,MATCH(E27,DESPESES!$H:$H,0)) -> 1000 | I27: =+H27-K27-O27-Q27-S27-U27-W27 -> 1000 | J27: =+I27/H27 -> 1 | L27: =+K27/H27 -> 0 | N27: =+M27/H27 -> 0 | P27: =+O27/H27 -> 0 | R27: =+Q27/H27 -> 0 | T27: =+S27/H27 -> 0 | V27: =+U27/H27 -> 0 | X27: =+W27/H27 -> 0
A28: =INDEX(DESPESES!$B:$B,MATCH(E28,DESPESES!$H:$H,0)) -> Tresoreria | B28: =INDEX(DESPESES!$E:$E,MATCH(E28,DESPESES!$H:$H,0)) -> 32302 | C28: =INDEX(DESPESES!$F:$F,MATCH(E28,DESPESES!$H:$H,0)) -> Col·legi Àngel Guimerà | D28: =INDEX(DESPESES!$G:$G,MATCH(E28,DESPESES!$H:$H,0)) -> 6320021 | E28: 323026320021 | F28: =INDEX(DESPESES!$I:$I,MATCH(E28,DESPESES!$H:$H,0)) -> 6 | G28: =INDEX(DESPESES!$J:$J,MATCH(E28,DESPESES!$H:$H,0)) -> Ocupació dels terrenys de l'Àngel Guimerà | H28: =INDEX(DESPESES!$K:$K,MATCH(E28,DESPESES!$H:$H,0)) -> 7000 | I28: =+H28-K28-O28-Q28-S28-U28-W28 -> 7000 | J28: =+I28/H28 -> 1 | L28: =+K28/H28 -> 0 | N28: =+M28/H28 -> 0 | P28: =+O28/H28 -> 0 | R28: =+Q28/H28 -> 0 | T28: =+S28/H28 -> 0 | V28: =+U28/H28 -> 0 | X28: =+W28/H28 -> 0
A29: =INDEX(DESPESES!$B:$B,MATCH(E29,DESPESES!$H:$H,0)) -> E_Música | B29: =INDEX(DESPESES!$E:$E,MATCH(E29,DESPESES!$H:$H,0)) -> 32600 | C29: =INDEX(DESPESES!$F:$F,MATCH(E29,DESPESES!$H:$H,0)) -> Escola de Música | D29: =INDEX(DESPESES!$G:$G,MATCH(E29,DESPESES!$H:$H,0)) -> 6330006 | E29: 326006330006 | F29: =INDEX(DESPESES!$I:$I,MATCH(E29,DESPESES!$H:$H,0)) -> 6 | G29: =INDEX(DESPESES!$J:$J,MATCH(E29,DESPESES!$H:$H,0)) -> Material docent | H29: =INDEX(DESPESES!$K:$K,MATCH(E29,DESPESES!$H:$H,0)) -> 1000 | I29: =+H29-K29-O29-Q29-S29-U29-W29 -> 1000 | J29: =+I29/H29 -> 1 | L29: =+K29/H29 -> 0 | N29: =+M29/H29 -> 0 | P29: =+O29/H29 -> 0 | R29: =+Q29/H29 -> 0 | T29: =+S29/H29 -> 0 | V29: =+U29/H29 -> 0 | X29: =+W29/H29 -> 0
A30: =INDEX(DESPESES!$B:$B,MATCH(E30,DESPESES!$H:$H,0)) -> E_Música | B30: =INDEX(DESPESES!$E:$E,MATCH(E30,DESPESES!$H:$H,0)) -> 32600 | C30: =INDEX(DESPESES!$F:$F,MATCH(E30,DESPESES!$H:$H,0)) -> Escola de Música | D30: =INDEX(DESPESES!$G:$G,MATCH(E30,DESPESES!$H:$H,0)) -> 6330009 | E30: 326006330009 | F30: =INDEX(DESPESES!$I:$I,MATCH(E30,DESPESES!$H:$H,0)) -> 6 | G30: =INDEX(DESPESES!$J:$J,MATCH(E30,DESPESES!$H:$H,0)) -> Instruments musicals | H30: =INDEX(DESPESES!$K:$K,MATCH(E30,DESPESES!$H:$H,0)) -> 3000 | I30: =+H30-K30-O30-Q30-S30-U30-W30 -> 3000 | J30: =+I30/H30 -> 1 | L30: =+K30/H30 -> 0 | N30: =+M30/H30 -> 0 | P30: =+O30/H30 -> 0 | R30: =+Q30/H30 -> 0 | T30: =+S30/H30 -> 0 | V30: =+U30/H30 -> 0 | X30: =+W30/H30 -> 0
A31: =INDEX(DESPESES!$B:$B,MATCH(E31,DESPESES!$H:$H,0)) -> Administració General Informàtica | B31: =INDEX(DESPESES!$E:$E,MATCH(E31,DESPESES!$H:$H,0)) -> 32600 | C31: =INDEX(DESPESES!$F:$F,MATCH(E31,DESPESES!$H:$H,0)) -> Escola de Música | D31: =INDEX(DESPESES!$G:$G,MATCH(E31,DESPESES!$H:$H,0)) -> 6360000 | E31: 326006360000 | F31: =INDEX(DESPESES!$I:$I,MATCH(E31,DESPESES!$H:$H,0)) -> 6 | G31: =INDEX(DESPESES!$J:$J,MATCH(E31,DESPESES!$H:$H,0)) -> Adquisició equips informàtic | H31: =INDEX(DESPESES!$K:$K,MATCH(E31,DESPESES!$H:$H,0)) -> 1000 | I31: =+H31-K31-O31-Q31-S31-U31-W31 -> 1000 | J31: =+I31/H31 -> 1 | L31: =+K31/H31 -> 0 | N31: =+M31/H31 -> 0 | P31: =+O31/H31 -> 0 | R31: =+Q31/H31 -> 0 | T31: =+S31/H31 -> 0 | V31: =+U31/H31 -> 0 | X31: =+W31/H31 -> 0
A32: =INDEX(DESPESES!$B:$B,MATCH(E32,DESPESES!$H:$H,0)) -> Administració General Informàtica | B32: =INDEX(DESPESES!$E:$E,MATCH(E32,DESPESES!$H:$H,0)) -> 32601 | C32: =INDEX(DESPESES!$F:$F,MATCH(E32,DESPESES!$H:$H,0)) -> Gòtic | D32: =INDEX(DESPESES!$G:$G,MATCH(E32,DESPESES!$H:$H,0)) -> 6360000 | E32: 326016360000 | F32: =INDEX(DESPESES!$I:$I,MATCH(E32,DESPESES!$H:$H,0)) -> 6 | G32: =INDEX(DESPESES!$J:$J,MATCH(E32,DESPESES!$H:$H,0)) -> Adquisició equips informàtic | H32: =INDEX(DESPESES!$K:$K,MATCH(E32,DESPESES!$H:$H,0)) -> 3500 | I32: =+H32-K32-O32-Q32-S32-U32-W32 -> 3500 | J32: =+I32/H32 -> 1 | L32: =+K32/H32 -> 0 | N32: =+M32/H32 -> 0 | P32: =+O32/H32 -> 0 | R32: =+Q32/H32 -> 0 | T32: =+S32/H32 -> 0 | V32: =+U32/H32 -> 0 | X32: =+W32/H32 -> 0
A33: =INDEX(DESPESES!$B:$B,MATCH(E33,DESPESES!$H:$H,0)) -> Cultura | B33: =INDEX(DESPESES!$E:$E,MATCH(E33,DESPESES!$H:$H,0)) -> 33000 | C33: =INDEX(DESPESES!$F:$F,MATCH(E33,DESPESES!$H:$H,0)) -> Administració general de cultura | D33: =INDEX(DESPESES!$G:$G,MATCH(E33,DESPESES!$H:$H,0)) -> 6220009 | E33: 330006220009 | F33: =INDEX(DESPESES!$I:$I,MATCH(E33,DESPESES!$H:$H,0)) -> 6 | G33: =INDEX(DESPESES!$J:$J,MATCH(E33,DESPESES!$H:$H,0)) -> Casa Pedrolo | H33: =INDEX(DESPESES!$K:$K,MATCH(E33,DESPESES!$H:$H,0)) -> 10000 | I33: =+H33-K33-O33-Q33-S33-U33-W33 -> 10000 | J33: =+I33/H33 -> 1 | L33: =+K33/H33 -> 0 | N33: =+M33/H33 -> 0 | P33: =+O33/H33 -> 0 | R33: =+Q33/H33 -> 0 | T33: =+S33/H33 -> 0 | V33: =+U33/H33 -> 0 | X33: =+W33/H33 -> 0
A34: =INDEX(DESPESES!$B:$B,MATCH(E34,DESPESES!$H:$H,0)) -> Biblioteca | B34: =INDEX(DESPESES!$E:$E,MATCH(E34,DESPESES!$H:$H,0)) -> 33210 | C34: =INDEX(DESPESES!$F:$F,MATCH(E34,DESPESES!$H:$H,0)) -> Biblioteca Germanes Güell | D34: =INDEX(DESPESES!$G:$G,MATCH(E34,DESPESES!$H:$H,0)) -> 6250000 | E34: 332106250000 | F34: =INDEX(DESPESES!$I:$I,MATCH(E34,DESPESES!$H:$H,0)) -> 6 | G34: =INDEX(DESPESES!$J:$J,MATCH(E34,DESPESES!$H:$H,0)) -> Mobiliari | H34: =INDEX(DESPESES!$K:$K,MATCH(E34,DESPESES!$H:$H,0)) -> 2500 | I34: =+H34-K34-O34-Q34-S34-U34-W34 -> 2500 | J34: =+I34/H34 -> 1 | L34: =+K34/H34 -> 0 | N34: =+M34/H34 -> 0 | P34: =+O34/H34 -> 0 | R34: =+Q34/H34 -> 0 | T34: =+S34/H34 -> 0 | V34: =+U34/H34 -> 0 | X34: =+W34/H34 -> 0
A35: =INDEX(DESPESES!$B:$B,MATCH(E35,DESPESES!$H:$H,0)) -> Biblioteca | B35: =INDEX(DESPESES!$E:$E,MATCH(E35,DESPESES!$H:$H,0)) -> 33210 | C35: =INDEX(DESPESES!$F:$F,MATCH(E35,DESPESES!$H:$H,0)) -> Biblioteca Germanes Güell | D35: =INDEX(DESPESES!$G:$G,MATCH(E35,DESPESES!$H:$H,0)) -> 6250001 | E35: 332106250001 | F35: =INDEX(DESPESES!$I:$I,MATCH(E35,DESPESES!$H:$H,0)) -> 6 | G35: =INDEX(DESPESES!$J:$J,MATCH(E35,DESPESES!$H:$H,0)) -> Compra mobiliari sala treball en grup | H35: =INDEX(DESPESES!$K:$K,MATCH(E35,DESPESES!$H:$H,0)) -> 15000 | I35: =+H35-K35-O35-Q35-S35-U35-W35 -> 0 | J35: =+I35/H35 -> 0 | L35: =+K35/H35 -> 0 | N35: =+M35/H35 -> 0 | P35: =+O35/H35 -> 0 | R35: =+Q35/H35 -> 0 | T35: =+S35/H35 -> 0 | V35: =+U35/H35 -> 0 | W35: 15000 | X35: =+W35/H35 -> 1
A36: =INDEX(DESPESES!$B:$B,MATCH(E36,DESPESES!$H:$H,0)) -> Biblioteca | B36: =INDEX(DESPESES!$E:$E,MATCH(E36,DESPESES!$H:$H,0)) -> 33210 | C36: =INDEX(DESPESES!$F:$F,MATCH(E36,DESPESES!$H:$H,0)) -> Biblioteca Germanes Güell | D36: =INDEX(DESPESES!$G:$G,MATCH(E36,DESPESES!$H:$H,0)) -> 6290000 | E36: 332106290000 | F36: =INDEX(DESPESES!$I:$I,MATCH(E36,DESPESES!$H:$H,0)) -> 6 | G36: =INDEX(DESPESES!$J:$J,MATCH(E36,DESPESES!$H:$H,0)) -> Llibres | H36: =INDEX(DESPESES!$K:$K,MATCH(E36,DESPESES!$H:$H,0)) -> 11000 | I36: =+H36-K36-O36-Q36-S36-U36-W36 -> 1000 | J36: =+I36/H36 -> 0.090909091 | L36: =+K36/H36 -> 0 | N36: =+M36/H36 -> 0 | P36: =+O36/H36 -> 0 | R36: =+Q36/H36 -> 0 | S36: =+INGRESSOS!G168 -> 10000 | T36: =+S36/H36 -> 0.90909091 | V36: =+U36/H36 -> 0 | X36: =+W36/H36 -> 0
A37: =INDEX(DESPESES!$B:$B,MATCH(E37,DESPESES!$H:$H,0)) -> Urbanisme | B37: =INDEX(DESPESES!$E:$E,MATCH(E37,DESPESES!$H:$H,0)) -> 33301 | C37: =INDEX(DESPESES!$F:$F,MATCH(E37,DESPESES!$H:$H,0)) -> Museu Cal Trepat | D37: =INDEX(DESPESES!$G:$G,MATCH(E37,DESPESES!$H:$H,0)) -> 6320036 | E37: 333016320036 | F37: =INDEX(DESPESES!$I:$I,MATCH(E37,DESPESES!$H:$H,0)) -> 6 | G37: =INDEX(DESPESES!$J:$J,MATCH(E37,DESPESES!$H:$H,0)) -> Teulada nau 18 | H37: =INDEX(DESPESES!$K:$K,MATCH(E37,DESPESES!$H:$H,0)) -> 75000 | I37: =+H37-K37-O37-Q37-S37-U37-W37 -> 0 | J37: =+I37/H37 -> 0 | L37: =+K37/H37 -> 0 | N37: =+M37/H37 -> 0 | P37: =+O37/H37 -> 0 | R37: =+Q37/H37 -> 0 | S37: =+INGRESSOS!G166 -> 37500 | T37: =+S37/H37 -> 0.5 | V37: =+U37/H37 -> 0 | W37: 37500 | X37: =+W37/H37 -> 0.5
A38: =INDEX(DESPESES!$B:$B,MATCH(E38,DESPESES!$H:$H,0)) -> Museu_Tàrrega | B38: =INDEX(DESPESES!$E:$E,MATCH(E38,DESPESES!$H:$H,0)) -> 33302 | C38: =INDEX(DESPESES!$F:$F,MATCH(E38,DESPESES!$H:$H,0)) -> Museu Comarcal | D38: =INDEX(DESPESES!$G:$G,MATCH(E38,DESPESES!$H:$H,0)) -> 6330001 | E38: 333026330001 | F38: =INDEX(DESPESES!$I:$I,MATCH(E38,DESPESES!$H:$H,0)) -> 6 | G38: =INDEX(DESPESES!$J:$J,MATCH(E38,DESPESES!$H:$H,0)) -> Inversió il·luminació | H38: =INDEX(DESPESES!$K:$K,MATCH(E38,DESPESES!$H:$H,0)) -> 5000 | I38: =+H38-K38-O38-Q38-S38-U38-W38 -> 5000 | J38: =+I38/H38 -> 1 | L38: =+K38/H38 -> 0 | N38: =+M38/H38 -> 0 | P38: =+O38/H38 -> 0 | R38: =+Q38/H38 -> 0 | T38: =+S38/H38 -> 0 | V38: =+U38/H38 -> 0 | X38: =+W38/H38 -> 0
A39: =INDEX(DESPESES!$B:$B,MATCH(E39,DESPESES!$H:$H,0)) -> Museu_Tàrrega | B39: =INDEX(DESPESES!$E:$E,MATCH(E39,DESPESES!$H:$H,0)) -> 33302 | C39: =INDEX(DESPESES!$F:$F,MATCH(E39,DESPESES!$H:$H,0)) -> Museu Comarcal | D39: =INDEX(DESPESES!$G:$G,MATCH(E39,DESPESES!$H:$H,0)) -> 6890000 | E39: 333026890000 | F39: =INDEX(DESPESES!$I:$I,MATCH(E39,DESPESES!$H:$H,0)) -> 6 | G39: =INDEX(DESPESES!$J:$J,MATCH(E39,DESPESES!$H:$H,0)) -> Adquisició Cap Gòtic Portalada Parròquia | H39: =INDEX(DESPESES!$K:$K,MATCH(E39,DESPESES!$H:$H,0)) -> 1500 | I39: =+H39-K39-O39-Q39-S39-U39-W39 -> 1500 | J39: =+I39/H39 -> 1 | L39: =+K39/H39 -> 0 | N39: =+M39/H39 -> 0 | P39: =+O39/H39 -> 0 | R39: =+Q39/H39 -> 0 | T39: =+S39/H39 -> 0 | V39: =+U39/H39 -> 0 | X39: =+W39/H39 -> 0
A40: =INDEX(DESPESES!$B:$B,MATCH(E40,DESPESES!$H:$H,0)) -> Cultura | B40: =INDEX(DESPESES!$E:$E,MATCH(E40,DESPESES!$H:$H,0)) -> 33401 | C40: =INDEX(DESPESES!$F:$F,MATCH(E40,DESPESES!$H:$H,0)) -> Teatre Ateneu | D40: =INDEX(DESPESES!$G:$G,MATCH(E40,DESPESES!$H:$H,0)) -> 6230000 | E40: 334016230000 | F40: =INDEX(DESPESES!$I:$I,MATCH(E40,DESPESES!$H:$H,0)) -> 6 | G40: =INDEX(DESPESES!$J:$J,MATCH(E40,DESPESES!$H:$H,0)) -> Inversió nova de maquinària, instal·lacions tècniques i utillatge | H40: =INDEX(DESPESES!$K:$K,MATCH(E40,DESPESES!$H:$H,0)) -> 4000 | I40: =+H40-K40-O40-Q40-S40-U40-W40 -> 4000 | J40: =+I40/H40 -> 1 | L40: =+K40/H40 -> 0 | N40: =+M40/H40 -> 0 | P40: =+O40/H40 -> 0 | R40: =+Q40/H40 -> 0 | T40: =+S40/H40 -> 0 | V40: =+U40/H40 -> 0 | X40: =+W40/H40 -> 0
A41: =INDEX(DESPESES!$B:$B,MATCH(E41,DESPESES!$H:$H,0)) -> Urbanisme | B41: =INDEX(DESPESES!$E:$E,MATCH(E41,DESPESES!$H:$H,0)) -> 33600 | C41: =INDEX(DESPESES!$F:$F,MATCH(E41,DESPESES!$H:$H,0)) -> Arqueologia i Patrimoni | D41: =INDEX(DESPESES!$G:$G,MATCH(E41,DESPESES!$H:$H,0)) -> 6190061 | E41: 336006190061 | F41: =INDEX(DESPESES!$I:$I,MATCH(E41,DESPESES!$H:$H,0)) -> 6 | G41: =INDEX(DESPESES!$J:$J,MATCH(E41,DESPESES!$H:$H,0)) -> Torreo del carrer Migdia | H41: =INDEX(DESPESES!$K:$K,MATCH(E41,DESPESES!$H:$H,0)) -> 42000 | I41: =+H41-K41-O41-Q41-S41-U41-W41 -> 0 | J41: =+I41/H41 -> 0 | L41: =+K41/H41 -> 0 | N41: =+M41/H41 -> 0 | P41: =+O41/H41 -> 0 | R41: =+Q41/H41 -> 0 | T41: =+S41/H41 -> 0 | U41: =+INGRESSOS!G171 -> 31000 | V41: =+U41/H41 -> 0.73809524 | W41: 11000 | X41: =+W41/H41 -> 0.26190476
A42: =INDEX(DESPESES!$B:$B,MATCH(E42,DESPESES!$H:$H,0)) -> Cultura | B42: =INDEX(DESPESES!$E:$E,MATCH(E42,DESPESES!$H:$H,0)) -> 33700 | C42: =INDEX(DESPESES!$F:$F,MATCH(E42,DESPESES!$H:$H,0)) -> Espai MerCat | D42: =INDEX(DESPESES!$G:$G,MATCH(E42,DESPESES!$H:$H,0)) -> 6320037 | E42: 337006320037 | F42: =INDEX(DESPESES!$I:$I,MATCH(E42,DESPESES!$H:$H,0)) -> 6 | G42: =INDEX(DESPESES!$J:$J,MATCH(E42,DESPESES!$H:$H,0)) -> Equipament Espai MerCat | H42: =INDEX(DESPESES!$K:$K,MATCH(E42,DESPESES!$H:$H,0)) -> 3000 | I42: =+H42-K42-O42-Q42-S42-U42-W42 -> 3000 | J42: =+I42/H42 -> 1 | L42: =+K42/H42 -> 0 | N42: =+M42/H42 -> 0 | P42: =+O42/H42 -> 0 | R42: =+Q42/H42 -> 0 | T42: =+S42/H42 -> 0 | V42: =+U42/H42 -> 0 | X42: =+W42/H42 -> 0
A43: =INDEX(DESPESES!$B:$B,MATCH(E43,DESPESES!$H:$H,0)) -> Urbanisme | B43: =INDEX(DESPESES!$E:$E,MATCH(E43,DESPESES!$H:$H,0)) -> 34200 | C43: =INDEX(DESPESES!$F:$F,MATCH(E43,DESPESES!$H:$H,0)) -> Parc Esportiu | D43: =INDEX(DESPESES!$G:$G,MATCH(E43,DESPESES!$H:$H,0)) -> 6320038 | E43: 342006320038 | F43: =INDEX(DESPESES!$I:$I,MATCH(E43,DESPESES!$H:$H,0)) -> 6 | G43: =INDEX(DESPESES!$J:$J,MATCH(E43,DESPESES!$H:$H,0)) -> Vestuaris camp de futbol | H43: =INDEX(DESPESES!$K:$K,MATCH(E43,DESPESES!$H:$H,0)) -> 70000 | I43: =+H43-K43-O43-Q43-S43-U43-W43 -> 0 | J43: =+I43/H43 -> 0 | L43: =+K43/H43 -> 0 | N43: =+M43/H43 -> 0 | P43: =+O43/H43 -> 0 | R43: =+Q43/H43 -> 0 | T43: =+S43/H43 -> 0 | V43: =+U43/H43 -> 0 | W43: 70000 | X43: =+W43/H43 -> 1
A44: =INDEX(DESPESES!$B:$B,MATCH(E44,DESPESES!$H:$H,0)) -> Complex piscines | B44: =INDEX(DESPESES!$E:$E,MATCH(E44,DESPESES!$H:$H,0)) -> 34202 | C44: =INDEX(DESPESES!$F:$F,MATCH(E44,DESPESES!$H:$H,0)) -> Piscina Municipal | D44: =INDEX(DESPESES!$G:$G,MATCH(E44,DESPESES!$H:$H,0)) -> 6230017 | E44: 342026230017 | F44: =INDEX(DESPESES!$I:$I,MATCH(E44,DESPESES!$H:$H,0)) -> 6 | G44: =INDEX(DESPESES!$J:$J,MATCH(E44,DESPESES!$H:$H,0)) -> Manteniment piscina estiu. Compra robot | H44: =INDEX(DESPESES!$K:$K,MATCH(E44,DESPESES!$H:$H,0)) -> 12000 | I44: =+H44-K44-O44-Q44-S44-U44-W44 -> 0 | J44: =+I44/H44 -> 0 | L44: =+K44/H44 -> 0 | N44: =+M44/H44 -> 0 | P44: =+O44/H44 -> 0 | R44: =+Q44/H44 -> 0 | T44: =+S44/H44 -> 0 | V44: =+U44/H44 -> 0 | W44: 12000 | X44: =+W44/H44 -> 1
A45: =INDEX(DESPESES!$B:$B,MATCH(E45,DESPESES!$H:$H,0)) -> Urbanisme | B45: =INDEX(DESPESES!$E:$E,MATCH(E45,DESPESES!$H:$H,0)) -> 34202 | C45: =INDEX(DESPESES!$F:$F,MATCH(E45,DESPESES!$H:$H,0)) -> Piscina Municipal | D45: =INDEX(DESPESES!$G:$G,MATCH(E45,DESPESES!$H:$H,0)) -> 6320039 | E45: 342026320039 | F45: =INDEX(DESPESES!$I:$I,MATCH(E45,DESPESES!$H:$H,0)) -> 6 | G45: =INDEX(DESPESES!$J:$J,MATCH(E45,DESPESES!$H:$H,0)) -> Arrenjament escales piscina descoberta | H45: =INDEX(DESPESES!$K:$K,MATCH(E45,DESPESES!$H:$H,0)) -> 60000 | I45: =+H45-K45-O45-Q45-S45-U45-W45 -> 0 | J45: =+I45/H45 -> 0 | L45: =+K45/H45 -> 0 | N45: =+M45/H45 -> 0 | P45: =+O45/H45 -> 0 | R45: =+Q45/H45 -> 0 | T45: =+S45/H45 -> 0 | V45: =+U45/H45 -> 0 | W45: 60000 | X45: =+W45/H45 -> 1
A46: =INDEX(DESPESES!$B:$B,MATCH(E46,DESPESES!$H:$H,0)) -> Urbanisme | B46: =INDEX(DESPESES!$E:$E,MATCH(E46,DESPESES!$H:$H,0)) -> 34203 | C46: =INDEX(DESPESES!$F:$F,MATCH(E46,DESPESES!$H:$H,0)) -> Piscina Coberta | D46: =INDEX(DESPESES!$G:$G,MATCH(E46,DESPESES!$H:$H,0)) -> 6320040 | E46: 342036320040 | F46: =INDEX(DESPESES!$I:$I,MATCH(E46,DESPESES!$H:$H,0)) -> 6 | G46: =INDEX(DESPESES!$J:$J,MATCH(E46,DESPESES!$H:$H,0)) -> Reforma enèrgetica piscina PIREP. Redacció projectes | H46: =INDEX(DESPESES!$K:$K,MATCH(E46,DESPESES!$H:$H,0)) -> 170000 | I46: =+H46-K46-O46-Q46-S46-U46-W46 -> 0 | J46: =+I46/H46 -> 0 | L46: =+K46/H46 -> 0 | N46: =+M46/H46 -> 0 | O46: =+INGRESSOS!G177 -> 136000 | P46: =+O46/H46 -> 0.8 | R46: =+Q46/H46 -> 0 | T46: =+S46/H46 -> 0 | V46: =+U46/H46 -> 0 | W46: 34000 | X46: =+W46/H46 -> 0.2
A47: =INDEX(DESPESES!$B:$B,MATCH(E47,DESPESES!$H:$H,0)) -> Complex piscines | B47: =INDEX(DESPESES!$E:$E,MATCH(E47,DESPESES!$H:$H,0)) -> 34203 | C47: =INDEX(DESPESES!$F:$F,MATCH(E47,DESPESES!$H:$H,0)) -> Piscina Coberta | D47: =INDEX(DESPESES!$G:$G,MATCH(E47,DESPESES!$H:$H,0)) -> 6320001 | E47: 342036320001 | F47: =INDEX(DESPESES!$I:$I,MATCH(E47,DESPESES!$H:$H,0)) -> 6 | G47: =INDEX(DESPESES!$J:$J,MATCH(E47,DESPESES!$H:$H,0)) -> Acessos entrades piscines | H47: =INDEX(DESPESES!$K:$K,MATCH(E47,DESPESES!$H:$H,0)) -> 25000 | I47: =+H47-K47-O47-Q47-S47-U47-W47 -> 0 | J47: =+I47/H47 -> 0 | L47: =+K47/H47 -> 0 | N47: =+M47/H47 -> 0 | P47: =+O47/H47 -> 0 | R47: =+Q47/H47 -> 0 | T47: =+S47/H47 -> 0 | V47: =+U47/H47 -> 0 | W47: 25000 | X47: =+W47/H47 -> 1
A48: =INDEX(DESPESES!$B:$B,MATCH(E48,DESPESES!$H:$H,0)) -> Complex piscines | B48: =INDEX(DESPESES!$E:$E,MATCH(E48,DESPESES!$H:$H,0)) -> 34203 | C48: =INDEX(DESPESES!$F:$F,MATCH(E48,DESPESES!$H:$H,0)) -> Piscina Coberta | D48: =INDEX(DESPESES!$G:$G,MATCH(E48,DESPESES!$H:$H,0)) -> 6330000 | E48: 342036330000 | F48: =INDEX(DESPESES!$I:$I,MATCH(E48,DESPESES!$H:$H,0)) -> 6 | G48: =INDEX(DESPESES!$J:$J,MATCH(E48,DESPESES!$H:$H,0)) -> Maquinària, instal·lacions tècniques i utillatge | H48: =INDEX(DESPESES!$K:$K,MATCH(E48,DESPESES!$H:$H,0)) -> 10000 | I48: =+H48-K48-O48-Q48-S48-U48-W48 -> 0 | J48: =+I48/H48 -> 0 | L48: =+K48/H48 -> 0 | N48: =+M48/H48 -> 0 | P48: =+O48/H48 -> 0 | R48: =+Q48/H48 -> 0 | T48: =+S48/H48 -> 0 | V48: =+U48/H48 -> 0 | W48: 10000 | X48: =+W48/H48 -> 1
A49: =INDEX(DESPESES!$B:$B,MATCH(E49,DESPESES!$H:$H,0)) -> Administració General Informàtica | B49: =INDEX(DESPESES!$E:$E,MATCH(E49,DESPESES!$H:$H,0)) -> 34203 | C49: =INDEX(DESPESES!$F:$F,MATCH(E49,DESPESES!$H:$H,0)) -> Piscina Coberta | D49: =INDEX(DESPESES!$G:$G,MATCH(E49,DESPESES!$H:$H,0)) -> 6360000 | E49: 342036360000 | F49: =INDEX(DESPESES!$I:$I,MATCH(E49,DESPESES!$H:$H,0)) -> 6 | G49: =INDEX(DESPESES!$J:$J,MATCH(E49,DESPESES!$H:$H,0)) -> Adquisició equips informàtic | H49: =INDEX(DESPESES!$K:$K,MATCH(E49,DESPESES!$H:$H,0)) -> 9600 | I49: =+H49-K49-O49-Q49-S49-U49-W49 -> 9600 | J49: =+I49/H49 -> 1 | L49: =+K49/H49 -> 0 | N49: =+M49/H49 -> 0 | P49: =+O49/H49 -> 0 | R49: =+Q49/H49 -> 0 | T49: =+S49/H49 -> 0 | V49: =+U49/H49 -> 0 | X49: =+W49/H49 -> 0
A50: =INDEX(DESPESES!$B:$B,MATCH(E50,DESPESES!$H:$H,0)) -> Administració General Informàtica | B50: =INDEX(DESPESES!$E:$E,MATCH(E50,DESPESES!$H:$H,0)) -> 45901 | C50: =INDEX(DESPESES!$F:$F,MATCH(E50,DESPESES!$H:$H,0)) -> Aparcament Municipal | D50: =INDEX(DESPESES!$G:$G,MATCH(E50,DESPESES!$H:$H,0)) -> 6360000 | E50: 459016360000 | F50: =INDEX(DESPESES!$I:$I,MATCH(E50,DESPESES!$H:$H,0)) -> 6 | G50: =INDEX(DESPESES!$J:$J,MATCH(E50,DESPESES!$H:$H,0)) -> Adquisició equips informàtic | H50: =INDEX(DESPESES!$K:$K,MATCH(E50,DESPESES!$H:$H,0)) -> 26000 | I50: =+H50-K50-O50-Q50-S50-U50-W50 -> 0 | J50: =+I50/H50 -> 0 | L50: =+K50/H50 -> 0 | N50: =+M50/H50 -> 0 | P50: =+O50/H50 -> 0 | R50: =+Q50/H50 -> 0 | T50: =+S50/H50 -> 0 | V50: =+U50/H50 -> 0 | W50: 26000 | X50: =+W50/H50 -> 1
A51: =INDEX(DESPESES!$B:$B,MATCH(E51,DESPESES!$H:$H,0)) -> Urbanisme | B51: =INDEX(DESPESES!$E:$E,MATCH(E51,DESPESES!$H:$H,0)) -> 92000 | C51: =INDEX(DESPESES!$F:$F,MATCH(E51,DESPESES!$H:$H,0)) -> Administració general | D51: =INDEX(DESPESES!$G:$G,MATCH(E51,DESPESES!$H:$H,0)) -> 6320041 | E51: 920006320041 | F51: =INDEX(DESPESES!$I:$I,MATCH(E51,DESPESES!$H:$H,0)) -> 6 | G51: =INDEX(DESPESES!$J:$J,MATCH(E51,DESPESES!$H:$H,0)) -> Reforma enèrgetica Ajuntament PIREP. Redacció projectes | H51: =INDEX(DESPESES!$K:$K,MATCH(E51,DESPESES!$H:$H,0)) -> 30000 | I51: =+H51-K51-O51-Q51-S51-U51-W51 -> 0 | J51: =+I51/H51 -> 0 | L51: =+K51/H51 -> 0 | N51: =+M51/H51 -> 0 | O51: =+INGRESSOS!G175 -> 24000 | P51: =+O51/H51 -> 0.8 | R51: =+Q51/H51 -> 0 | T51: =+S51/H51 -> 0 | V51: =+U51/H51 -> 0 | W51: 6000 | X51: =+W51/H51 -> 0.2
A52: =INDEX(DESPESES!$B:$B,MATCH(E52,DESPESES!$H:$H,0)) -> Administració General Informàtica | B52: =INDEX(DESPESES!$E:$E,MATCH(E52,DESPESES!$H:$H,0)) -> 92000 | C52: =INDEX(DESPESES!$F:$F,MATCH(E52,DESPESES!$H:$H,0)) -> Administració general | D52: =INDEX(DESPESES!$G:$G,MATCH(E52,DESPESES!$H:$H,0)) -> 6360000 | E52: 920006360000 | F52: =INDEX(DESPESES!$I:$I,MATCH(E52,DESPESES!$H:$H,0)) -> 6 | G52: =INDEX(DESPESES!$J:$J,MATCH(E52,DESPESES!$H:$H,0)) -> Adquisició equips informàtic | H52: =INDEX(DESPESES!$K:$K,MATCH(E52,DESPESES!$H:$H,0)) -> 14500 | I52: =+H52-K52-O52-Q52-S52-U52-W52 -> 14500 | J52: =+I52/H52 -> 1 | L52: =+K52/H52 -> 0 | N52: =+M52/H52 -> 0 | P52: =+O52/H52 -> 0 | R52: =+Q52/H52 -> 0 | T52: =+S52/H52 -> 0 | V52: =+U52/H52 -> 0 | W52: 0 | X52: =+W52/H52 -> 0
A53: =INDEX(DESPESES!$B:$B,MATCH(E53,DESPESES!$H:$H,0)) -> Administració General Informàtica | B53: =INDEX(DESPESES!$E:$E,MATCH(E53,DESPESES!$H:$H,0)) -> 92000 | C53: =INDEX(DESPESES!$F:$F,MATCH(E53,DESPESES!$H:$H,0)) -> Administració general | D53: =INDEX(DESPESES!$G:$G,MATCH(E53,DESPESES!$H:$H,0)) -> 6410001 | E53: 920006410001 | F53: =INDEX(DESPESES!$I:$I,MATCH(E53,DESPESES!$H:$H,0)) -> 6 | G53: =INDEX(DESPESES!$J:$J,MATCH(E53,DESPESES!$H:$H,0)) -> Programari informàtic | H53: =INDEX(DESPESES!$K:$K,MATCH(E53,DESPESES!$H:$H,0)) -> 10000 | I53: =+H53-K53-O53-Q53-S53-U53-W53 -> 10000 | J53: =+I53/H53 -> 1 | L53: =+K53/H53 -> 0 | N53: =+M53/H53 -> 0 | P53: =+O53/H53 -> 0 | R53: =+Q53/H53 -> 0 | T53: =+S53/H53 -> 0 | V53: =+U53/H53 -> 0 | X53: =+W53/H53 -> 0
A54: =INDEX(DESPESES!$B:$B,MATCH(E54,DESPESES!$H:$H,0)) -> Pobles Agregats | B54: =INDEX(DESPESES!$E:$E,MATCH(E54,DESPESES!$H:$H,0)) -> 92402 | C54: =INDEX(DESPESES!$F:$F,MATCH(E54,DESPESES!$H:$H,0)) -> Altet | D54: =INDEX(DESPESES!$G:$G,MATCH(E54,DESPESES!$H:$H,0)) -> 6190028 | E54: 924026190028 | F54: =INDEX(DESPESES!$I:$I,MATCH(E54,DESPESES!$H:$H,0)) -> 6 | G54: =INDEX(DESPESES!$J:$J,MATCH(E54,DESPESES!$H:$H,0)) -> Arrenjament pista central | H54: =INDEX(DESPESES!$K:$K,MATCH(E54,DESPESES!$H:$H,0)) -> 4000 | I54: =+H54-K54-O54-Q54-S54-U54-W54 -> 4000 | J54: =+I54/H54 -> 1 | L54: =+K54/H54 -> 0 | N54: =+M54/H54 -> 0 | P54: =+O54/H54 -> 0 | R54: =+Q54/H54 -> 0 | T54: =+S54/H54 -> 0 | V54: =+U54/H54 -> 0 | X54: =+W54/H54 -> 0
A55: =INDEX(DESPESES!$B:$B,MATCH(E55,DESPESES!$H:$H,0)) -> Urbanisme | B55: =INDEX(DESPESES!$E:$E,MATCH(E55,DESPESES!$H:$H,0)) -> 92403 | C55: =INDEX(DESPESES!$F:$F,MATCH(E55,DESPESES!$H:$H,0)) -> Claravalls | D55: =INDEX(DESPESES!$G:$G,MATCH(E55,DESPESES!$H:$H,0)) -> 6190062 | E55: 924036190062 | F55: =INDEX(DESPESES!$I:$I,MATCH(E55,DESPESES!$H:$H,0)) -> 6 | G55: =INDEX(DESPESES!$J:$J,MATCH(E55,DESPESES!$H:$H,0)) -> Pavimentacions 2a fase Claravalls | H55: =INDEX(DESPESES!$K:$K,MATCH(E55,DESPESES!$H:$H,0)) -> 50000 | I55: =+H55-K55-O55-Q55-S55-U55-W55 -> 0 | J55: =+I55/H55 -> 0 | L55: =+K55/H55 -> 0 | N55: =+M55/H55 -> 0 | P55: =+O55/H55 -> 0 | R55: =+Q55/H55 -> 0 | T55: =+S55/H55 -> 0 | V55: =+U55/H55 -> 0 | W55: 50000 | X55: =+W55/H55 -> 1
A56: =INDEX(DESPESES!$B:$B,MATCH(E56,DESPESES!$H:$H,0)) -> Urbanisme | B56: =INDEX(DESPESES!$E:$E,MATCH(E56,DESPESES!$H:$H,0)) -> 92404 | C56: =INDEX(DESPESES!$F:$F,MATCH(E56,DESPESES!$H:$H,0)) -> La Figuerosa | D56: =INDEX(DESPESES!$G:$G,MATCH(E56,DESPESES!$H:$H,0)) -> 6220000 | E56: 924046220000 | F56: =INDEX(DESPESES!$I:$I,MATCH(E56,DESPESES!$H:$H,0)) -> 6 | G56: =INDEX(DESPESES!$J:$J,MATCH(E56,DESPESES!$H:$H,0)) -> Actuacions edifici de la rectoria | H56: =INDEX(DESPESES!$K:$K,MATCH(E56,DESPESES!$H:$H,0)) -> 10000 | I56: =+H56-K56-O56-Q56-S56-U56-W56 -> 10000 | J56: =+I56/H56 -> 1 | L56: =+K56/H56 -> 0 | N56: =+M56/H56 -> 0 | P56: =+O56/H56 -> 0 | R56: =+Q56/H56 -> 0 | T56: =+S56/H56 -> 0 | V56: =+U56/H56 -> 0 | X56: =+W56/H56 -> 0
A57: =INDEX(DESPESES!$B:$B,MATCH(E57,DESPESES!$H:$H,0)) -> Pobles Agregats | B57: =INDEX(DESPESES!$E:$E,MATCH(E57,DESPESES!$H:$H,0)) -> 92406 | C57: =INDEX(DESPESES!$F:$F,MATCH(E57,DESPESES!$H:$H,0)) -> Santa Maria de Montmagastrell | D57: =INDEX(DESPESES!$G:$G,MATCH(E57,DESPESES!$H:$H,0)) -> 6230000 | E57: 924066230000 | F57: =INDEX(DESPESES!$I:$I,MATCH(E57,DESPESES!$H:$H,0)) -> 6 | G57: =INDEX(DESPESES!$J:$J,MATCH(E57,DESPESES!$H:$H,0)) -> Inversió nova de maquinària, instal·lacions tècniques i utillatge | H57: =INDEX(DESPESES!$K:$K,MATCH(E57,DESPESES!$H:$H,0)) -> 3000 | I57: =+H57-K57-O57-Q57-S57-U57-W57 -> 3000 | J57: =+I57/H57 -> 1 | L57: =+K57/H57 -> 0 | N57: =+M57/H57 -> 0 | P57: =+O57/H57 -> 0 | R57: =+Q57/H57 -> 0 | T57: =+S57/H57 -> 0 | V57: =+U57/H57 -> 0 | X57: =+W57/H57 -> 0
H58: =SUM(H4:H57) -> 2798433 | I58: =SUM(I4:I57) -> 129433 | K58: =SUM(K4:K57) -> 0 | M58: =SUM(M4:M57) -> 120000 | O58: =SUM(O4:O57) -> 392000 | Q58: =SUM(Q4:Q57) -> 0 | S58: =SUM(S4:S57) -> 737500 | U58: =SUM(U4:U57) -> 80000 | W58: =SUM(W3:W57) -> 1339500
O60: =+INGRESSOS!G173+INGRESSOS!G174+INGRESSOS!G175+INGRESSOS!G176+INGRESSOS!G177 -> 392000 | S60: =+INGRESSOS!G165+INGRESSOS!G166+INGRESSOS!G168+INGRESSOS!G169+INGRESSOS!G167 -> 737500 | U60: =+INGRESSOS!G170+INGRESSOS!G171 -> 80000 | W60: =+INGRESSOS!G178 -> 1339500

Sheet CONSOLIDAT
A1: INGRESSOS
B3: AJUNTAMENT | C3: EPEL | D3: SUMTA | E3: TOTAL | F3: TRANSFERENCIES INTERNES | G3: TOTAL CONSOLIDAT
A4: Etiquetas de fila | B4: Suma de PRESS 2023
A5: 1 | B5: 7712400 | C5: 0 | E5: =GETPIVOTDATA("PRESS 2023",$A$4,"EC","1")+C5+D5 -> 7712400 | G5: =E5-F5 -> 7712400
A6: 2 | B6: 450000 | C6: 0 | E6: =GETPIVOTDATA("PRESS 2023",$A$4,"EC","2")+C6+D6 -> 450000 | G6: =E6-F6 -> 450000
A7: 3 | B7: 3838627 | C7: 333550 | E7: =GETPIVOTDATA("PRESS 2023",$A$4,"EC","3")+C7+D7 -> 4172177 | G7: =E7-F7 -> 4172177
A8: 4 | B8: 5985716 | C8: 869650 | D8: 9000 | E8: =GETPIVOTDATA("PRESS 2023",$A$4,"EC","4")+C8+D8 -> 6864366 | F8: =171000+45000 -> 216000 | G8: =E8-F8 -> 6648366
A9: 5 | B9: 388503 | C9: 800 | E9: =GETPIVOTDATA("PRESS 2023",$A$4,"EC","5")+C9+D9 -> 389303 | G9: =E9-F9 -> 389303
A10: 7 | B10: 1329500 | C10: 0 | E10: =GETPIVOTDATA("PRESS 2023",$A$4,"EC","7")+C10+D10 -> 1329500 | G10: =E10-F10 -> 1329500
A11: 9 | B11: 1339500 | C11: 0 | E11: =GETPIVOTDATA("PRESS 2023",$A$4,"EC","9")+C11+D11 -> 1339500 | G11: =E11-F11 -> 1339500
A12: Total general | B12: 21044246 | C12: =SUM(C5:C11) -> 1204000 | D12: =SUM(D5:D11) -> 9000 | E12: =SUM(E5:E11) -> 22257246 | F12: =SUM(F5:F11) -> 216000 | G12: =SUM(G5:G11) -> 22041246
A15: DESPESES
B16: AJUNTAMENT | C16: EPEL | D16: SUMTA | E16: TOTAL | F16: TRANSFERENCIES INTERNES | G16: TOTAL CONSOLIDAT
A17: Etiquetas de fila | B17: Suma de PRESS 2023
A18: 1 | B18: 8294415.7 | C18: 424000 | D18: 0 | E18: =GETPIVOTDATA("PRESS 2023",$A$17,"cap","1")+C18+D18 -> 8718415.7 | G18: =E18-F18 -> 8718415.7
A19: 2 | B19: 7151872.8 | C19: 777300 | D19: 8900 | E19: =GETPIVOTDATA("PRESS 2023",$A$17,"cap","2")+C19+D19 -> 7938072.8 | G19: =E19-F19 -> 7938072.8
A20: 3 | B20: 157611.9 | C20: 2700 | D20: 100 | E20: =GETPIVOTDATA("PRESS 2023",$A$17,"cap","3")+C20+D20 -> 160411.9 | G20: =E20-F20 -> 160411.9
A21: 4 | B21: 943210 | C21: 0 | D21: 0 | E21: =GETPIVOTDATA("PRESS 2023",$A$17,"cap","4")+C21+D21 -> 943210 | F21: =171000+45000 -> 216000 | G21: =E21-F21 -> 727210
A22: 5 | B22: 48400 | C22: 0 | D22: 0 | E22: =GETPIVOTDATA("PRESS 2023",$A$17,"cap","5")+C22+D22 -> 48400 | G22: =E22-F22 -> 48400
A23: 6 | B23: 2798433 | C23: 0 | D23: 0 | E23: =GETPIVOTDATA("PRESS 2023",$A$17,"cap","6")+C23+D23 -> 2798433 | G23: =E23-F23 -> 2798433
A24: 7 | B24: 44200 | C24: 0 | D24: 0 | E24: =GETPIVOTDATA("PRESS 2023",$A$17,"cap","7")+C24+D24 -> 44200 | G24: =E24-F24 -> 44200
A25: 9 | B25: 1606102.6 | C25: 0 | D25: 0 | E25: =GETPIVOTDATA("PRESS 2023",$A$17,"cap","9")+C25+D25 -> 1606102.6 | G25: =E25-F25 -> 1606102.6
A26: Total general | B26: 21044246 | C26: =SUM(C18:C25) -> 1204000 | D26: =SUM(D18:D25) -> 9000 | E26: =SUM(E18:E25) -> 22257246 | F26: =SUM(F18:F25) -> 216000 | G26: =SUM(G18:G25) -> 22041246
B29: =GETPIVOTDATA("PRESS 2023",$A$17,"cap","9") -> 1606102.6
B30: =DESPESES!N14 -> 107611.9
B31: =SUM(B29:B30) -> 1713714.5

Sheet RATI DEUTE VIU
A1: RATI DEL DEUTE VIU
B2: LIQ. 2021 CONSOLIDADA
B4: AJUNTAMENT | C4: EPEL | D4: SUMTA | E4: TRANSFERENCIES INTERNES | F4: TOTAL CONSOLIDAT
B5: Suma de Drets reconeguts nets
A6: 1 | B6: 7827360.6 | C6: 0 | D6: 0 | F6: 7827360.6
A7: 2 | B7: 373231.48 | C7: 0 | D7: 0 | F7: 373231.48
A8: 3 | B8: 3424149.1 | C8: 205289.29 | D8: 0 | F8: 3629438.4
A9: 4 | B9: 6148627.7 | C9: 930308.5 | D9: 0 | E9: 173258.5 | F9: 6905677.7
A10: 5 | B10: 102885.72 | C10: 0 | D10: 0 | F10: 102885.72
A11: 6 | B11: 70901 | C11: 0 | D11: 0 | F11: 70901
A12: 7 | B12: 631813.76 | C12: 0 | D12: 0 | F12: 631813.76
A13: 8 | B13: 0 | C13: 0 | D13: 0 | F13: 0
A14: 9 | B14: 1997033.8 | C14: 0 | D14: 0 | F14: 1997033.8
A15: Total general | B15: =SUM(B6:B14) -> 20576003 | C15: =SUM(C6:C14) -> 1135597.8 | D15: =SUM(D6:D14) -> 0 | E15: =SUM(E6:E14) -> 173258.5 | F15: =SUM(F6:F14) -> 21538342
B18: CONSOLIDATS | C18: LIQ. 2021
B19: cap 1 | C19: =F6 -> 7827360.6
B20: cap 2 | C20: =F7 -> 373231.48
B21: cap 3 | C21: =F8 -> 3629438.4
B22: cap 4 | C22: =F9+173258.5 -> 7078936.2
B23: cap 5 | C23: =F10 -> 102885.72
B24: transferències internes | C24: =-E9 -> -173258.5 | G24: INGRESSOS EXTRAORDINARIS | H24: =SUM(H26:H29) -> 232011.38
B25: TOTAL DRN | C25: =SUM(C19:C24) -> 18838594
B26: CCEE | C26: -9883.91 | F26: 4501001 | G26: Fons Extraordinari Cooperació local COVID-19 | H26: 171843.48
B27: INGRESSOS EXTRAORDINARIS | C27: =-H24 -> -232011.38 | F27: 4506004 | G27: Conveni CATSALUT habilitació espai vacunació COVID-19 | H27: 5775.5
B28: DRN CORRENTS | C28: =C25+C26+C27 -> 18596699 | F28: 4508030 | G28: Subv OSIC Pèrdues aforament espais escènics i musicals COVID-19 | H28: 53460
F29: 4508031 | G29: Subv.Ajuts organització fires_COVID-19_CCAM | H29: 932.4
B33: Ingressos corrents liquidació 2021 consolidat | C33: =C28 -> 18596699
B34: Deute Viu ll/t 31/12/2023 | C34: 4255595.8
B35: Deute viu c/t previst 31/12/2023 | C35: 0
B36: Deute Viu 31/12/2023 | C36: =C34+C35 -> 4255595.8
B37: Rati Legal deute viu | C37: =C36/C33 -> 0.22883609

Sheet ESTALVI NET
A1: ESTALVI NET
A4: Econ. | B4: Descripció | C4: AJUNTAMENT
A5: 1 | B5: IMPOSTOS DIRECTES | C5: =GETPIVOTDATA("PRESS 2023",CONSOLIDAT!$A$4,"EC","1") -> 7712400
A6: 2 | B6: IMPOSTOS INDIRECTES | C6: =GETPIVOTDATA("PRESS 2023",CONSOLIDAT!$A$4,"EC","2") -> 450000
A7: 3 | B7: TAXES I ALTRES INGRESSOS | C7: =GETPIVOTDATA("PRESS 2023",CONSOLIDAT!$A$4,"EC","3") -> 3838627
A8: 4 | B8: TRANSFERENCIES CORRENTS | C8: =GETPIVOTDATA("PRESS 2023",CONSOLIDAT!$A$4,"EC","4") -> 5985716
A9: 5 | B9: INGRESSOS PATRIMONIALS | C9: =GETPIVOTDATA("PRESS 2023",CONSOLIDAT!$A$4,"EC","5") -> 388503
B10: INGRESSOS CORRENTS (1) | C10: =SUM(C5:C9) -> 18375246
A11: 1 | B11: DESPESES DE PERSONAL | C11: =GETPIVOTDATA("PRESS 2023",CONSOLIDAT!$A$17,"cap","1") -> 8294415.7
A12: 2 | B12: COMPRA DE BÉNS I SERVEIS | C12: =GETPIVOTDATA("PRESS 2023",CONSOLIDAT!$A$17,"cap","2") -> 7151872.8
A13: 4 | B13: TRANSFERENCIES CORRENTS | C13: =GETPIVOTDATA("PRESS 2023",CONSOLIDAT!$A$17,"cap","4") -> 943210
B14: DESPESES CORRENTS (2) | C14: =SUM(C11:C13) -> 16389499
B15: ESTALVI BRUT (1-2 = 3) | C15: =+C10-C14 -> 1985747.5
B16: DESPESES CAPITAL FINANCERES (4) (A. TEORICA) | C16: =GETPIVOTDATA("PRESS 2023",CONSOLIDAT!$A$17,"cap","3")+GETPIVOTDATA("PRESS 2023",CONSOLIDAT!$A$17,"cap","9") -> 1763714.5 | D16: (CAP 3 + CAP 9)
B17: ESTALVI NET (3-4 = 5) | C17: =+C15-C16 -> 222033

Sheet CLASSIF INGRESSOS
A1: CLASSIFICACIÓ ECÒNOMIQUES D'INGRESSOS | E1: https://www.boe.es/buscar/act.php?id=BOE-A-2008-19916
A2: Capítulo | B2: Artículo | C2: Concepto | D2: Subconcepto | E2: Denominación
A3: 1 | E3: Impuestos directos.
B4: 10 | E4: Impuesto sobre la Renta.
C5: 100 | E5: Impuestos sobre la Renta de las Personas Físicas.
C6: 101 | E6: Impuesto sobre Sociedades.
C7: 102 | E7: Impuesto sobre la Renta de No Residentes.
B8: 11 | E8: Impuestos sobre el capital.
C9: 110 | E9: Impuesto sobre Sucesiones y Donaciones.
C10: 111 | E10: Impuesto sobre Patrimonio.
C11: 112 | E11: Impuesto sobre Bienes Inmuebles. Bienes Inmuebles de Naturaleza Rústica.
C12: 113 | E12: Impuesto sobre Bienes Inmuebles. Bienes inmuebles de Naturaleza Urbana.
C13: 114 | E13: Impuesto sobre Bienes Inmuebles. Bienes Inmuebles de características especiales.
C14: 115 | E14: Impuesto sobre Vehículos de Tracción Mecánica.
C15: 116 | E15: Impuesto sobre Incremento del Valor de los Terrenos de Naturaleza Urbana.
C16: 117 | E16: Impuesto sobre viviendas desocupadas.
B17: 13 | E17: Impuesto sobre las Actividades Económicas.
C18: 130 | E18: Impuesto sobre Actividades Económicas.
B19: 16 | E19: Recargos sobre impuestos directos del Estado y de la Comunidad Autónoma.
C20: 160 | E20: Sobre impuestos del Estado.
C21: 161 | E21: Sobre impuestos de la Comunidad Autónoma.
B22: 17 | E22: Recargos sobre impuestos directos de otros entes locales.
C23: 170 | E23: En el Impuesto sobre Bienes Inmuebles.
C24: 171 | E24: Recargo provincial en el Impuesto sobre Actividades Económicas.
C25: 179 | E25: Otros recargos sobre impuestos directos de otros entes locales.
B26: 18 | E26: Impuestos directos extinguidos.
B27: 19 | E27: Otros impuestos directos.
A28: 2 | E28: Impuestos indirectos.
B29: 21 | E29: Impuestos sobre el Valor Añadido.
C30: 210 | E30: Impuesto sobre el Valor Añadido.
B31: 22 | E31: Sobre consumos específicos.
C32: 220 | E32: Impuestos Especiales.
D33: 220.00 | E33: Impuesto sobre el alcohol y bebidas derivadas.
D34: 220.01 | E34: Impuesto sobre la cerveza.
D35: 220.02 | E35: Impuesto sobre el vino y bebidas fermentadas.
D36: 220.03 | E36: Impuesto sobre las labores del tabaco.
D37: 220.04 | E37: Impuesto sobre hidrocarburos.
D38: 220.05 | E38: Impuesto sobre determinados medios de transporte.
D39: 220.06 | E39: Impuesto sobre productos intermedios.
D40: 220.07 | E40: Impuesto sobre la energía.
D41: 220.08 | E41: Impuesto sobre ventas minoristas de hidrocarburos.
D42: 220.09 | E42: Exacción sobre la gasolina.
B43: 26 | E43: Recargos sobre impuestos indirectos del Estado y de la Comunidad Autónoma.
C44: 260 | E44: Sobre impuestos del Estado.
C45: 261 | E45: Sobre impuestos de la Comunidad Autónoma.
B46: 27 | E46: Recargos sobre impuestos indirectos de otros entes locales.
C47: 270 | E47: Sobre impuestos de otros entes locales.
B48: 28 | E48: Impuestos indirectos extinguidos.
B49: 29 | E49: Otros impuestos indirectos.
C50: 290 | E50: Impuesto sobre construcciones, instalaciones y obras.
C51: 291 | E51: Impuesto sobre gastos suntuarios (Cotos de caza y pesca).
C52: 292 | E52: Arbitrio sobre importaciones y entregas de mercancías en Canarias (AIEM).
C53: 293 | E53: Impuesto general indirecto canario (IGIC).
C54: 294 | E54: Impuesto sobre la producción, los servicios y la importación (IPSI) de Ceuta y Melilla.
C55: 295 | E55: Impuesto sobre primas de seguros.
C56: 296 | E56: Impuesto sobre transmisiones patrimoniales y actos jurídicos documentados.
C57: 299 | E57: Otros Impuestos indirectos.
A58: 3 | E58: Tasas, precios públicos y otros ingresos.
B59: 30 | E59: Tasas por la prestación de servicios públicos básicos.
C60: 300 | E60: Servicio de abastecimiento de agua.
C61: 301 | E61: Servicio de alcantarillado.
C62: 302 | E62: Servicio de recogida de basuras.
C63: 303 | E63: Servicio de tratamiento de residuos.
C64: 304 | E64: Canon de saneamiento.
C65: 309 | E65: Otras tasas por prestación de servicios básicos.
B66: 31 | E66: Tasas por la prestación de servicios públicos de carácter social y preferente.
C67: 310 | E67: Servicios hospitalarios.
C68: 311 | E68: Servicios asistenciales.
C69: 312 | E69: Servicios educativos.
C70: 313 | E70: Servicios deportivos.
C71: 319 | E71: Otras tasas por prestación de servicios de carácter preferente.
B72: 32 | E72: Tasas por la realización de actividades de competencia local.
C73: 320 | E73: 0
C74: 321 | E74: Licencias urbanísticas.
C75: 322 | E75: Cédulas de habitabilidad y licencias de primera ocupación.
C76: 323 | E76: Tasas por otros servicios urbanísticos.
C77: 324 | E77: Tasas sobre el juego.
C78: 325 | E78: Tasa por expedición de documentos.
C79: 326 | E79: Tasa por retirada de vehículos.
C80: 329 | E80: Otras tasas por la realización de actividades de competencia local.
B81: 33 | E81: Tasas por la utilización privativa o el aprovechamiento especial del dominio público local.
C82: 330 | E82: Tasa de estacionamiento de vehículos.
C83: 331 | E83: Tasa por entrada de vehículos.
C84: 332 | E84: Tasa por utilización privativa o aprovechamiento especial por empresas explotadoras de servicios de suministros.
C85: 333 | E85: Tasa por utilización privativa o aprovechamiento especial por empresas explotadoras de servicios de telecomunicaciones.
C86: 334 | E86: Tasa por apertura de calas y zanjas.
C87: 335 | E87: Tasa por ocupación de la vía pública con terrazas.
C88: 336 | E88: Tasa por ocupación de la vía pública con suspensión temporal del tráfico rodado.
C89: 337 | E89: Tasas por aprovechamiento del vuelo.
C90: 338 | E90: Compensación de Telefónica de España, S.A.
C91: 339 | E91: Otras tasas por utilización privativa del dominio público.
B92: 34 | E92: Precios públicos.
C93: 340 | E93: Servicios hospitalarios.
C94: 341 | E94: Servicios asistenciales.
C95: 342 | E95: Servicios educativos.
C96: 343 | E96: Servicios deportivos.
C97: 344 | E97: Entradas a museos, exposiciones, espectáculos.
C98: 345 | E98: Servicio de transporte público urbano.
C99: 349 | E99: Otros precios públicos.
B100: 35 | E100: Contribuciones especiales.
...

Sheet CLASSIF DESPESES
A1: CLASSIFICACIÓ ECÒNOMIQUES DE DESPESA | B1: https://www.boe.es/buscar/act.php?id=BOE-A-2008-19916
A2: Capítulo | B2: Artículo | C2: Concepto | D2: Subconcepto | E2: Denominación
A3: 1 | E3: GASTOS DE PERSONAL.
B4: 10 | E4: Órganos de gobierno y personal directivo.
C5: 100 | E5: Retribuciones básicas y otras remuneraciones de los miembros de los órganos de gobierno.
D6: 100.00 | E6: Retribuciones básicas.
D7: 100.01 | E7: Otras remuneraciones.
C8: 101 | E8: Retribuciones básicas y otras remuneraciones del personal directivo.
D9: 101.00 | E9: Retribuciones básicas.
D10: 101.01 | E10: Otras remuneraciones.
C11: 107 | E11: Contribuciones a planes y fondos de pensiones.
D12: 107.00 | E12: De los miembros de los órganos de gobierno.
D13: 107.01 | E13: Del personal directivo.
B14: 11 | E14: Personal eventual.
C15: 110 | E15: Retribuciones básicas y otras remuneraciones de personal eventual.
D16: 110.00 | E16: Retribuciones básicas.
D17: 110.01 | E17: Retribuciones complementarias.
D18: 110.02 | E18: Otras remuneraciones.
C19: 117 | E19: Contribuciones a planes y fondos de pensiones.
B20: 12 | E20: Personal Funcionario.
C21: 120 | E21: Retribuciones básicas.
D22: 120.00 | E22: Sueldos del Grupo A1.
D23: 120.01 | E23: Sueldos del Grupo A2.
D24: 120.02 | E24: Sueldos del Grupo B.
D25: 120.03 | E25: Sueldos del Grupo C1.
D26: 120.04 | E26: Sueldos del Grupo C2.
D27: 120.05 | E27: Sueldos del Grupo E.
D28: 120.06 | E28: Trienios.
D29: 120.09 | E29: Otras retribuciones básicas.
C30: 121 | E30: Retribuciones complementarias.
D31: 121.00 | E31: Complemento de destino.
D32: 121.01 | E32: Complemento específico.
D33: 121.03 | E33: Otros complementos.
C34: 122 | E34: Retribuciones en especie.
C35: 124 | E35: Retribuciones de funcionarios en prácticas (mismo desglose que 120).
C36: 127 | E36: Contribuciones a planes y fondos de pensiones.
B37: 13 | E37: Personal Laboral.
C38: 130 | E38: Laboral Fijo.
D39: 130.00 | E39: Retribuciones básicas.
D40: 130.01 | E40: Horas extraordinarias
D41: 130.02 | E41: Otras remuneraciones.
C42: 131 | E42: Laboral temporal.
C43: 132 | E43: Retribuciones en especie.
C44: 137 | E44: Contribuciones a planes y fondos de pensiones.
B45: 14 | E45: Otro personal.
C46: 143 | E46: Otro personal.
C47: 147 | E47: Contribuciones a planes y fondos de pensiones.
B48: 15 | E48: Incentivos al rendimiento.
C49: 150 | E49: Productividad.
C50: 151 | E50: Gratificaciones.
C51: 152 | E51: Otros incentivos al rendimiento.
C52: 153 | E52: Complemento de dedicación especial.
B53: 16 | E53: Cuotas, prestaciones y gastos sociales a cargo del empleador.
C54: 160 | E54: Cuotas sociales.
D55: 160.00 | E55: Seguridad Social.
D56: 160.08 | E56: Asistencia médico-farmacéutica.
D57: 160.09 | E57: Otras cuotas.
C58: 161 | E58: Prestaciones sociales.
D59: 161.03 | E59: Pensiones excepcionales.
D60: 161.04 | E60: Indemnizaciones al personal laboral por jubilaciones anticipadas.
D61: 161.05 | E61: Pensiones a cargo de la Entidad local.
D62: 161.07 | E62: Asistencia médico-farmacéutica a pensionistas.
C63: 162 | E63: Gastos sociales del personal.
D64: 162.00 | E64: Formación y perfeccionamiento del personal.
D65: 162.01 | E65: Economatos y comedores.
D66: 162.02 | E66: Transporte de personal.
D67: 162.04 | E67: Acción social.
D68: 162.05 | E68: Seguros.
D69: 162.09 | E69: Otros gastos sociales.
C70: 164 | E70: Complemento familiar.
A71: 2 | E71: GASTOS CORRIENTES EN BIENES Y SERVICIOS.
B72: 20 | E72: Arrendamientos y cánones.
C73: 200 | E73: Arrendamientos de terrenos y bienes naturales.
C74: 202 | E74: Arrendamientos de edificios y otras construcciones.
C75: 203 | E75: Arrendamientos de maquinaria, instalaciones y utillaje.
C76: 204 | E76: Arrendamientos de material de transporte.
C77: 205 | E77: Arrendamientos de mobiliario y enseres.
C78: 206 | E78: Arrendamientos de equipos para procesos de información.
C79: 208 | E79: Arrendamientos de otro inmovilizado material.
C80: 209 | E80: Cánones.
B81: 21 | E81: Reparaciones, mantenimiento y conservación.
C82: 210 | E82: Infraestructuras y bienes naturales.
C83: 212 | E83: Edificios y otras construcciones.
C84: 213 | E84: Maquinaria, instalaciones técnicas y utillaje.
C85: 214 | E85: Elementos de transporte.
C86: 215 | E86: Mobiliario.
C87: 216 | E87: Equipos para procesos de información.
C88: 219 | E88: Otro inmovilizado material.
B89: 22 | E89: Material, suministros y otros.
C90: 220 | E90: Material de oficina.
D91: 220.00 | E91: Ordinario no inventariable.
D92: 220.01 | E92: Prensa, revistas, libros y otras publicaciones.
D93: 220.02 | E93: Material informático no inventariable.
C94: 221 | E94: Suministros.
D95: 221.00 | E95: Energía eléctrica.
D96: 221.01 | E96: Agua.
D97: 221.02 | E97: Gas.
D98: 221.03 | E98: Combustibles y carburantes.
D99: 221.04 | E99: Vestuario.
D100: 221.05 | E100: Productos alimenticios.
...

Sheet OFICINES
A1: Igualtat, salut i joventut | D1: 13200 | E1: Guàrdia Urbana
A2: Acció Social | D2: 13500 | E2: Protecció civil
A3: Administració General Informàtica | D3: 15100 | E3: Urbanisme
A4: Administració General Secretaria | D4: 15200 | E4: Habitatge
A5: Alcaldia | D5: 15320 | E5: Vies Públiques
A6: Biblioteca | D6: 16000 | E6: Clavegueram.
A7: Centre la Solana | D7: 16100 | E7: Proveïment domiciliari d’aigua potable.
A8: Centre Obert | D8: 16200 | E8: Recollida, gestió i tractament de residus.
A9: Complex piscines | D9: 16300 | E9: Neteja viària.
A10: Comunicació | D10: 16400 | E10: Cementiri i serveis funeraris
A11: Consergeria | D11: 16500 | E11: Enllumenat públic
A12: Cultura | D12: 17100 | E12: Parcs i jardins
... A32: Urbanisme | D32: 24130 | E32: 30 PLUS 21 (2021-2022)
D33: 24131 | E33: TREBALL I FORMACIÓ MG45 I DONA 2021 (2021-2023)
D34: 24132 | E34: PROJECTE SINGULARS 21 (21-22)
D35: 24133 | E35: TREBALL I FORMACIÓ 21 ANTICIPADA 22 (22-23)
D36: 43013 | E36: AODL INNOVACIÓ EMPRESARIAL
D37: 43014 | E37: AODL COACHING EMPRESARIAL
D38: 43015 | E38: AODL 21-22 DESENVOLUPAMENT COMERCIAL I TURÍSTIC
D39: 43016 | E39: AODL 21-22 FOMENT EMPRESARIAL
D40: 31100 | E40: Accions Públiques Relatives a la Salut
D41: 32000 | E41: Administració general d’educació
D42: 32301 | E42: Col·legi Jacint Verdaguer
D43: 32302 | E43: Col·legi Àngel Guimerà
D44: 32303 | E44: Col·legi Maria Mercè Marçal
... D110: 93100 | E110: Política econòmica i fiscal
D111: 01100 | E111: Interessos
D112: 01102 | E112: Amortitzacions

Sheet partides cgap
A1: 1000001 | B1: Alcaldia
A2: 1000101 | B2: Regidors Corporació
A3: 1000102 | B3: Altres remuneracions
A4: 1010000 | B4: Retribucions bàsiques personal directiu
A5: 1010001 | B5: Retribucions bàsiques
A6: 1010002 | B6: Retribucions bàsiques
A7: 1010003 | B7: Retribucions bàsiques
A8: 1010004 | B8: Indemnitzacions personal directiu
A9: 1010100 | B9: Altres remuneracions personal directiu
A10: 1100001 | B10: Retrib. bàsiques per eventual
A11: 1100100 | B11: Retribucions complementàries
A12: 1100201 | B12: Paga extra 2012 personal eventual
... A881: 9137001 | B881: Caixabank FFPP2012 B

Sheet A I D FUTURES
A1: Etiquetes de fila | B1: Suma de Saldo (Eur) | C1: PRESS 2023
A2: 132002040001 | B2: 22323.73 | C2: =INDEX(DESPESES!K:K,MATCH(A2,DESPESES!$H:$H,0)) -> 32000
A3: 132002060001 | B3: 642.51 | C3: =INDEX(DESPESES!K:K,MATCH(A3,DESPESES!$H:$H,0)) -> 882.51
A4: 132002200001 | B4: 517.8 | C4: =INDEX(DESPESES!K:K,MATCH(A4,DESPESES!$H:$H,0)) -> 1250
A5: 132002200010 | B5: 1394.4 | C5: =INDEX(DESPESES!K:K,MATCH(A5,DESPESES!$H:$H,0)) -> 1544
A6: 132002210001 | B6: 1800 | C6: =INDEX(DESPESES!K:K,MATCH(A6,DESPESES!$H:$H,0)) -> 4000
A7: 132002210301 | B7: 1764.11 | C7: =INDEX(DESPESES!K:K,MATCH(A7,DESPESES!$H:$H,0)) -> 14000
A8: 132002220001 | B8: 9000 | C8: =INDEX(DESPESES!K:K,MATCH(A8,DESPESES!$H:$H,0)) -> 9000
A9: 151002060001 | B9: 2646.56 | C9: =INDEX(DESPESES!K:K,MATCH(A9,DESPESES!$H:$H,0)) -> 2646.56
A10: 151002200010 | B10: 3090.64 | C10: =INDEX(DESPESES!K:K,MATCH(A10,DESPESES!$H:$H,0)) -> 3090.64
A11: 151002220001 | B11: 100 | C11: =INDEX(DESPESES!K:K,MATCH(A11,DESPESES!$H:$H,0)) -> 100
A12: 151002270600 | B12: 22421.3 | C12: =INDEX(DESPESES!K:K,MATCH(A12,DESPESES!$H:$H,0)) -> 23000
A13: 153202020001 | B13: 37752 | C13: =INDEX(DESPESES!K:K,MATCH(A13,DESPESES!$H:$H,0)) -> 37752
... A257: 931002200010 | B257: 500.94 | C257: =INDEX(DESPESES!K:K,MATCH(A257,DESPESES!$H:$H,0)) -> 500.94
B258: =SUM(B2:B257) -> 1931455.3
A268: Exercici | B268: C. Orgànica | C268: C. Programa | D268: C. Econòmica | E268: concat | F268: Desc. Ap.Press. | G268: N.Assentament | H268: N.Oper. | I268: Indicador | J268: Barrada | K268: Desc. Oper. | L268: D. Oper | M268: Oper. Ant | N268: Any Proj. | O268: Projecte | P268: Subprojecte | Q268: Expedient | R268: Doc. Acred. | S268: D.C. Tercer | T268: Nom tercer | U268: R.S. Tercer | V268: I. Presup. (Eur) | W268: Saldo (Eur) | X268: Tipus Pressup. | Y268: Tipus Exercici | Z268: Codi Territorial | AA268: Codi PEP
A269: 2023 | B269: 0 | C269: 13200 | D269: 2040001 | E269: =_xlfn.CONCAT(C269,D269) -> 132002040001 | F269: Arrendaments material transport. | H269: 2020019240 | I269: AD | K269: SUBM. EN MODALITAT D'ARRENDAMENT SENSE OC_SEAT ATE | L269: 44562 | R269: A91001438 | T269: ALPHABET ESPAÑA FLEET MANAGEMENT SA | V269: 7877.93 | W269: 7877.93 | X269: Despesa | Y269: Futurs | Z269: =+V269-W269 -> 0
A270: 2023 | B270: 0 | C270: 13200 | D270: 2040001 | E270: =_xlfn.CONCAT(C270,D270) -> 132002040001 | F270: Arrendaments material transport. | H270: 2022005835 | I270: AD | K270: ACM LLOGUER VEHICLE FORD KUGA TITANIUM | L270: 44665 | R270: A91001438 | T270: ALPHABET ESPAÑA FLEET MANAGEMENT SA | V270: 14445.8 | W270: 14445.8 | X270: Despesa | Y270: Futurs | Z270: =+V270-W270 -> 0
A271: 2023 | B271: 0 | C271: 13200 | D271: 2060001 | E271: =_xlfn.CONCAT(C271,D271) -> 132002060001 | F271: Arrendament equips informàtic | H271: 2020007037 | I271: AD | K271: ADHESIO ACORD MARC FOTOCOPIADORES - LLOGUER (1/2) | L271: 44562 | R271: U67273987 | T271: GIROCOPI, SL - SISTEMES D'ORGANITZACIÓ, SA UTE | V271: 642.51 | W271: 642.51 | X271: Despesa | Y271: Futurs | Z271: =+V271-W271 -> 0
A272: 2023 | B272: 0 | C272: 13200 | D272: 2200001 | E272: =_xlfn.CONCAT(C272,D272) -> 132002200001 | F272: Material oficina | H272: 2022019334 | I272: D | K272: LICITACIÓ MATERIAL OFICINA I PAPER D'IMPRESSIÓ | L272: 44840 | M272: 2022014313 | R272: A79206223 | T272: LYRECO ESPAÑA SA | V272: 517.8 | W272: 517.8 | X272: Despesa | Y272: Futurs | Z272: =+V272-W272 -> 0
A273: 2023 | B273: 0 | C273: 13200 | D273: 2200010 | E273: =_xlfn.CONCAT(C273,D273) -> 132002200010 | F273: Fotocòpies i Impressions | H273: 2020014540 | I273: AD | K273: ADHESIO ACORD MARC FOTOCOPIADORES - COPIES (1/2) | L273: 44562 | R273: U67273987 | T273: GIROCOPI, SL - SISTEMES D'ORGANITZACIÓ, SA UTE | V273: 1394.4 | W273: 1394.4 | X273: Despesa | Y273: Futurs | Z273: =+V273-W273 -> 0
A274: 2023 | B274: 0 | C274: 13200 | D274: 2210001 | E274: =_xlfn.CONCAT(C274,D274) -> 132002210001 | F274: Energia elèctrica. | H274: 2022012749 | I274: AD | K274: 1a PRORR CTE ACM ENERGIA ELÈCTRICA fins30/06/23 | L274: 44741 | R274: A81948077 | T274: ENDESA ENERGIA SAU UNIPER | V274: 1800 | W274: 1800 | X274: Despesa | Y274: Futurs | Z274: =+V274-W274 -> 0
A275: 2023 | B275: 0 | C275: 13200 | D275: 2210301 | E275: =_xlfn.CONCAT(C275,D275) -> 132002210301 | F275: Combustible i carburants | H275: 2022003870 | I275: AD | K275: 2ª PRÒRROGA SUBMINISTRAMENT GASOIL B EXP.2022/1259 | L275: 44834 | R275: A58415779 | T275: SOCIETAT CATALANA DE PETROLIS SA | V275: 1764.11 | W275: 1764.11 | X275: Despesa | Y275: Futurs | Z275: =+V275-W275 -> 0
A276: 2023 | B276: 0 | C276: 13200 | D276: 2220001 | E276: =_xlfn.CONCAT(C276,D276) -> 132002220001 | F276: Serveis de Telecomunicacions | H276: 2022003755 | I276: AD | K276: SERVEI DE TELECOMUNICACIONS FIXA_LOT1 | L276: 44659 | R276: A82018474 | T276: TELEFONICA DE ESPAÑA SAU | V276: 9000 | W276: 9000 | X276: Despesa | Y276: Futurs | Z276: =+V276-W276 -> 0
A277: 2023 | B277: 0 | C277: 15100 | D277: 2060001 | E277: =_xlfn.CONCAT(C277,D277) -> 151002060001 | F277: Arrendament equips informàtic | H277: 2020007037 | I277: AD | K277: ADHESIO ACORD MARC FOTOCOPIADORES - LLOGUER (1/2) | L277: 44562 | R277: U67273987 | T277: GIROCOPI, SL - SISTEMES D'ORGANITZACIÓ, SA UTE | V277: 1089 | W277: 1089 | X277: Despesa | Y277: Futurs | Z277: =+V277-W277 -> 0
A278: 2023 | B278: 0 | C278: 15100 | D278: 2060001 | E278: =_xlfn.CONCAT(C278,D278) -> 151002060001 | F278: Arrendament equips informàtic | H278: 2020007043 | I278: AD | K278: CONTRACTE ADHESIO ACORD MARC FOTOCOPIADORES | L278: 44562 | R278: U67401935 | T278: RICOH SISTEMAS UTE | V278: 1557.56 | W278: 1557.56 | X278: Despesa | Y278: Futurs | Z278: =+V278-W278 -> 0
A279: 2023 | B279: 0 | C279: 15100 | D279: 2200010 | E279: =_xlfn.CONCAT(C279,D279) -> 151002200010 | F279: Fotocòpies i impressions | H279: 2020007043 | I279: AD | K279: CONTRACTE ADHESIO ACORD MARC FOTOCOPIADORES | L279: 44562 | R279: U67401935 | T279: RICOH SISTEMAS UTE | V279: 821.89 | W279: 821.89 | X279: Despesa | Y279: Futurs | Z279: =+V279-W279 -> 0
A280: 2023 | B280: 0 | C280: 15100 | D280: 2200010 | E280: =_xlfn.CONCAT(C280,D280) -> 151002200010 | F280: Fotocòpies i impressions | H280: 2020014540 | I280: AD | K280: ADHESIO ACORD MARC FOTOCOPIADORES - COPIES (1/2) | L280: 44562 | R280: U67273987 | T280: GIROCOPI, SL - SISTEMES D'ORGANITZACIÓ, SA UTE | V280: 2268.75 | W280: 2268.75 | X280: Despesa | Y280: Futurs | Z280: =+V280-W280 -> 0
A281: 2023 | B281: 0 | C281: 15100 | D281: 2220001 | E281: =_xlfn.CONCAT(C281,D281) -> 151002220001 | F281: Telefonia | H281: 2022003756 | I281: AD | K281: SERVEI DE TELECOMUNICACIONS MÒBILS_LOT2 | L281: 44659 | R281: A80907397 | T281: VODAFONE ESPAÑA S.A. | V281: 100 | W281: 100 | X281: Despesa | Y281: Futurs | Z281: =+V281-W281 -> 0
A282: 2023 | B282: 0 | C282: 15100 | D282: 2270600 | E282: =_xlfn.CONCAT(C282,D282) -> 151002270600 | F282: Estudis i Treballs Tècnics | H282: 2021009154 | I282: D | K282: ASSESSORAMENT LLICÈNCIES AMBIENTALS EXP.2021/1673 | L282: 44562 | M282: 2021004953 | R282: J25457656 | T282: ACTICLIC ENGINYERIA SOCIETAT CIVIL PROFESSIONAL | V282: 22421.3 | W282: 22421.3 | X282: Despesa | Y282: Futurs | Z282: =+V282-W282 -> 0
A283: 2023 | B283: 0 | C283: 15320 | D283: 2020001 | E283: =_xlfn.CONCAT(C283,D283) -> 153202020001 | F283: Arrendament Edificis | H283: 2020009767 | I283: AD | K283: CONTRACTE ARRENDAMENT NAU INDUSTRIAL VEHICLES | L283: 44562 | R283: A25013160 | T283: INDUSTRIAS JOSE TREPAT GALCERAN, S.A. | V283: 37752 | W283: 37752 | X283: Despesa | Y283: Futurs | Z283: =+V283-W283 -> 0
A284: 2023 | B284: 0 | C284: 15320 | D284: 2060001 | E284: =_xlfn.CONCAT(C284,D284) -> 153202060001 | F284: Arrendament equips informàtic | H284: 2020007037 | I284: AD | K284: ADHESIO ACORD MARC FOTOCOPIADORES - LLOGUER (1/2) | L284: 44562 | R284: U67273987 | T284: GIROCOPI, SL - SISTEMES D'ORGANITZACIÓ, SA UTE | V284: 290.4 | W284: 290.4 | X284: Despesa | Y284: Futurs | Z284: =+V284-W284 -> 0
A285: 2023 | B285: 0 | C285: 15320 | D285: 2200001 | E285: =_xlfn.CONCAT(C285,D285) -> 153202200001 | F285: Material oficina | H285: 2022019334 | I285: D | K285: LICITACIÓ MATERIAL OFICINA I PAPER D'IMPRESSIÓ | L285: 44840 | M285: 2022014313 | R285: A79206223 | T285: LYRECO ESPAÑA SA | V285: 141.22 | W285: 141.22 | X285: Despesa | Y285: Futurs | Z285: =+V285-W285 -> 0
A286: 2023 | B286: 0 | C286: 15320 | D286: 2200010 | E286: =_xlfn.CONCAT(C286,D286) -> 153202200010 | F286: Fotocòpies i impressions | H286: 2020014540 | I286: AD | K286: ADHESIO ACORD MARC FOTOCOPIADORES - COPIES (1/2) | L286: 44562 | R286: U67273987 | T286: GIROCOPI, SL - SISTEMES D'ORGANITZACIÓ, SA UTE | V286: 381.15 | W286: 381.15 | X286: Despesa | Y286: Futurs | Z286: =+V286-W286 -> 0
A287: 2023 | B287: 0 | C287: 15320 | D287: 2210001 | E287: =_xlfn.CONCAT(C287,D287) -> 153202210001 | F287: Subministrament Energia Elèctrica | H287: 2022012749 | I287: AD | K287: 1a PRORR CTE ACM ENERGIA ELÈCTRICA fins30/06/23 | L287: 44741 | R287: A81948077 | T287: ENDESA ENERGIA SAU UNIPER | V287: 7200 | W287: 7200 | X287: Despesa | Y287: Futurs | Z287: =+V287-W287 -> 0
A288: 2023 | B288: 0 | C288: 15320 | D288: 2210301 | E288: =_xlfn.CONCAT(C288,D288) -> 153202210301 | F288: Combustible i carburants | H288: 2022003870 | I288: AD | K288: 2ª PRÒRROGA SUBMINISTRAMENT GASOIL B EXP.2022/1259 | L288: 44834 | R288: A58415779 | T288: SOCIETAT CATALANA DE PETROLIS SA | V288: 3333.33 | W288: 3333.33 | X288: Despesa | Y288: Futurs | Z288: =+V288-W288 -> 0
A289: 2023 | B289: 0 | C289: 15320 | D289: 2220001 | E289: =_xlfn.CONCAT(C289,D289) -> 153202220001 | F289: Telefonia | H289: 2022003756 | I289: AD | K289: SERVEI DE TELECOMUNICACIONS MÒBILS_LOT2 | L289: 44659 | R289: A80907397 | T289: VODAFONE ESPAÑA S.A. | V289: 500 | W289: 500 | X289: Despesa | Y289: Futurs | Z289: =+V289-W289 -> 0
A290: 2023 | B290: 0 | C290: 15320 | D290: 2220001 | E290: =_xlfn.CONCAT(C290,D290) -> 153202220001 | F290: Telefonia | H290: 2022003755 | I290: AD | K290: SERVEI DE TELECOMUNICACIONS FIXA_LOT1 | L290: 44659 | R290: A82018474 | T290: TELEFONICA DE ESPAÑA SAU | V290: 2000 | W290: 2000 | X290: Despesa | Y290: Futurs | Z290: =+V290-W290 -> 0
A291: 2023 | B291: 0 | C291: 16000 | D291: 6500004 | E291: =_xlfn.CONCAT(C291,D291) -> 160006500004 | F291: Actuació sistema sanejament | H291: 2022022041 | I291: A | K291: PROJECTE CONSTRUCTIU COL·LECTOR DE SORTIDA EDAR | L291: 44867 | V291: 34017.64 | W291: 34017.64 | X291: Despesa | Y291: Futurs | Z291: =+V291-W291 -> 0
A292: 2023 | B292: 0 | C292: 16000 | D292: 6500004 | E292: =_xlfn.CONCAT(C292,D292) -> 160006500004 | F292: Actuació sistema sanejament | H292: 2022022043 | I292: D | K292: PROJECTE ADEQUACIÓ CAMÍ ACCÉS DEPURADORA TRRGA | L292: 44867 | M292: 2022017746 | R292: A25007832 | T292: SORIGUE SA | V292: 19054.27 | W292: 19054.27 | X292: Despesa | Y292: Futurs | Z292: =+V292-W292 -> 0
A293: 2023 | B293: 0 | C293: 16100 | D293: 2279900 | E293: =_xlfn.CONCAT(C293,D293) -> 161002279900 | F293: Consultoria i intervenció liquidació contracte d'aigua | H293: 2021019058 | I293: D | K293: CONSULTORIA I INTERVENCIÓ LIQUID CONTRACTE AIGUAL | L293: 44562 | M293: 2021007905 | R293: B59339622 | T293: NOVA CELONA SL | V293: 13853.77 | W293: 13853.77 | X293: Despesa | Y293: Futurs | Z293: =+V293-W293 -> 0
A294: 2023 | B294: 0 | C294: 16200 | D294: 2210001 | E294: =_xlfn.CONCAT(C294,D294) -> 162002210001 | F294: Subministrament Energia Elèctrica | H294: 2022012749 | I294: AD | K294: 1a PRORR CTE ACM ENERGIA ELÈCTRICA fins30/06/23 | L294: 44741 | R294: A81948077 | T294: ENDESA ENERGIA SAU UNIPER | V294: 1200 | W294: 1200 | X294: Despesa | Y294: Futurs | Z294: =+V294-W294 -> 0
A295: 2023 | B295: 0 | C295: 16200 | D295: 2600001 | E295: =_xlfn.CONCAT(C295,D295) -> 162002600001 | F295: Recollida Selectiva CÀRITAS | H295: 2022018855 | I295: A | K295: CTE SERVEIS RECOLLIDA CARTRÓ I OLI DOMÈSTIC | L295: 44847 | V295: 32962.78 | W295: 32962.78 | X295: Despesa | Y295: Futurs | Z295: =+V295-W295 -> 0
A296: 2023 | B296: 0 | C296: 16300 | D296: 2210301 | E296: =_xlfn.CONCAT(C296,D296) -> 163002210301 | F296: Combustible i carburants | H296: 2022003870 | I296: AD | K296: 2ª PRÒRROGA SUBMINISTRAMENT GASOIL B EXP.2022/1259 | L296: 44834 | R296: A58415779 | T296: SOCIETAT CATALANA DE PETROLIS SA | V296: 3229.17 | W296: 3229.17 | X296: Despesa | Y296: Futurs | Z296: =+V296-W296 -> 0
A297: 2023 | B297: 0 | C297: 16500 | D297: 2210001 | E297: =_xlfn.CONCAT(C297,D297) -> 165002210001 | F297: Energia elèctrica. | H297: 2022012749 | I297: AD | K297: 1a PRORR CTE ACM ENERGIA ELÈCTRICA fins30/06/23 | L297: 44741 | R297: A81948077 | T297: ENDESA ENERGIA SAU UNIPER | V297: 217800 | W297: 217800 | X297: Despesa | Y297: Futurs | Z297: =+V297-W297 -> 0
A298: 2023 | B298: 0 | C298: 16500 | D298: 2220001 | E298: =_xlfn.CONCAT(C298,D298) -> 165002220001 | F298: Serveis de Telecomunicacions | H298: 2022003756 | I298: AD | K298: SERVEI DE TELECOMUNICACIONS MÒBILS_LOT2 | L298: 44659 | R298: A80907397 | T298: VODAFONE ESPAÑA S.A. | V298: 150 | W298: 150 | X298: Despesa | Y298: Futurs | Z298: =+V298-W298 -> 0
A299: 2023 | B299: 0 | C299: 17100 | D299: 2210001 | E299: =_xlfn.CONCAT(C299,D299) -> 171002210001 | F299: Energia elèctrica. | H299: 2022012749 | I299: AD | K299: 1a PRORR CTE ACM ENERGIA ELÈCTRICA fins30/06/23 | L299: 44741 | R299: A81948077 | T299: ENDESA ENERGIA SAU UNIPER | V299: 6000 | W299: 6000 | X299: Despesa | Y299: Futurs | Z299: =+V299-W299 -> 0
A300: 2023 | B300: 0 | C300: 17100 | D300: 2220001 | E300: =_xlfn.CONCAT(C300,D300) -> 171002220001 | F300: Telefonia | H300: 2022003756 | I300: AD | K300: SERVEI DE TELECOMUNICACIONS MÒBILS_LOT2 | L300: 44659 | R300: A80907397 | T300: VODAFONE ESPAÑA S.A. | V300: 400 | W300: 400 | X300: Despesa | Y300: Futurs | Z300: =+V300-W300 -> 0
A301: 2023 | B301: 0 | C301: 17100 | D301: 2220001 | E301: =_xlfn.CONCAT(C301,D301) -> 171002220001 | F301: Telefonia | H301: 2022003755 | I301: AD | K301: SERVEI DE TELECOMUNICACIONS FIXA_LOT1 | L301: 44659 | R301: A82018474 | T301: TELEFONICA DE ESPAÑA SAU | V301: 600 | W301: 600 | X301: Despesa | Y301: Futurs | Z301: =+V301-W301 -> 0
A302: 2023 | B302: 0 | C302: 17100 | D302: 2279900 | E302: =_xlfn.CONCAT(C302,D302) -> 171002279900 | F302: Conveni Fundació Alba | H302: 2020001209 | I302: AD | K302: CONTRACTE DE SERVEIS JARDINERIA PARC DE SANT ELOI | L302: 44562 | R302: G25014077 | T302: ASSOCIACIO ALBA | U302: ASSOCIACIÓ ALBA | V302: 45793.37 | W302: 45793.37 | X302: Despesa | Y302: Futurs | Z302: =+V302-W302 -> 0
A303: 2023 | B303: 0 | C303: 17200 | D303: 4800180 | E303: =_xlfn.CONCAT(C303,D303) -> 172004800180 | F303: Aportació espai Natural dels secans de Belianes - Preixana. Dinamització de l'espai natural | H303: 2021025223 | I303: AD | K303: CONVENI ESPAI NATURAL BELIANES-PREIXANA | L303: 44562 | R303: G25791245 | T303: ASSOCIACIÓ LEADER DE PONENT | V303: 627.74 | W303: 627.74 | X303: Despesa | Y303: Futurs | Z303: =+V303-W303 -> 0
A304: 2023 | B304: 0 | C304: 23100 | D304: 2020001 | E304: =_xlfn.CONCAT(C304,D304) -> 231002020001 | F304: Arrendament Edificis | H304: 2021018128 | I304: D | K304: ARRENDAMENT LOCAL X OFICINA USUARIS ACCIÓ SOCIAL | L304: 44562 | M304: 2021006441 | R304: B25446972 | T304: NOUQUADRANT SLU | V304: 10890 | W304: 10890 | X304: Despesa | Y304: Futurs | Z304: =+V304-W304 -> 0
A305: 2023 | B305: 0 | C305: 23100 | D305: 2060001 | E305: =_xlfn.CONCAT(C305,D305) -> 231002060001 | F305: Arrendament equips informàtic | H305: 2020007037 | I305: AD | K305: ADHESIO ACORD MARC FOTOCOPIADORES - LLOGUER (1/2) | L305: 44562 | R305: U67273987 | T305: GIROCOPI, SL - SISTEMES D'ORGANITZACIÓ, SA UTE | V305: 290.4 | W305: 290.4 | X305: Despesa | Y305: Futurs | Z305: =+V305-W305 -> 0
A306: 2023 | B306: 0 | C306: 23100 | D306: 2200001 | E306: =_xlfn.CONCAT(C306,D306) -> 231002200001 | F306: Material d'oficina | H306: 2022019334 | I306: D | K306: LICITACIÓ MATERIAL OFICINA I PAPER D'IMPRESSIÓ | L306: 44840 | M306: 2022014313 | R306: A79206223 | T306: LYRECO ESPAÑA SA | V306: 94.15 | W306: 94.15 | X306: Despesa | Y306: Futurs | Z306: =+V306-W306 -> 0
A307: 2023 | B307: 0 | C307: 23100 | D307: 2200010 | E307: =_xlfn.CONCAT(C307,D307) -> 231002200010 | F307: Fotocòpies i Impressions | H307: 2020014540 | I307: AD | K307: ADHESIO ACORD MARC FOTOCOPIADORES - COPIES (1/2) | L307: 44562 | R307: U67273987 | T307: GIROCOPI, SL - SISTEMES D'ORGANITZACIÓ, SA UTE | V307: 215.38 | W307: 215.38 | X307: Despesa | Y307: Futurs | Z307: =+V307-W307 -> 0
A308: 2023 | B308: 0 | C308: 23100 | D308: 2210001 | E308: =_xlfn.CONCAT(C308,D308) -> 231002210001 | F308: Energia elèctrica. | H308: 2022012749 | I308: AD | K308: 1a PRORR CTE ACM ENERGIA ELÈCTRICA fins30/06/23 | L308: 44741 | R308: A81948077 | T308: ENDESA ENERGIA SAU UNIPER | V308: 10800 | W308: 10800 | X308: Despesa | Y308: Futurs | Z308: =+V308-W308 -> 0
A309: 2023 | B309: 0 | C309: 23100 | D309: 2210201 | E309: =_xlfn.CONCAT(C309,D309) -> 231002210201 | F309: Gas. | H309: 2022018472 | I309: AD | K309: CTE SUBMINISTRAMENT DE GAS FINS 30/09/23 | L309: 44831 | R309: A81948077 | T309: ENDESA ENERGIA SAU UNIPER | V309: 500 | W309: 500 | X309: Despesa | Y309: Futurs | Z309: =+V309-W309 -> 0
A310: 2023 | B310: 0 | C310: 23100 | D310: 2220001 | E310: =_xlfn.CONCAT(C310,D310) -> 231002220001 | F310: Telefonia | H310: 2022003756 | I310: AD | K310: SERVEI DE TELECOMUNICACIONS MÒBILS_LOT2 | L310: 44659 | R310: A80907397 | T310: VODAFONE ESPAÑA S.A. | V310: 150 | W310: 150 | X310: Despesa | Y310: Futurs | Z310: =+V310-W310 -> 0
A311: 2023 | B311: 0 | C311: 23100 | D311: 2220001 | E311: =_xlfn.CONCAT(C311,D311) -> 231002220001 | F311: Telefonia | H311: 2022003755 | I311: AD | K311: SERVEI DE TELECOMUNICACIONS FIXA_LOT1 | L311: 44659 | R311: A82018474 | T311: TELEFONICA DE ESPAÑA SAU | V311: 600 | W311: 600 | X311: Despesa | Y311: Futurs | Z311: =+V311-W311 -> 0
A312: 2023 | B312: 0 | C312: 23102 | D312: 2269923 | E312: =_xlfn.CONCAT(C312,D312) -> 231022269923 | F312: Projecte Sempre acompanyats | H312: 2022005850 | I312: A | K312: LOT 6_CTE SERVEIS SONORITZACIÓ I IL·LUMINACIÓ | L312: 44824 | V312: 181.5 | W312: 181.5 | X312: Despesa | Y312: Futurs | Z312: =+V312-W312 -> 0
A313: 2023 | B313: 0 | C313: 23103 | D313: 2060001 | E313: =_xlfn.CONCAT(C313,D313) -> 231032060001 | F313: Arrendament equips informàtic | H313: 2020007037 | I313: AD | K313: ADHESIO ACORD MARC FOTOCOPIADORES - LLOGUER (1/2) | L313: 44562 | R313: U67273987 | T313: GIROCOPI, SL - SISTEMES D'ORGANITZACIÓ, SA UTE | V313: 290.4 | W313: 290.4 | X313: Despesa | Y313: Futurs | Z313: =+V313-W313 -> 0
A314: 2023 | B314: 0 | C314: 23103 | D314: 2200001 | E314: =_xlfn.CONCAT(C314,D314) -> 231032200001 | F314: Material d'oficina | H314: 2022019334 | I314: D | K314: LICITACIÓ MATERIAL OFICINA I PAPER D'IMPRESSIÓ | L314: 44840 | M314: 2022014313 | R314: A79206223 | T314: LYRECO ESPAÑA SA | V314: 70.61 | W314: 70.61 | X314: Despesa | Y314: Futurs | Z314: =+V314-W314 -> 0
A315: 2023 | B315: 0 | C315: 23103 | D315: 2200010 | E315: =_xlfn.CONCAT(C315,D315) -> 231032200010 | F315: Fotocòpies i impressions | H315: 2020014540 | I315: AD | K315: ADHESIO ACORD MARC FOTOCOPIADORES - COPIES (1/2) | L315: 44562 | R315: U67273987 | T315: GIROCOPI, SL - SISTEMES D'ORGANITZACIÓ, SA UTE | V315: 1246.3 | W315: 1246.3 | X315: Despesa | Y315: Futurs | Z315: =+V315-W315 -> 0
A316: 2023 | B316: 0 | C316: 23103 | D316: 2210001 | E316: =_xlfn.CONCAT(C316,D316) -> 231032210001 | F316: Energia elèctrica. | H316: 2022012749 | I316: AD | K316: 1a PRORR CTE ACM ENERGIA ELÈCTRICA fins30/06/23 | L316: 44741 | R316: A81948077 | T316: ENDESA ENERGIA SAU UNIPER | V316: 900 | W316: 900 | X316: Despesa | Y316: Futurs | Z316: =+V316-W316 -> 0
A317: 2023 | B317: 0 | C317: 23103 | D317: 2210201 | E317: =_xlfn.CONCAT(C317,D317) -> 231032210201 | F317: Subministrament Gas | H317: 2022018472 | I317: AD | K317: CTE SUBMINISTRAMENT DE GAS FINS 30/09/23 | L317: 44831 | R317: A81948077 | T317: ENDESA ENERGIA SAU UNIPER | V317: 2700 | W317: 2700 | X317: Despesa | Y317: Futurs | Z317: =+V317-W317 -> 0
A318: 2023 | B318: 0 | C318: 23103 | D318: 2220001 | E318: =_xlfn.CONCAT(C318,D318) -> 231032220001 | F318: Telefonia | H318: 2022003756 | I318: AD | K318: SERVEI DE TELECOMUNICACIONS MÒBILS_LOT2 | L318: 44659 | R318: A80907397 | T318: VODAFONE ESPAÑA S.A. | V318: 300 | W318: 300 | X318: Despesa | Y318: Futurs | Z318: =+V318-W318 -> 0
A319: 2023 | B319: 0 | C319: 23103 | D319: 2220001 | E319: =_xlfn.CONCAT(C319,D319) -> 231032220001 | F319: Telefonia | H319: 2022003755 | I319: AD | K319: SERVEI DE TELECOMUNICACIONS FIXA_LOT1 | L319: 44659 | R319: A82018474 | T319: TELEFONICA DE ESPAÑA SAU | V319: 700 | W319: 700 | X319: Despesa | Y319: Futurs | Z319: =+V319-W319 -> 0
A320: 2023 | B320: 0 | C320: 23104 | D320: 2200001 | E320: =_xlfn.CONCAT(C320,D320) -> 231042200001 | F320: Material d'oficina | H320: 2022019334 | I320: D | K320: LICITACIÓ MATERIAL OFICINA I PAPER D'IMPRESSIÓ | L320: 44840 | M320: 2022014313 | R320: A79206223 | T320: LYRECO ESPAÑA SA | V320: 35.3 | W320: 35.3 | X320: Despesa | Y320: Futurs | Z320: =+V320-W320 -> 0
A321: 2023 | B321: 0 | C321: 23104 | D321: 2210001 | E321: =_xlfn.CONCAT(C321,D321) -> 231042210001 | F321: Energia elèctrica. | H321: 2022012749 | I321: AD | K321: 1a PRORR CTE ACM ENERGIA ELÈCTRICA fins30/06/23 | L321: 44741 | R321: A81948077 | T321: ENDESA ENERGIA SAU UNIPER | V321: 2100 | W321: 2100 | X321: Despesa | Y321: Futurs | Z321: =+V321-W321 -> 0
A322: 2023 | B322: 0 | C322: 23104 | D322: 2220001 | E322: =_xlfn.CONCAT(C322,D322) -> 231042220001 | F322: Telefonia | H322: 2022003755 | I322: AD | K322: SERVEI DE TELECOMUNICACIONS FIXA_LOT1 | L322: 44659 | R322: A82018474 | T322: TELEFONICA DE ESPAÑA SAU | V322: 500 | W322: 500 | X322: Despesa | Y322: Futurs | Z322: =+V322-W322 -> 0
A323: 2023 | B323: 0 | C323: 23104 | D323: 2279900 | E323: =_xlfn.CONCAT(C323,D323) -> 231042279900 | F323: Gestió del magatzem d’aliments solidari | H323: 2022018876 | I323: AD | K323: CTE SERVEIS GESTIÓ MAGATZEM ALIMENTS SOLIDARIS | L323: 44834 | R323: B25704636 | T323: CARTAES TARREGA EMPRESA D | V323: 36874.44 | W323: 36874.44 | X323: Despesa | Y323: Futurs | Z323: =+V323-W323 -> 0
A324: 2023 | B324: 0 | C324: 23104 | D324: 4800183 | E324: =_xlfn.CONCAT(C324,D324) -> 231044800183 | F324: Aportació a Banc d'aliments de Lleida | H324: 2021024852 | I324: AD | K324: APORTACIÓ CONVENI BANC D'ALIMENTS | L324: 44562 | R324: G25615477 | T324: FUNDACIÓ BANCS DELS ALIMENTS DE LES COMARQUES DE LLEIDA | V324: 500 | W324: 500 | X324: Despesa | Y324: Futurs | Z324: =+V324-W324 -> 0
A325: 2023 | B325: 0 | C325: 23106 | D325: 2210001 | E325: =_xlfn.CONCAT(C325,D325) -> 231062210001 | F325: Energia elèctrica. | H325: 2022012749 | I325: AD | K325: 1a PRORR CTE ACM ENERGIA ELÈCTRICA fins30/06/23 | L325: 44741 | R325: A81948077 | T325: ENDESA ENERGIA SAU UNIPER | V325: 180 | W325: 180 | X325: Despesa | Y325: Futurs | Z325: =+V325-W325 -> 0
A326: 2023 | B326: 0 | C326: 23108 | D326: 2210001 | E326: =_xlfn.CONCAT(C326,D326) -> 231082210001 | F326: Energia elèctrica. | H326: 2022012749 | I326: AD | K326: 1a PRORR CTE ACM ENERGIA ELÈCTRICA fins30/06/23 | L326: 44741 | R326: A81948077 | T326: ENDESA ENERGIA SAU UNIPER | V326: 225 | W326: 225 | X326: Despesa | Y326: Futurs | Z326: =+V326-W326 -> 0
A327: 2023 | B327: 0 | C327: 24100 | D327: 2020001 | E327: =_xlfn.CONCAT(C327,D327) -> 241002020001 | F327: Arrendament Edificis | H327: 2020009761 | I327: AD | K327: CONTRACTE ARRENDAMENT LOCAL CENTRE FORM. LA SOLANA | L327: 44562 | R327: R2500013D | T327: FUNDACIO RESIDENCIA GENT GRAN SANT ANTONI DE TARREGA | V327: 5061.67 | W327: 5061.67 | X327: Despesa | Y327: Futurs | Z327: =+V327-W327 -> 0
A328: 2023 | B328: 0 | C328: 24100 | D328: 2060001 | E328: =_xlfn.CONCAT(C328,D328) -> 241002060001 | F328: Arrendament equips informàtic | H328: 2020007037 | I328: AD | K328: ADHESIO ACORD MARC FOTOCOPIADORES - LLOGUER (1/2) | L328: 44562 | R328: U67273987 | T328: GIROCOPI, SL - SISTEMES D'ORGANITZACIÓ, SA UTE | V328: 363 | W328: 363 | X328: Despesa | Y328: Futurs | Z328: =+V328-W328 -> 0
A329: 2023 | B329: 0 | C329: 24100 | D329: 2200001 | E329: =_xlfn.CONCAT(C329,D329) -> 241002200001 | F329: Material d'oficina | H329: 2022019334 | I329: D | K329: LICITACIÓ MATERIAL OFICINA I PAPER D'IMPRESSIÓ | L329: 44840 | M329: 2022014313 | R329: A79206223 | T329: LYRECO ESPAÑA SA | V329: 188.29 | W329: 188.29 | X329: Despesa | Y329: Futurs | Z329: =+V329-W329 -> 0
A330: 2023 | B330: 0 | C330: 24100 | D330: 2200010 | E330: =_xlfn.CONCAT(C330,D330) -> 241002200010 | F330: Fotocòpies i impressions | H330: 2020014540 | I330: AD | K330: ADHESIO ACORD MARC FOTOCOPIADORES - COPIES (1/2) | L330: 44562 | R330: U67273987 | T330: GIROCOPI, SL - SISTEMES D'ORGANITZACIÓ, SA UTE | V330: 2700 | W330: 2700 | X330: Despesa | Y330: Futurs | Z330: =+V330-W330 -> 0
A331: 2023 | B331: 0 | C331: 24100 | D331: 2210001 | E331: =_xlfn.CONCAT(C331,D331) -> 241002210001 | F331: Energia elèctrica. | H331: 2022012749 | I331: AD | K331: 1a PRORR CTE ACM ENERGIA ELÈCTRICA fins30/06/23 | L331: 44741 | R331: A81948077 | T331: ENDESA ENERGIA SAU UNIPER | V331: 2400 | W331: 2400 | X331: Despesa | Y331: Futurs | Z331: =+V331-W331 -> 0
A332: 2023 | B332: 0 | C332: 24100 | D332: 2220001 | E332: =_xlfn.CONCAT(C332,D332) -> 241002220001 | F332: Telefonia | H332: 2022003756 | I332: AD | K332: SERVEI DE TELECOMUNICACIONS MÒBILS_LOT2 | L332: 44659 | R332: A80907397 | T332: VODAFONE ESPAÑA S.A. | V332: 750 | W332: 750 | X332: Despesa | Y332: Futurs | Z332: =+V332-W332 -> 0
A333: 2023 | B333: 0 | C333: 24100 | D333: 2220001 | E333: =_xlfn.CONCAT(C333,D333) -> 241002220001 | F333: Telefonia | H333: 2022003755 | I333: AD | K333: SERVEI DE TELECOMUNICACIONS FIXA_LOT1 | L333: 44659 | R333: A82018474 | T333: TELEFONICA DE ESPAÑA SAU | V333: 1000 | W333: 1000 | X333: Despesa | Y333: Futurs | Z333: =+V333-W333 -> 0
A334: 2023 | B334: 0 | C334: 24100 | D334: 2279926 | E334: =_xlfn.CONCAT(C334,D334) -> 241002279926 | F334: Manteniment programari informàtic Solana | H334: 2020011798 | I334: AD | K334: MANTENIMENT DEL PROGRAMA DE GESTIO DEL CENTRE SPIN | L334: 44562 | R334: B61865697 | T334: SPIN VILANOVA S.L. | V334: 532.4 | W334: 532.4 | X334: Despesa | Y334: Futurs | Z334: =+V334-W334 -> 0
A335: 2023 | B335: 0 | C335: 24104 | D335: 2220001 | E335: =_xlfn.CONCAT(C335,D335) -> 241042220001 | F335: Telefonia | H335: 2022003755 | I335: AD | K335: SERVEI DE TELECOMUNICACIONS FIXA_LOT1 | L335: 44659 | R335: A82018474 | T335: TELEFONICA DE ESPAÑA SAU | V335: 500 | W335: 500 | X335: Despesa | Y335: Futurs | Z335: =+V335-W335 -> 0
A336: 2023 | B336: 0 | C336: 24130 | D336: 2200001 | E336: =_xlfn.CONCAT(C336,D336) -> 241302200001 | F336: Material oficina | H336: 2022019334 | I336: D | K336: LICITACIÓ MATERIAL OFICINA I PAPER D'IMPRESSIÓ | L336: 44840 | M336: 2022014313 | R336: A79206223 | T336: LYRECO ESPAÑA SA | V336: 70.61 | W336: 70.61 | X336: Despesa | Y336: Futurs | Z336: =+V336-W336 -> 0
A337: 2023 | B337: 0 | C337: 24132 | D337: 2200001 | E337: =_xlfn.CONCAT(C337,D337) -> 241322200001 | F337: Material oficina | H337: 2022019334 | I337: D | K337: LICITACIÓ MATERIAL OFICINA I PAPER D'IMPRESSIÓ | L337: 44840 | M337: 2022014313 | R337: A79206223 | T337: LYRECO ESPAÑA SA | V337: 941.45 | W337: 941.45 | X337: Despesa | Y337: Futurs | Z337: =+V337-W337 -> 0
A338: 2023 | B338: 0 | C338: 31100 | D338: 2220001 | E338: =_xlfn.CONCAT(C338,D338) -> 311002220001 | F338: Telefonia | H338: 2022003756 | I338: AD | K338: SERVEI DE TELECOMUNICACIONS MÒBILS_LOT2 | L338: 44659 | R338: A80907397 | T338: VODAFONE ESPAÑA S.A. | V338: 50 | W338: 50 | X338: Despesa | Y338: Futurs | Z338: =+V338-W338 -> 0
A339: 2023 | B339: 0 | C339: 31100 | D339: 2269914 | E339: =_xlfn.CONCAT(C339,D339) -> 311002269914 | F339: Activitats Hàbits Saludables | H339: 2022005850 | I339: A | K339: LOT 6_CTE SERVEIS SONORITZACIÓ I IL·LUMINACIÓ | L339: 44824 | V339: 242 | W339: 242 | X339: Despesa | Y339: Futurs | Z339: =+V339-W339 -> 0
A340: 2023 | B340: 0 | C340: 31100 | D340: 2269914 | E340: =_xlfn.CONCAT(C340,D340) -> 311002269914 | F340: Activitats Hàbits Saludables | G340: 19129 | H340: 2022015740 | I340: AD | K340: Suport Hàbits saludables curs 2022-2023 | L340: 44811 | R340: B62538228 | T340: LLOP GESTIÓ ESPORTIVA SL | V340: 2642.64 | W340: 2642.64 | X340: Despesa | Y340: Futurs | Z340: =+V340-W340 -> 0
A341: 2023 | B341: 0 | C341: 31100 | D341: 2279960 | E341: =_xlfn.CONCAT(C341,D341) -> 311002279960 | F341: Manteniment desfibril·ladors | G341: 24074 | H341: 2022019357 | I341: AD | K341: Manteniment i connectivitat desfibril·ladors | L341: 44847 | R341: B25733007 | T341: NEOSALUS SOLUTIONS SL | V341: 2250.6 | W341: 2250.6 | X341: Despesa | Y341: Futurs | Z341: =+V341-W341 -> 0
A342: 2023 | B342: 0 | C342: 32000 | D342: 2060001 | E342: =_xlfn.CONCAT(C342,D342) -> 320002060001 | F342: Arrendament equips informàtic | H342: 2020007037 | I342: AD | K342: ADHESIO ACORD MARC FOTOCOPIADORES - LLOGUER (1/2) | L342: 44562 | R342: U67273987 | T342: GIROCOPI, SL - SISTEMES D'ORGANITZACIÓ, SA UTE | V342: 290.4 | W342: 290.4 | X342: Despesa | Y342: Futurs | Z342: =+V342-W342 -> 0
A343: 2023 | B343: 0 | C343: 32000 | D343: 2200010 | E343: =_xlfn.CONCAT(C343,D343) -> 320002200010 | F343: Fotocòpies i Impressions | H343: 2020014540 | I343: AD | K343: ADHESIO ACORD MARC FOTOCOPIADORES - COPIES (1/2) | L343: 44562 | R343: U67273987 | T343: GIROCOPI, SL - SISTEMES D'ORGANITZACIÓ, SA UTE | V343: 520.3 | W343: 520.3 | X343: Despesa | Y343: Futurs | Z343: =+V343-W343 -> 0
A344: 2023 | B344: 0 | C344: 32000 | D344: 2220001 | E344: =_xlfn.CONCAT(C344,D344) -> 320002220001 | F344: Serveis de Telecomunicacions | H344: 2022003755 | I344: AD | K344: SERVEI DE TELECOMUNICACIONS FIXA_LOT1 | L344: 44659 | R344: A82018474 | T344: TELEFONICA DE ESPAÑA SAU | V344: 1300 | W344: 1300 | X344: Despesa | Y344: Futurs | Z344: =+V344-W344 -> 0
A345: 2023 | B345: 0 | C345: 32000 | D345: 2220001 | E345: =_xlfn.CONCAT(C345,D345) -> 320002220001 | F345: Serveis de Telecomunicacions | H345: 2022003756 | I345: AD | K345: SERVEI DE TELECOMUNICACIONS MÒBILS_LOT2 | L345: 44659 | R345: A80907397 | T345: VODAFONE ESPAÑA S.A. | V345: 500 | W345: 500 | X345: Despesa | Y345: Futurs | Z345: =+V345-W345 -> 0
A346: 2023 | B346: 0 | C346: 32301 | D346: 2210001 | E346: =_xlfn.CONCAT(C346,D346) -> 323012210001 | F346: Energia elèctrica. | H346: 2022012749 | I346: AD | K346: 1a PRORR CTE ACM ENERGIA ELÈCTRICA fins30/06/23 | L346: 44741 | R346: A81948077 | T346: ENDESA ENERGIA SAU UNIPER | V346: 6000 | W346: 6000 | X346: Despesa | Y346: Futurs | Z346: =+V346-W346 -> 0
A347: 2023 | B347: 0 | C347: 32301 | D347: 2210201 | E347: =_xlfn.CONCAT(C347,D347) -> 323012210201 | F347: Gas. | H347: 2022018472 | I347: AD | K347: CTE SUBMINISTRAMENT DE GAS FINS 30/09/23 | L347: 44831 | R347: A81948077 | T347: ENDESA ENERGIA SAU UNIPER | V347: 35000 | W347: 35000 | X347: Despesa | Y347: Futurs | Z347: =+V347-W347 -> 0
A348: 2023 | B348: 0 | C348: 32301 | D348: 2220001 | E348: =_xlfn.CONCAT(C348,D348) -> 323012220001 | F348: Telefonia | H348: 2022003755 | I348: AD | K348: SERVEI DE TELECOMUNICACIONS FIXA_LOT1 | L348: 44659 | R348: A82018474 | T348: TELEFONICA DE ESPAÑA SAU | V348: 2500 | W348: 2500 | X348: Despesa | Y348: Futurs | Z348: =+V348-W348 -> 0
A349: 2023 | B349: 0 | C349: 32301 | D349: 2600002 | E349: =_xlfn.CONCAT(C349,D349) -> 323012600002 | F349: Fundació Alba Neteja | H349: 2021003416 | I349: D | K349: CONT.SERVEIS NETEJA ESCOLES I LLARS D'INFANTS_2023 | L349: 44562 | M349: 2020023194 | R349: G25014077 | T349: ASSOCIACIO ALBA | U349: ASSOCIACIÓ ALBA | V349: 61502.96 | W349: 61502.96 | X349: Despesa | Y349: Futurs | Z349: =+V349-W349 -> 0
A350: 2023 | B350: 0 | C350: 32302 | D350: 2210001 | E350: =_xlfn.CONCAT(C350,D350) -> 323022210001 | F350: Energia elèctrica. | H350: 2022012749 | I350: AD | K350: 1a PRORR CTE ACM ENERGIA ELÈCTRICA fins30/06/23 | L350: 44741 | R350: A81948077 | T350: ENDESA ENERGIA SAU UNIPER | V350: 6000 | W350: 6000 | X350: Despesa | Y350: Futurs | Z350: =+V350-W350 -> 0
A351: 2023 | B351: 0 | C351: 32302 | D351: 2210201 | E351: =_xlfn.CONCAT(C351,D351) -> 323022210201 | F351: Subministrament Gas | H351: 2022018472 | I351: AD | K351: CTE SUBMINISTRAMENT DE GAS FINS 30/09/23 | L351: 44831 | R351: A81948077 | T351: ENDESA ENERGIA SAU UNIPER | V351: 18000 | W351: 18000 | X351: Despesa | Y351: Futurs | Z351: =+V351-W351 -> 0
A352: 2023 | B352: 0 | C352: 32302 | D352: 2220001 | E352: =_xlfn.CONCAT(C352,D352) -> 323022220001 | F352: Telefonia | H352: 2022003755 | I352: AD | K352: SERVEI DE TELECOMUNICACIONS FIXA_LOT1 | L352: 44659 | R352: A82018474 | T352: TELEFONICA DE ESPAÑA SAU | V352: 3000 | W352: 3000 | X352: Despesa | Y352: Futurs | Z352: =+V352-W352 -> 0
...
